Workbook
Name Anteil_fossil_erzeugt: E1_Projektdaten!$D$32
Name Anteil_Invest_E1: E1_Projektdaten!$F$83
Name Anteil_InvestTotal_E1: E1_Projektdaten!$I$83
Name Anteil_InvestTotal_E2: E1_Projektdaten!$I$84
Name Anteil_InvestTotal_E3: E1_Projektdaten!$I$85
Name Anteil_InvestTotal_E4: E1_Projektdaten!$I$86
Name Anteil_InvestTotal_E5: E1_Projektdaten!$I$87
Name BetriebskostenTotal: B1_Berechnungen!$F$15
Name BrennstoffkostenBiomasse: B1_Berechnungen!$F$16
Name Eigenverbrauch_HE: E1_Projektdaten!$D$133
Name Eigenverbrauch_WP: E1_Projektdaten!$D$132
Name Eing_Abnehmerart1: E2_Wärmepreis!$D$14
Name Eing_Abnehmerart2: E2_Wärmepreis!$D$20
Name Eing_Abnehmerart3: E2_Wärmepreis!$D$26
Name Eing_Abnehmerart4: E2_Wärmepreis!$D$32
Name Eing_Abnehmerart5: E2_Wärmepreis!$D$38
Name Eing_Abnehmerart6: E2_Wärmepreis!$D$44
Name Eing_AbnW: E1_Projektdaten!$D$20
Name Eing_Administration: E1_Projektdaten!$D$55
Name Eing_allg_Teuerung: E1_Projektdaten!$D$61
Name Eing_Anteil_AWN: E1_Projektdaten!$D$31
Name Eing_Anteil_Biomasse: E1_Projektdaten!$D$26
Name Eing_Anteil_Invest_E2: E1_Projektdaten!$F$84
Name Eing_Anteil_Invest_E3: E1_Projektdaten!$F$85
Name Eing_Anteil_Invest_E4: E1_Projektdaten!$F$86
Name Eing_Anteil_Invest_E5: E1_Projektdaten!$F$87
Name Eing_Anteil_Kondensation: E1_Projektdaten!$D$27
Name Eing_Anteil_WKK: E1_Projektdaten!$D$28
Name Eing_Anteil_WP: E1_Projektdaten!$D$29
Name Eing_Anteil_Zusatz: E1_Projektdaten!$D$30
Name Eing_AnteilEigen_Hilfsenergie: E1_Projektdaten!$D$40
Name Eing_AnteilEigen_WP: E1_Projektdaten!$D$38
Name Eing_Arbeitspreis1: E2_Wärmepreis!$G$16
Name Eing_Arbeitspreis2: E2_Wärmepreis!$G$22
Name Eing_Arbeitspreis3: E2_Wärmepreis!$G$28
Name Eing_Arbeitspreis4: E2_Wärmepreis!$G$34
Name Eing_Arbeitspreis5: E2_Wärmepreis!$G$40
Name Eing_Arbeitspreis6: E2_Wärmepreis!$G$46
Name Eing_Beginnjahr: E1_Projektdaten!$D$22
Name Eing_Betriebskosten: E1_Projektdaten!$D$56
Name Eing_Brennstoffpreis_WKK: E1_Projektdaten!$D$45
Name Eing_Eigenkapital: E1_Projektdaten!$D$89
Name Eing_Erstauszahlung_jährlFörderung_1: E1_Projektdaten!$D$117
Name Eing_Erstauszahlung_jährlFörderung_2: E1_Projektdaten!$D$120
Name Eing_Förderung_wiederholend_Laufzeit_1: E1_Projektdaten!$D$116
Name Eing_Förderung_wiederholend_Laufzeit_2: E1_Projektdaten!$D$119
Name Eing_Invest_AWN: E1_Projektdaten!$D$74
Name Eing_Invest_Grundstück: [1]E1_Projektdaten!$D$55
Name Eing_Invest_Hausstationen: E1_Projektdaten!$D$79
Name Eing_Invest_HolzAnlage: E1_Projektdaten!$D$69
Name Eing_Invest_Installationen: E1_Projektdaten!$D$76
Name Eing_Invest_Messung: E1_Projektdaten!$D$78
Name Eing_Invest_SondenGrundwasser: E1_Projektdaten!$D$72
Name Eing_Invest_Spitzenlast: E1_Projektdaten!$D$75
Name Eing_Invest_Wärmenetz: E1_Projektdaten!$D$77
Name Eing_Invest_WKKAnlage: E1_Projektdaten!$D$70
Name Eing_Invest_WPAnlage: E1_Projektdaten!$D$71
Name Eing_Invest_Zusatz: E1_Projektdaten!$D$73
Name Eing_JahrBegWLief: E1_Projektdaten!$D$23
Name Eing_Jahresnutzungsgrad_Kessel: E1_Projektdaten!$D$37

Sheet I1_Erläuterung
B1: Erläuterungen zum QM Holzheizwerke Wirtschaftlichkeitstool
B2: Version: 6.1 (Dezember 2025)
B3: Erläuterung
B4: Prinzipielles zu diesem Werkzeug: Haftungsausschluss Das Excel-Werkzeug wurde sehr sorgfältig erstellt, trotzdem können die Hersteller keinerlei Garantie oder Gewährleistung für die ermittelten Ergebnisse und daraus abgeleitete Schlüsse übernehmen. Durch die getroffenen Vereinfachungen ergeben sich aufgrund der Art der Berechnung bestimmte "Fehler", z.B. wird nicht berücksichtigt, ob eine Zahlung zu Jahresbeginn oder Jahresende erfolgt, da ein Jahr als eine Periode angesehen wird. Achtung: Auch wenn Warnungs-Rückmeldungen bezüglich diverser Eingabegrenzen durch das Werkzeug erfolgen, ist nicht auszuschliessen, dass durch falsche Eingabewerte eine falsche Darstellung des Endergebnisses erfolgt. Die richtige Abschätzung der Folgen bestimmter Annahmen obliegt dem Benutzer des Werkzeugs. Formeln: Die Arbeitsblätter dieser Arbeitsmappe sind mit einem Schreibschutz gesichert, alle Formeln und Berechnungen sind jedoch ersichtlich. Bitte beachten Sie, dass Änderungen daran zu Fehlern an anderen Stellen und damit zu falschen Aussagen des Werkzeugs führen können. Sensitivitätsanalyse / Was-Wäre-Wenn Rechnung: Durch Variation der Eingabeparameter und Speicherung der einzelnen Ergebnisse der Wirtschaftlichkeitsberechnung ist es möglich, Aussagen bezüglich des Einflusses einzelner Parameter auf die wirtschaftliche Entwicklung des Projekts zu erhalten. Feedback: Das Team von QM Holzheizwerke freut sich über Verbesserungsvorschläge und Anregungen zu diesem Werkzeug, bitte übermitteln Sie diese an info@qmholzheizwerke.ch
B5: Dank Die Erstellung des vorliegenden Werkzeuges erfolgte im Auftrag von Energieschweiz. Die Weiterentwicklung ermöglichte Holzenergie Schweiz und die Arbeitsgemeinschaft QM Holzheizwerke.
B6: Registerblätter: Die Datei ist aufgeteilt auf verschiedene Registerblätter Benennung: Die Benennung der Registerblätter unterscheidet auch die hauptsächliche Funktion des Arbeitsblattes: I = Information (Arbeitsblatt enthält Infos und Erläuterungen zur Anwendung der Datei) E = Eingabeblatt (Eingabe von Daten, die für die Berechnung notwendig sind) B = Berechnung A = Ausgabeblatt (Darstellung von ausgewählten Ergebnissen zum Drucken oder für den Datenexport)
A7: 100 | B7: Registerblatt "E1_Projektdaten" Eingabe von Projektdaten, Termine, Investitionskosten, Förderung, Darlehen, Betriebskosten etc.
A8: 101 | B8: allgemeine Informationen
A9: 101a | B9: Eingabefelder sind hellgelb unterlegt
A10: 101b | B10: Eingabefelder mit Standardwerten und/oder Berechnungen sind hellblau unterlegt Bitte beachten Sie, dass das Überschreiben dieser Felder zu Fehlern an anderen Stellen und damit zu falschen Aussagen des Werkzeuges führen können.
A11: 101c | B11: Eingabefelder in welche Daten aus der QMH Excel-Datei Situationserfassung übernommen werden können Hinweis: Damit keine Formeln kopiert werden, ist die Funktion "Einfügen - Werte" zu wählen.
A12: 101d | B12: Ausgabefelder, deren Inhalt kopiert werden und in einer externen Datei eingefügt werden können Die Felder sind überschreibbar. Bitte beachten Sie, dass das Überschreiben dieser Felder zu Fehlern an anderen Stellen und damit zu Fehlern führen können.
A13: 101e | B13: Vorgabewert von blauen Eingabefeldern Wert oder Formel kann bei Bedarf zur Wiederherstellung des Ausgangswertes in die zugehörige blaue Zelle übertragen können.
A14: 101k | B14: Alle CHF - Beträge müssen ohne Mehrwertsteuer angegeben werden.
A15: 105 | B15: Vorgabewerte oder -Formeln aus blauen Feldern Abweichungen werden in den blauen feldern gekennzeichnet.
A16: 106 | B16: Eingabefeld für Name und Bezeichnung von Projekt und/oder Variante
A17: 107 | B17: Bearbeitende Person des Wirtschaftlichkeitsmodelles
A18: 108 | B18: Warnungen: Im Feld Warnungen erscheint ein kurzer Erläuterungstext, wenn bei der Eingabe unplausible Angaben gemacht werden (z.B. Netzverluste = 80% oder ähnlich)
A19: 110 | B19: Wärmemengen, Netzverluste und allgemeine Angaben zum Projekt
A20: 110a | B20: Maximal verkaufte Wärmemenge in MWh/a. Summe des Wärmeverbrauches (Pkt. 320) aller Verbraucher in Register "E3_Verbraucher"
A21: 110b | B21: Netzverluste des Fernwärmenetzes bezogen auf die dem Netz zugeführte Wärmemenge (Q-Forderung QMH ≤10%). Bei Netzen im Wachstum ist allenfalls ein mittlerer Verlust anzugeben.
A22: 110c | B22: Jährliche Abnahme des Wärmebedarfes. Durchschnittliche jährliche Abnahme des Wärmebedarfes durch Effizienzmassnahmen (z.B. verbesserte Gebäudehüllen) der Wärmebezüger ab der Inbetriebnahme. Dieser Wert wird im Gesamtwärmebedarf (Pkt. 532 im Register "B1_Berechnungen") berücksichtigt.
A23: 110g | B23: Basisjahr für Investitionen - wird als Jahr 0 für die Wirtschaftlichkeitsrechnung herangezogen
A24: 110h | B24: Jahr der ersten Wärmelieferung - ab diesem Jahr werden Einnahmen generiert. (Übernahme des ersten Jahres mit Wärmelieferung aus dem Register "Verbraucher"
A25: 115 | B25: Erfassung der Energiemengen und der Nutzungsgrade
B26: #VALUE!
A27: 115a | B27: Anteil der erzeugten Nutzwärme (Pkt. 170 a), die mit Holzschnitzeln erzeugt wird in Prozent. 100% steht für eine monovalente Anlage. Der Anteil der Abgaskondensation wird separat erfasst.
A28: 115b | B28: Anteil der erzeugten Nutzwärme (Pkt. 170 a), die aus der direkten Abgaskondensation erzeugt wird in Prozent.
A29: 115c | B29: Anteil der erzeugten Nutzwärme (Pkt. 170 a), die mit einer WKK-Anlage erzeugt wird in Prozent.
A30: 115d | B30: Anteil der erzeugten Nutzwärme (Pkt. 170 a), die mit einer Wärmepumpe erzeugt wird in Prozent.
A31: 115e | B31: Anteil der erzeugten Nutzwärme (Pkt. 170 a), die mit einem Zusatzwärmeerzeuger erzeugt wird in Prozent. Der Zusatzwärmeerzeuger ist technologieoffen
A32: 115f | B32: Anteil der erzeugten Nutzwärme (Pkt. 170 a), die mit Abwärme erzeugt wird in Prozent.
A33: 115g | B33: Anteil der erzeugten Nutzwärme (Pkt. 170 a), die fossil erzeugt wird in Prozent. Wird aus den Anteilen 115a - 115f berechnet
A34: 115l | B34: thermischer Jahresnutzungsgrad der WKK-Anlage Der Gesamtnutzungsgrad der WKK-Anlage berechnet sich aus der Summe des thermischen und des elektrischen Nutzungsgrades (siehe Abbildung)
A35: 115m | B35: elektrischer Jahresnutzungsgrad der WKK-Anlage Der Gesamtnutzungsgrad der WKK-Anlage berechnet sich aus der Summe des thermischen und des elektrischen Nutzungsgrades (siehe Abbildung)
A36: 115n | B36: Jahresnutzungsgrad des Zusatzwärmeerzeugers
A37: 115o | B37: Jahresarbeitszahl (JAZ) der Wärmepumpe
A38: 115q | B38: Jahresnutzungsgrad des fossilen Spitzenlastkessels. Wird zur Spitzenlastdeckung ein Erdgaskessel eingebaut und unter Punkt 120e der Preis in MWho eingegeben, ist zusätzlich die Umrechnung von Ho zu Hu (0.9) zu berücksichtigen.
... A42: 115x | B42: Mit der WKK produzierte Pflanzenkohle in m³/a. Es ist nur die vermarktbare Pflanzenkohle und keine Asche einzutragen.
A43: 120 | B43: Erfassung der Energiepreise
A44: 120a | B44: Einkaufspreis für den Brennstoff Biomasse (Holzlschnitzel) in CHF/MWh Nutzenergie (gemessen am Wärmezähler des Holzkessels)
A45: 120c | B45: Preis des eingesetzten Brennstoffs für die WKK-Anlage in CHF/MWh (Endenergie)
A46: 120d | B46: Preis des eingesetzten Brennstoffs für den Zusatzwärmeerzeuger in CHF/MWh (Endenergie)
A47: 120e | B47: Preis des eingesetzten fossilen Brennstoffs (Heizöl oder Erdgas) in CHF/MWh (Endenergie). Sollte ein nicht-fossiler Brennstoff zur Spitzenlastabdeckung eingesetzt werden, muss dieser auch hier eingesetzt werden.
A48: 120f | B48: Strompreis in CHF/kWh (inkl. Anteil Anschlusskosten etc.) (Empfehlung wenn nicht bekannt: 30 Rp/kWhel)
A49: 120g | B49: Strompreis der Wärmepumpe in CHF/kWh (inkl. Anteil Anschlusskosten etc.) Der Vorgabewert entspricht dem allgemeinen Strompreis Pkt. 120f
A50: 120j | B50: Preis der Abwärmenutzung in CHF/MWh
A51: 120m | B51: mittlerer Einspeisetarif in CHF/kWh für die ins Netz eingespeiste Energie inkl. Herkunftsnachweis (HKN)
A52: 120n | B52: mittlerer Verkaufspreis der Pflanzenkohle in CHF/m³
A53: 125 | B53: Erfassung der Betriebskosten und sonstigen Aufwendungen (wesentliche Aufwendungen für das Projekt)
A54: 125a | B54: Betriebskosten: Personalkosten für Bedienung, Reinigung, Wartung ohne Verwaltungsaufwand Vorgabewert = Richtwert QMH PHB: 1.5% der Investitionskosten Wärmeerzeugung (Pkt. 145b–145h)
A55: 125b | B55: externe Betriebskosten für Kaminfeger, Abgasmessung, Service-Verträge etc. (Ascheentsorgung, sofern nicht im Brennstoffpreis enthalten)
A56: 125c | B56: Unterhaltskosten: Ersatzteile, Reparaturen (prozentualer Anteil der Investition gem. QMH, siehe Punkt 142)
A57: 125g | B57: Jährliche Kosten für Miete, Pacht oder Liegenschaft (effektive Kosten eintragen)
A58: 125h | B58: Sonstige jährliche Kosten (Verwaltung, Versicherung, Steuern, Homepage, Telefonie, öffentliche Gebühren, ...... etc.) Vorgabewert: 1% der Gesamtinvestition Pkt. 145 (Richtwert QMH PHB :0.5–1.5%)
A59: 125m | B59: allgemeine jährliche Teuerung in %: Es kann ein Globalwert eingegeben werden, der als Vorgabe in die individuellen Teuerungen im Register B1_Berechnungen (Pkt. 511) übernommen wird.
A60: 125n | B60: Nominalzins: aktueller Nominalzinssatz
A61: 125o | B61: Realzins: berechnet aus Nominalzinssatz (125n) und mittlerer Teuerung (125m)
A62: 140 | B62: Kostenstruktur
A63: 141 | B63: Eingabespalte der Investitionskosten
A64: 142 | B64: spez. Unterhaltskosten: Prozentualer Anteil der Investitionskosten (siehe auch QMH Planungshandbuch) Hinweis: Die Werte können zum Ausgleich ausseroerdentlcher Preisschwankungen manuell angepasst werden.
A65: 143 | B65: Abschreibedauer der Anlagenteile (siehe auch QMH Planungshandbuch)
A66: 145 | B66: Investitionskosten
A67: 145a | B67: Baukosten für die Heizzentrale und das Brennstofflager
A68: 145b | B68: Kosten für die holzspezifischen Anlagenteile (Kesselanlage komplett)
A69: 145c | B69: Kosten für die WKK-Anlage
A70: 145d | B70: Kosten für die Wärmepumpenanlage
A71: 145e | B71: Kosten für den Bau von Erdsonden oder eine Grundwassernutzung (auch für die Nutzung von Oberflächengewässern oder Geothermie)
A72: 145f | B72: Kosten für den Zusatzwärmeerzeuger (nicht fossil)
A73: 145g | B73: Kosten für die Abwärmenutzung
A74: 145h | B74: Kosten für die spitzenlastspezifischen Anlagenteile (fossile Kesselanlage)
A75: 145i | B75: Installationskosten für Heizung, Lüftung, Klima, Sanitär und Elektro (HLKSE)
A76: 145j | B76: Kosten für Wärmenetz inkl. Tiefbaukosten
B77: #VALUE!
A78: 145k | B78: Kosten für die Übergabestation (Wärmezähler und die Regelung) bei den Verbrauchern (im Besitz des Wärmeverbundes), inklusive der Wärmezähler der Erzeuger. Bei dieser Position fallen üblicherweise nach ca. 15 Jahren Ersatzinvestitionen an.
A79: 145l | B79: Kosten für die Hauszentralen bei den Verbrauchern Anteil Kunden, wird üblicherweise mit den einmaligen Anschlusskosten (Pkt. 325) an den Wärmeverbund zurückbezahlt. In dieser Position fallen üblicherweise keine Ersatzinvestitionen für den Wärmeverbund an. Diese Position wird nicht in die Restwertbetrachtung eingerechnet!
A80: 145m | B80: Kosten für Planung und Unvorhergesehenes (Abschreibung über mittlere Abschreibedauer) Diese Position wird in der Restwertbetrachtung nicht eingerechnet!
A81: 145z | B81: Berechnete Gesamtinvestitionen für das Projekt und mittlere Abschreibedauer
A82: 150 | B82: Aufteilung der Investitionen auf max. fünf Etappen in % der Gesamtinvestition (Pkt. 145z) Hinweis: Die Unterhaltskosten (Pkt. 142) werden nach dem selben Verteiler abgestuft. Bei Abweichungen zwischen den effektiven Unterhaltskosten und den in Pkt. 574b (Register B1_Berchnungen) ausgewiesenen Aufwendungen, sind die Prozentsätze in Pkt. 142 entsprechend anzupassen.
A83: 150a | B83: Etappe 1: Startjahr des Projektes (Pkt.: 110g) ist immer das Jahr der ersten Investitionen: Feld kann nicht bearbeitet werden; Investitionen, die nicht in den Folgeetappen (Punkte 150b ff) getätigt werden, fallen im Startjahr an. (Formel: 100% Gesamtinvestition - Investitionsanteile Pkt. 150b ff)
A84: 150b - 150e | B84: Etappe 2 ff: Jahr und Investitionsanteil der weiteren Etappen. Standardmässig folgt jede Etappe im Folgejahr der vorgängien Etappe. Das Feld kann überschrieben werden. Hinweis: es darf kein Jahr doppelt geführt werden Achtung: Das Überschreiben des Feldes löscht die Formel!
A85: 151 | B85: Anteil der Position der Gesamtinvestitionen. Hinweis: Die Summe aller Anteile kann über 100% betragen, weil beispielsweise die Anschlussgebühren über die Jahre verzögert eingehen und somit vorfinanziert werden müssen.
A86: 155 | B86: Eingabe des Eigenkapitals resp. des Aktienkapitals wird für die Berechnung der Investitionsdeckung benötigt.
A87: 156 | B87: Berechnung der Summe aller Anschlussbeiträge (Summe aus E3_Verbraucher Pkt. 325)
A88: 160 | B88: Angaben zur Fremdfinanzierung des Projektes Es können zwei Kredite / Darlehen eingetragen werden.
A89: 160a | B89: Summe des fremdfinanzierten Betrages
A90: 160b | B90: Laufzeit des Kredits, in dieser Berechnung werden konstante Raten über die gesamte Laufzeit angenommen. Die Laufzeit des Kredits sollte gegenüber der Bank so lange als möglich vereinbart werden (ideal 20... 25 Jahre) und die Möglichkeit einer vorzeitigen kostenfreien Rückzahlung im Kreditvertrag festgehalten werden. So bleibt die verpflichtete Rate so tief wie möglich, bei höheren Einnahmen kann der Betreiber vorauszahlen und damit den Kredit rascher amortisieren. Unbefristete Kredite ohne Rückzahlraten (z.B. Hypotheken ohne Amortisation) werden mit der Laufzeit "0" eingetragen.
A91: 160c | B91: Startjahr des Darlehens. In Startjahr wird das Darlehen an das Projekt ausgezahlt. Die Zinszahlung beginnt im Folgejahr.
A92: 160d | B92: Im Jahr vom Beginn der Amortistation des Darlehens ist die erste Amortisationsrate fällig
A93: 160e | B93: jährlicher Bruttokreditzinssatz (vor Abzug der Verrechungssteuer) über die gesamte Laufzeit (mittlerer Zinssatz)
A94: 165 | B94: Angaben zu Fördergeldern
A95: 166 | B95: Einmalige Förderung Es können drei "Pakete" von einmaligen Förderbeiträgen (z.B. kantonale Förderung, EnergieZukunftSchweiz, Klimastiftung, Berghilfe etc.) mit unterschiedlichen Auszahlungsjahren eingegeben werden.
A96: 166a | B96: Einmalig ausbezahlter Förderbeitrag des Pakets
A97: 166b | B97: Jahr der Förderauszahlung des Pakets. Es wird empfohlen, die Auszahlung frühestens nach der Inbetriebnahme, besser nach dem ersten Betriebsjahr in die Kalkulation einzubeziehen. Durch eine verzögerte Auszahlung entstehen zusätzliche Zinsen für das zwischenzeitlich benötigte Fremdkapital.
A98: 167 | B98: jährliche Förderung Nebst den einmaligen Förderungen kann auch eine befristete jährliche Förderung (z.B. KliK) eingegeben werden
A99: 167a | B99: Durchschnittliche Auszahlung pro Jahr innerhalb der Förderlaufzeit.
A100: 167b | B100: Laufzeit der jährlichen Förderung (Anzahl Auszahlungen)
A101: 167c | B101: Jahr der ersten Auszahlung. Bitte berücksichtigen Sie die Bearbeitungsdauer für die Berechnung der jährlichen Auszahlung. Es wird empfohlen die erste Auszahlung frühestens im Jahr nach der IBN einzurechnen.
A102: 170 | B102: Berechnete Werte Zahlenwerte, die sich aus den obigen Eingaben errechnen lassen und zur Kontrolle der Eingabe und Darstellung der Berechnung der Energiemengen dienen.
A103: 170a | B103: mittlere erzeugte Jahreswärmemenge: Berechnt aus der produzierten Jahreswärmemenge gem. Register "B1_Berechnungen" Spalte "Wärmebedarf" (Pkt. 532) (Betrachtung über die Projektlauftzeit von 25 Jahren.
...

Sheet E1_Projektdaten
A1: 100 | B1: QM Holzheizwerke - Wirtschaftlichkeitsmodell - Projektdaten
K2: 105 | M2: 105
A3: 101a | C3: Eingabefeld | K3: Vorgabewerte | O3: Bemerkungen | Q3: Hinweise
A4: b | C4: Standardwert oder Berechnung (kann geändert werden)
A5: e | C5: Vorgabewert des Standardwertes
A6: 101k | B6: (exkl. MWST)
A8: 106 | B8: Projekt/Variante: | C8: QMH Beispielprojekt 3
C9: Wärmeverbund Holz-WKK
A12: 107 | B12: Erfasst von: | C12: Datum, Erfasser:in
A14: 108 | B14: Warnungen Hinweise: | C14: =IF(W14>10,X15,IF(W14>0,X14,"")) -> 115a: Der mit dem Holzkessel erzeugte Anteil an der Jahreswärmemenge ist gering, 120d: Der Brennstoffpreis der Zusatzwärmeerzeugung ist sehr tief, 160b: Die Kreditlaufzeit sollte nicht über 25 Jahren liegen!, 160b: Die Kreditlaufzeit sollte nicht über 25 Jahren liegen! | W14: =COUNTIF(U17:W164,">0") -> 3 | X14: =_xlfn.TEXTJOIN(", ",TRUE,X18:X164) -> 115a: Der mit dem Holzkessel erzeugte Anteil an der Jahreswärmemenge ist gering, 120d: Der Brennstoffpreis der Zusatzwärmeerzeugung ist sehr tief, 160b: Die Kreditlaufzeit sollte nicht über 25 Jahren liegen!, 160b: Die Kreditlaufzeit sollte nicht über 25 Jahren liegen!
X15: Mehr als 10 Hinweise! | Y15: Es existieren Warnungen im Register 'E1_Projektdaten'!
S16: Min | T16: Max | U16: Unters. | V16: Übers. | W16: S.Fehler | X16: Warnung | Y16: MinText | Z16: MaxText | AA16: SonstText
A17: 110 | B17: Wärmemengen, Netz, Projektstart
A18: a | C18: max. Gesamtwärmebezug der Abnehmer | D18: =SUM(E3_Verbraucher!$D$18:$XFD$18) -> 17503 | E18: MWh/a | S18: 10 | T18: 9999999999 | U18: =IF($D18<S18,1,0) -> 0 | V18: =IF($D18>T18,1,0) -> 0 | X18: =IF(U18=1,Y18,IF(V18=1,Z18,IF(W18=1,AA18,""))) | Y18: 110a: Der Gesamtwärmebezug ist sehr klein | Z18: 110a: Der Wärmebezug ist sehr gross
A19: b | C19: Netzverluste | D19: 10 | E19: % | K19: 10 | S19: 4 | T19: 20 | U19: =IF($D19<S19,1,0) -> 0 | V19: =IF($D19>T19,1,0) -> 0 | W19: =IF(D19="",1,0) -> 0 | X19: =IF(U19>0,Y19,"")&IF(V19>0,Z19,"")&IF(W19>0,AA19,"") | Y19: 110b: Die Netzverluste des Wärmenetzes sind sehr niedrig | Z19: 110b: Die Netzverluste des Wärmenetzes sind sehr hoch | AA19: 110b: Keine Netzverluste eingegeben.
A20: c | C20: Abnahme des Wärmebedarfes (Effizienzsteigerung) | D20: 1 | E20: % | S20: 0 | T20: 5 | U20: =IF($D20<S20,1,0) -> 0 | V20: =IF($D20>T20,1,0) -> 0 | W20: =IF(D20="",1,0) -> 0 | X20: =IF(U20>0,Y20,"")&IF(V20>0,Z20,"")&IF(W20>0,AA20,"") | Y20: 110c: Die Abnahme des Wärmeabsatzes der Wärmebezüger ist negativ; Mehrverbrauch. | Z20: 110c: Die jährliche Abnahme des Wärmeabsatzes ist sehr hoch. | AA20: 110c: Keine jährliche Abnahme des Wärmeabsatzes eingegeben.
A22: g | C22: Jahr des Projektbeginns | D22: 2024 | S22: 2000 | T22: 2100 | U22: =IF($D22<S22,1,0) -> 0 | V22: =IF($D22>T22,1,0) -> 0 | X22: =IF(U22>0,Y22,"")&IF(V22>0,Z22,"")&IF(W22>0,AA22,"") | Y22: 110g: Das Jahr des Projektbeginns liegt vor 2000 | Z22: 110g: Das Jahr des Projektbeginns liegt nach 2100.
A23: h | C23: Jahr der Inbetriebnahme / erste Wärmelieferung | D23: =MIN(E3_Verbraucher!D21:XFD21) -> 2026 | K23: =MIN(E3_Verbraucher!D21:XFD21) -> 2026 | S23: =Eing_Beginnjahr -> 2024 | T23: =S23+3 -> 2027 | U23: =IF($D23<S23,D23,0) -> 0 | V23: =IF($D23>T23,1,0) -> 0 | X23: =IF(U23>0,Y23,"")&IF(V23>0,Z23,"")&IF(W23>0,AA23,"") | Y23: 110h: Das Jahr Inbetriebnahme liegt vor dem Projektbeginn. | Z23: 110h: Das Jahr der Inbetriebnahme liegt mehr als 3 Jahre nach dem Projektbeginn. Erste Wärmelieferung im Register Verbraucher anpassen.
A25: 115 | B25: Energiemengen, Produktion
A26: a | C26: Anteil der mit Holzschnitzelkesseln erzeugten Nutzwärme | D26: 60 | E26: % | S26: 70 | T26: 100 | U26: =IF($D26<S26,1,0) -> 1 | V26: =IF($D26>T26,1,0) -> 0 | X26: =IF(U26>0,Y26,"")&IF(V26>0,Z26,"")&IF(W26>0,AA26,"") -> 115a: Der mit dem Holzkessel erzeugte Anteil an der Jahreswärmemenge ist gering | Y26: 115a: Der mit dem Holzkessel erzeugte Anteil an der Jahreswärmemenge ist gering | Z26: 115a: Der mit dem Holzkessel erzeugte Anteil an der Jahreswärmemenge ist über 100%
A27: b | C27: Anteil der erzeugten Nutzwärme aus Abgaskondensation | E27: % | S27: 0 | T27: =0.2*Eing_Anteil_Biomasse -> 12 | U27: =IF($D27<S27,1,0) -> 0 | V27: =IF($D27>T27,1,0) -> 0 | X27: =IF(U27>0,Y27,"")&IF(V27>0,Z27,"")&IF(W27>0,AA27,"") | Y27: 115b: Der mit der Abgaskondensation erzeugte Anteil an der Jahreswärmemenge ist gering | Z27: 115b: Der mit der Abgaskondensation erzeugte Anteil an der Jahreswärmemenge ist sehr hoch
A28: c | C28: Anteil der mit WKK erzeugten Nutzwärme | D28: 30 | E28: % | S28: 10 | T28: 100 | U28: =IF(AND($D28>0,$D28<S28),1,0) -> 0 | V28: =IF($D28>T28,1,0) -> 0 | X28: =IF(U28>0,Y28,"")&IF(V28>0,Z28,"")&IF(W28>0,AA28,"") | Y28: 115c: Der mit der WKK erzeugte Anteil an der Jahreswärmemenge ist gering | Z28: 115c: Der mit der WKK erzeugte Anteil an der Jahreswärmemenge ist über 100%
A29: d | C29: Anteil der mit Wärmepumpen erzeugten Nutzwärme | E29: % | S29: 5 | T29: 100 | U29: =IF(AND($D29>0,$D29<S29),1,0) -> 0 | V29: =IF($D29>T29,1,0) -> 0 | X29: =IF(U29>0,Y29,"")&IF(V29>0,Z29,"")&IF(W29>0,AA29,"") | Y29: 115d: Der mit der WP erzeugte Anteil an der Jahreswärmemenge ist gering | Z29: 115d: Der mit der WP erzeugte Anteil an der Jahreswärmemenge ist über 100%
A30: e | C30: Anteil der mit Zusatzwärmeerzeuger erzeugten Nutzwärme | E30: % | S30: 10 | T30: 100 | U30: =IF(AND($D30>0,$D30<S30),1,0) -> 0 | V30: =IF($D30>T30,1,0) -> 0 | X30: =IF(U30>0,Y30,"")&IF(V30>0,Z30,"")&IF(W30>0,AA30,"") | Y30: 115e: Der mit dem Zusatzwärmeerzeuger erzeugte Anteil an der Jahreswärmemenge ist gering | Z30: 115e: Der mit dem Zusatzwärmeerzeuger erzeugte Anteil an der Jahreswärmemenge ist über 100%
A31: f | C31: Anteil der erzeugten Nutzwärme aus Abwärme | E31: % | S31: 5 | T31: 100 | U31: =IF(AND($D31>0,$D31<S31),1,0) -> 0 | V31: =IF($D31>T31,1,0) -> 0 | X31: =IF(U31>0,Y31,"")&IF(V31>0,Z31,"")&IF(W31>0,AA31,"") | Y31: 115f: Der mit Abwärme erzeugte Anteil an der Jahreswärmemenge ist gering | Z31: 115f: Der mit Abwärme erzeugte Anteil an der Jahreswärmemenge ist über 100%
A32: g | C32: Anteil der fossil erzeugten Nutzwärme | D32: =100-SUM(D26:D31) -> 10 | E32: %
A33: l | C33: Jahresnutzungsgrad WKK thermisch | D33: 40 | E33: % | S33: 30 | T33: 100 | U33: =IF(Eing_Anteil_WKK=0,0,IF($D33<S33,1,0)) -> 0 | V33: =IF(Eing_Anteil_WKK=0,0,IF($D33>T33,1,0)) -> 0 | X33: =IF(U33>0,Y33,"")&IF(V33>0,Z33,"")&IF(W33>0,AA33,"") | Y33: 115l: Der thermische Jahresnutzungsgrad der WKK ist sehr tief | Z33: 115l: Der thermische Jahresnutzungsgrad der WKK ist sehr hoch
A34: m | C34: Jahresnutzungsgrad WKK elektrisch | D34: 28.5 | E34: % | S34: 10 | T34: 50 | U34: =IF(Eing_Anteil_WKK=0,0,IF($D34<S34,1,0)) -> 0 | V34: =IF(Eing_Anteil_WKK=0,0,IF($D34>T34,1,0)) -> 0 | X34: =IF(U34>0,Y34,"")&IF(V34>0,Z34,"")&IF(W34>0,AA34,"") | Y34: 115m: Der elektrische Jahresnutzungsgrad der WKK ist sehr tief | Z34: 115m: Der elektrische Jahresnutzungsgrad der WKK ist sehr hoch
A35: n | C35: Jahresnutzungsgrad Zusatzwärmeerzeuger | E35: % | S35: 40 | T35: 90 | U35: =IF(Eing_Anteil_WP=0,0,IF($D35<S35,1,0)) -> 0 | V35: =IF(Eing_Anteil_WP=0,0,IF($D35>T35,1,0)) -> 0 | X35: =IF(U35>0,Y35,"")&IF(V35>0,Z35,"")&IF(W35>0,AA35,"") | Y35: 115n: Der Jahresnutzungsgrad des Zusatzwärmerzeugung ist sehr tief | Z35: 115n: Der Jahresnutzungsgrad des Zusatzwärmeerzeugers ist sehr hoch
A36: o | C36: Jahresarbeitszahl JAZ der Wärmepumpe | E36: - | S36: 1 | T36: 10 | U36: =IF(Eing_Anteil_WP=0,0,IF($D36<S36,1,0)) -> 0 | V36: =IF(Eing_Anteil_WP=0,0,IF($D36>T36,1,0)) -> 0 | X36: =IF(U36>0,Y36,"")&IF(V36>0,Z36,"")&IF(W36>0,AA36,"") | Y36: 115o: Die Jahresarbeitszahl der WP ist sehr tief | Z36: 115o: Der Jahresarbeitszahl der WP ist sehr hoch
A37: q | C37: Jahresnutzungsgrad Kessel fossil | D37: 85 | E37: % | S37: 40 | T37: 98 | U37: =IF(Anteil_fossil_erzeugt=0,0,IF($D37<S37,1,0)) -> 0 | V37: =IF(Anteil_fossil_erzeugt=0,0,IF($D37>T37,1,0)) -> 0 | W37: =IF(Anteil_fossil_erzeugt=0,0,IF(D37="",1,0)) -> 0 | X37: =IF(U37>0,Y37,"")&IF(V37>0,Z37,"")&IF(W37>0,AA37,"") | Y37: 115q: Der Jahresnutzungsgrad des fossilen Kessels ist sehr tief | Z37: 115q: Der Jahresnutzungsgrad des fossilen Kessels ist sehr hoch
A38: u | C38: Anteil Eigenverbrauch für WP | E38: % | S38: 0 | T38: 100 | U38: =IF($D38<S38,1,0) -> 0 | V38: =IF($D38>T38,1,0) -> 0 | X38: =IF(U38>0,Y38,"")&IF(V38>0,Z38,"")&IF(W38>0,AA38,"") | Y38: 115u: Der Anteil Eigenverbrauch ist negativ | Z38: 115u: Der Anteil Eigenverbrauch ist über 100%
A39: v | C39: Hilfsenergie (Strom) | D39: 2 | E39: % der produzierten Wärme | K39: 2 | S39: 1 | T39: 3 | U39: =IF($D39<S39,1,0) -> 0 | V39: =IF($D39>T39,1,0) -> 0 | W39: =IF(Eing_Spez_Stromverbrauch=0,1,0) -> 0 | X39: =IF(U39>0,Y39,"")&IF(V39>0,Z39,"")&IF(W39>0,AA39,"") | Y39: 115v: Der spezifische Stromverbrauch wurde sehr niedrig angenommen. | Z39: 115v: Der spezifische Stromverbrauch wurde sehr hoch angenommen. | AA39: 115v: Der spezifische Stromverbrauch wurde Null gesetzt.
A40: w | C40: Anteil Eigenverbrauch für Hilfsenergie | D40: 80 | E40: % | S40: 0 | T40: 100 | U40: =IF(0<$D40<S40,1,0) -> 0 | V40: =IF($D40>T40,1,0) -> 0 | X40: =IF(U40>0,Y40,"")&IF(V40>0,Z40,"")&IF(W40>0,AA40,"") | Y40: 115w: Der Anteil Eigenverbrauch ist negativ | Z40: 115w: Der Anteil Eigenverbrauch ist über 100%
A41: x | C41: Produktion Pflanzenkohle | D41: 1200 | E41: m³/a | S41: 0 | T41: =5*max_verkaufteWM*Eing_Anteil_WKK*1000 -> 2625450000 | U41: =IF(0<$D41<S41,1,0) -> 0 | V41: =IF($D41>T41,1,0) -> 0 | X41: =IF(U41>0,Y41,"")&IF(V41>0,Z41,"")&IF(W41>0,AA41,"") | Y41: 115x: Die Pflanzenkohleproduktion ist negativ | Z41: 115x: Die Pflanzenkohleproduktion ist sehr hoch | AG41: m³/a | AH41: CHF/m³
AG42: t/a | AH42: CHF/t
A43: 120 | B43: Einkaufspreise Energie
A44: a | C44: Brennstoffpreis Holzschnitzel (ab Wärmezähler) | D44: 55 | E44: CHF/MWh erzeugte Energie | S44: 0 | T44: 200 | U44: =IF($D44<S44,1,0) -> 0 | V44: =IF($D44>T44,1,0) -> 0 | X44: =IF(U44>0,Y44,"")&IF(V44>0,Z44,"")&IF(W44>0,AA44,"") | Y44: 120a: Der Schnitzelpres ist negativ | Z44: 120a: Der Schnitzelpeis ist sehr hoch
A45: c | C45: Brennstoffpreis für WKK | D45: 55 | E45: CHF/MWh Endenergie | S45: 30 | T45: 200 | U45: =IF(Eing_Anteil_WKK=0,0,IF($D45<S45,1,0)) -> 0 | V45: =IF(Eing_Anteil_WKK=0,0,IF($D45>T45,1,0)) -> 0 | X45: =IF(U45>0,Y45,"")&IF(V45>0,Z45,"")&IF(W45>0,AA45,"") | Y45: 120c: Der Brennstoffpreis der WKK ist sehr tief | Z45: 120c: Der Brennstoffpreis WKK ist sehr hoch
A46: d | C46: Brennstoffpreis für Zusatzwärmeerzeuger | E46: CHF/MWh Endenergie | S46: 30 | T46: 300 | U46: =IF(Eing_Anteil_WKK=0,0,IF($D46<S46,1,0)) -> 1 | V46: =IF(Eing_Anteil_WKK=0,0,IF($D46>T46,1,0)) -> 0 | X46: =IF(U46>0,Y46,"")&IF(V46>0,Z46,"")&IF(W46>0,AA46,"") -> 120d: Der Brennstoffpreis der Zusatzwärmeerzeugung ist sehr tief | Y46: 120d: Der Brennstoffpreis der Zusatzwärmeerzeugung ist sehr tief | Z46: 120d: Der Brennstoffpreis der Zusatzwärmeerzeugung ist sehr hoch
A47: e | C47: Preis fossiler Brennstoff | D47: 120 | E47: CHF/MWh Endenergie | S47: 30 | T47: 300 | U47: =IF(Anteil_fossil_erzeugt=0,0,IF($D47<S47,1,0)) -> 0 | V47: =IF(Anteil_fossil_erzeugt=0,0,IF($D47>T47,1,0)) -> 0 | W47: =IF(Anteil_fossil_erzeugt=0,0,IF(Eing_Rohstoffpreis_fossil<Eing_Rohstoffpreis_Biomasse,1,0)) -> 0 | X47: =IF(U47>0,Y47,"")&IF(V47>0,Z47,"")&IF(W47>0,AA47,"") | Y47: 120e: Der Preis des fossilen Brennstoffs ist sehr tief | Z47: 120e: Der Preis für den fossilen Brennstoff ist sehr hoch | AA47: 120e: Der Preis für den fossilen Brennstoff liegt niedriger als der Schnitzelpreis
A48: f | C48: Strompreis | D48: 25 | E48: Rp/kWhel | S48: 5 | T48: 80 | U48: =IF($D48<S48,1,0) -> 0 | V48: =IF($D48>T48,1,0) -> 0 | W48: =IF(Eing_Strompreis=0,1,0) -> 0 | X48: =IF(U48>0,Y48,"")&IF(V48>0,Z48,"")&IF(W48>0,AA48,"") | Y48: 120f: Der Strompreis ist sehr tief | Z48: 120f: Der Strompreis ist sehr hoch | AA48: 120f: Der Strompreis ist Null.
A49: g | C49: Strompreis WP | D49: =Eing_Strompreis -> 25 | E49: Rp/kWhel | K49: =Eing_Strompreis -> 25 | S49: 5 | T49: 80 | U49: =IF(Eing_Anteil_WP=0,0,IF(0<$D49<S49,1,0)) -> 0 | V49: =IF(Eing_Anteil_WP=0,0,IF(0<$D49>T49,1,0)) -> 0 | W49: =IF(Eing_Anteil_WP=0,0,IF(Eing_Strompreis_WP>Eing_Strompreis,1,0)) -> 0 | X49: =IF(U49>0,Y49,"")&IF(V49>0,Z49,"")&IF(W49>0,AA49,"") | Y49: 120g:Der Strompreis WP ist sehr tief | Z49: 12=g: Der Strompreis WP ist sehr hoch | AA49: 120g: Der Strompreis WP ist höher als der Strompreis allgeimen
A50: j | C50: Preis Abwärmenutzung | E50: CHF/MWh | S50: 0 | T50: 100 | U50: =IF(Eing_Anteil_AWN=0,0,IF(0<$D50<S50,1,0)) -> 0 | V50: =IF(Eing_Anteil_AWN=0,0,IF(0<$D50>T50,1,0)) -> 0 | X50: =IF(U50>0,Y50,"")&IF(V50>0,Z50,"")&IF(W50>0,AA50,"") | Y50: 120j:Der Abwärmepreis ist sehr tief | Z50: 120j: Der Abwärmepreis ist sehr hoch
A51: m | C51: mittl. Einspeisetarif elektrisch | D51: 18 | E51: Rp/kWhel | S51: 5 | T51: 80 | U51: =IF(AND($D51>0,$D51<S51),1,0) -> 0 | V51: =IF($D51>T51,1,0) -> 0 | W51: =IF(Eing_Jahresnutzungsgrad_WKKel=0,0,IF($D51=0,1,0)) -> 0 | X51: =IF(U51>0,Y51,"")&IF(V51>0,Z51,"")&IF(W51>0,AA51,"") | Y51: 120m:Der Einspeisetarif ist sehr niedrig | Z51: 120m: Der Einspeisetarif ist sehr hoch | AA51: 120m: Es wurde kein Stromeinspeisepreis eingegeben
A52: n | C52: Verkaufspreis Pflanzenkohle | D52: 400 | E52: =_xlfn.XLOOKUP(E41,AG41:AG42,AH41:AH42) -> CHF/m³ | S52: 200 | T52: 1000 | U52: =IF(Eing_Prod_Pflanzenkohle=0,0,IF($D52<S52,1,0)) -> 0 | V52: =IF($D52>T52,1,0) -> 0 | W52: =IF(Eing_Prod_Pflanzenkohle=0,0,IF($D52<S52,1,0)) -> 0 | X52: =IF(U52>0,Y52,"")&IF(V52>0,Z52,"")&IF(W52>0,AA52,"") | Y52: 120n: Der Pflanzenkohlepreis ist sehr tief | Z52: 120n: Der Pflanzenkohlepreis ist sehr hoch | AA52: 120n: Es wurde kein Pflanzenkohlepreis eingegeben
A54: 125 | B54: Betriebskosten und übrige Aufwendungen
A55: a | C55: Personalkosten (für Bedienung, Reinigung, etc.) | D55: =ROUND(1.5%*SUM(D69:D76),-2) -> 138800 | E55: CHF/a | K55: =ROUND(1.5%*SUM(D69:D76),-2) -> 138800 | S55: 1000 | T55: =5%*SUM(D69:D76) -> 462500 | U55: =IF($D55<S55,1,0) -> 0 | V55: =IF($D55>T55,1,0) -> 0 | X55: =IF(U55>0,Y55,"")&IF(V55>0,Z55,"")&IF(W55>0,AA55,"") | Y55: 125a: Die jährlichen Personalkosten sind sehr tief | Z55: 125a: Die jährlichen Personalkosten sind sehr hoch
A56: b | C56: externe Betriebskosten (Service, Kaminfeger etc.) | D56: 100000 | E56: CHF/a | S56: 1000 | T56: =10%*SUM(D69:D75) -> 475000 | U56: =IF($D56<S56,1,0) -> 0 | V56: =IF($D56>T56,1,0) -> 0 | X56: =IF(U56>0,Y56,"")&IF(V56>0,Z56,"")&IF(W56>0,AA56,"") | Y56: 125b: Der jährlichen externen Betriebskosten sind sehr tief | Z56: 125b: Die jährlichen externen Betriebskosten sind sehr hoch
A57: c | C57: Unterhaltskosten | D57: =SUMPRODUCT(D68:D80,F68:F80)/100 -> 443000 | E57: CHF/a | K57: =SUMPRODUCT(D68:D80,F68:F80)/100 -> 443000 | S57: 1000 | T57: =10%*Gesamtinvestition -> 3865000 | U57: =IF($D57<S57,1,0) -> 0 | V57: =IF($D57>T57,1,0) -> 0 | X57: =IF(U57>0,Y57,"")&IF(V57>0,Z57,"")&IF(W57>0,AA57,"") | Y57: 125c: Die jährlichen Unterhaltskosten sind sehr tief | Z57: 125c: Die jährlichen Unterhaltskosten sind sehr hoch
A59: g | C59: Kosten für Miete / Pacht / Grundstück/Steuern | D59: 30000 | E59: CHF/a | S59: 1000 | T59: =Gesamtinvestition/20 -> 1932500 | U59: =IF($D59<S59,1,0) -> 0 | V59: =IF($D59>T59,1,0) -> 0 | X59: =IF(U59>0,Y59,"")&IF(V59>0,Z59,"")&IF(W59>0,AA59,"") | Y59: 125g: Die jährlichen Grundstückskosten sind sehr tief | Z59: 125g: Die jährlichen Grundstückskosten sind sehr hoch
A60: h | C60: Sonstige Kosten (Verwaltung, Versicherungen etc.) | D60: 200000 | E60: CHF/a | K60: =ROUND(1%*Gesamtinvestition,-2) -> 386500 | S60: 1000 | T60: =5%*Gesamtinvestition -> 1932500 | U60: =IF($D60<S60,1,0) -> 0 | V60: =IF($D60>T60,1,0) -> 0 | X60: =IF(U60>0,Y60,"")&IF(V60>0,Z60,"")&IF(W60>0,AA60,"") | Y60: 125h: Die sonstigen Kosten sind sehr tief | Z60: 125h: Die sonstigen Kosten sind sehr hoch | AA60: 125h: Es wurden keine sonstigen Kosten eingetragen
A61: m | C61: Allgemeine Teuerung | D61: 1 | E61: % | S61: 0 | T61: 5 | U61: =IF($D61<S61,1,0) -> 0 | V61: =IF($D61>T61,1,0) -> 0 | X61: =IF(U61>0,Y61,"")&IF(V61>0,Z61,"")&IF(W61>0,AA61,"") | Y61: 125m: Die allgemeine Teuerung ist sehr tief | Z61: 125m: Die allgemeine Teuerung ist sehr hoch
A62: n | C62: Nominalzins | D62: 3 | E62: % | S62: 0 | T62: 10 | U62: =IF($D62<S62,1,0) -> 0 | V62: =IF($D62>T62,1,0) -> 0 | X62: =IF(U62>0,Y62,"")&IF(V62>0,Z62,"")&IF(W62>0,AA62,"") | Y62: 125n: Der nominale Zinssatz wurde negativ angenommen | Z62: 125n: Der Nominalzinssatz ist sehr hoch
A63: o | C63: Realzinssatz | D63: =Eing_Nominalzins-Eing_allg_Teuerung -> 2 | E63: % | K63: =Eing_Nominalzins-Eing_allg_Teuerung -> 2 | S63: 0 | T63: 8 | U63: =IF($D63<S63,1,0) -> 0 | V63: =IF($D63>T63,1,0) -> 0 | X63: =IF(U63>0,Y63,"")&IF(V63>0,Z63,"")&IF(W63>0,AA63,"") | Y63: 125o: Der Realzinssatz ist negativ | Z63: 125o: Der Realzinssatz ist sehr hoch
A65: 140 | B65: Investitionen, Abschreibung etc. | D65: 141 | F65: 142 | I65: 143
G66: spezifische | I66: Nutzungsdauer
A67: 145 | B67: Investitionskosten | C67: (inkl. Ausbauten) | G67: Unterhaltskosten | I67: Abschreibung | AH67: Kapitalkosten
A68: a | C68: Baukosten Gebäude Umgebung | D68: 5000000 | E68: CHF | F68: 1 | G68: % | I68: 50 | J68: Jahre | K68: 1 | M68: 50 | S68: 10000 | T68: 999999999 | U68: =IF($D68<S68,1,0) -> 0 | V68: =IF($D68>T68,1,0) -> 0 | X68: =IF(U68>0,Y68,"")&IF(V68>0,Z68,"")&IF(W68>0,AA68,"") | Y68: 145a: Die Baukosten für die Heizzentrale sind sehr tief | Z68: 145a: Die Baukosten für die Heizzentrale sind sehr hoch | AH68: =IF(I68=0,D68*Eing_Realzins/100,-PMT(Eing_Realzins/100,I68,D68)) -> 159116.05
A69: b | C69: Holzspezifische Anlagenteile | D69: 2500000 | E69: CHF | F69: 2 | G69: % | I69: 20 | J69: Jahre | K69: 3 | M69: 20 | S69: 10000 | T69: 999999999 | U69: =IF($D69<S69,1,0) -> 0 | V69: =IF($D69>T69,1,0) -> 0 | X69: =IF(U69>0,Y69,"")&IF(V69>0,Z69,"")&IF(W69>0,AA69,"") | Y69: 145b: Die Kosten für holzspezifische Anlagenteile sind sehr tief | Z69: 145b: Die Kosten für holzspezifische Anlagenteile sind sehr hoch | AH69: =IF(I69=0,D69*Eing_Realzins/100,-PMT(Eing_Realzins/100,I69,D69)) -> 152891.8
A70: c | C70: WKK-Anlage | D70: 1500000 | E70: CHF | F70: 2 | G70: % | I70: 20 | J70: Jahre | K70: 3 | M70: 20 | S70: 10000 | T70: 999999999 | U70: =IF(Eing_Anteil_WKK=0,0,IF($D70<S70,1,0)) -> 0 | V70: =IF($D70>T70,1,0) -> 0 | X70: =IF(U70>0,Y70,"")&IF(V70>0,Z70,"")&IF(W70>0,AA70,"") | Y70: 145c: Die Kosten für die WKK-Ablage sind sehr tief | Z70: 145c: Die Kosten für die WKK-Anlage sind sehr hoch | AH70: =IF(I70=0,D70*Eing_Realzins/100,-PMT(Eing_Realzins/100,I70,D70)) -> 91735.077
A71: d | C71: Wärmepumpen-Anlage | E71: CHF | F71: 2 | G71: % | I71: 20 | J71: Jahre | K71: 2 | M71: 20 | S71: 10000 | T71: 999999999 | U71: =IF(Eing_Anteil_WP=0,0,IF($D71<S71,1,0)) -> 0 | V71: =IF($D71>T71,1,0) -> 0 | X71: =IF(U71>0,Y71,"")&IF(V71>0,Z71,"")&IF(W71>0,AA71,"") | Y71: 145d: Die Kosten für die WP sind sehr tief | Z71: 145d: Die Kosten für die WP sind sehr hoch. | AH71: =IF(I71=0,D71*Eing_Realzins/100,-PMT(Eing_Realzins/100,I71,D71)) -> 0
A72: e | C72: Erdsonden / Grundwassernutzung | E72: CHF | F72: 1 | G72: % | I72: 40 | J72: Jahre | K72: 1 | M72: 40 | S72: 10000 | T72: 999999999 | U72: =IF(Eing_Anteil_WP=0,0,IF($D72<S72,1,0)) -> 0 | V72: =IF($D72>T72,1,0) -> 0 | X72: =IF(U72>0,Y72,"")&IF(V72>0,Z72,"")&IF(W72>0,AA72,"") | Y72: 145e: Die Kosten für die Erdsonden/Grundwassernutzung sind sehr tief | Z72: 145e: Die Kosten für die Erdsonden/Grundwassernutzung sind sehr hoch. | AH72: =IF(I72=0,D72*Eing_Realzins/100,-PMT(Eing_Realzins/100,I72,D72)) -> 0
A73: f | C73: Anlagenteile Zustzwärmeerzeuger | E73: CHF | F73: 2 | G73: % | I73: 20 | J73: Jahre | K73: 2 | M73: 20 | S73: 10000 | T73: 999999999 | U73: =IF(Eing_Anteil_AWN=0,0,IF($D73<S73,1,0)) -> 0 | V73: =IF($D73>T73,1,0) -> 0 | X73: =IF(U73>0,Y73,"")&IF(V73>0,Z73,"")&IF(W73>0,AA73,"") | Y73: 145f: Die Kosten für die Zusatzwärmeerzeugung sind sehr tief | Z73: 145f: Die Kosten für Zusatzwärmeerzeugung sind sehr hoch | AH73: =IF(I73=0,D73*Eing_Realzins/100,-PMT(Eing_Realzins/100,I73,D73)) -> 0
A74: g | C74: Abwärmenutzung | E74: CHF | F74: 2 | G74: % | I74: 20 | J74: Jahre | K74: 2 | M74: 20 | S74: 10000 | T74: 999999999 | U74: =IF(Eing_Anteil_AWN=0,0,IF($D74<S74,1,0)) -> 0 | V74: =IF($D74>T74,1,0) -> 0 | X74: =IF(U74>0,Y74,"")&IF(V74>0,Z74,"")&IF(W74>0,AA74,"") | Y74: 145g: Die Kosten für die AWN sind sehr tief | Z74: 145g: Die Kosten für die AWN sind sehr hoch | AH74: =IF(I74=0,D74*Eing_Realzins/100,-PMT(Eing_Realzins/100,I74,D74)) -> 0
A75: h | C75: Spitzenlastspezifische Anlagenteile | D75: 750000 | E75: CHF | F75: 2 | G75: % | I75: 20 | J75: Jahre | K75: 2 | M75: 20 | S75: 10000 | T75: 999999999 | U75: =IF(Anteil_fossil_erzeugt=0,0,IF($D75<S75,1,0)) -> 0 | V75: =IF($D75>T75,1,0) -> 0 | X75: =IF(U75>0,Y75,"")&IF(V75>0,Z75,"")&IF(W75>0,AA75,"") | Y75: 145h: Die Kosten für spitzenlastspezifische Anlagenteile sind sehr tief | Z75: 145h: Die Kosten für spitzenlastspezifische Anlagenteile sind sehr hoch | AH75: =IF(I75=0,D75*Eing_Realzins/100,-PMT(Eing_Realzins/100,I75,D75)) -> 45867.539
A76: i | C76: Installationen Zentrale | D76: 4500000 | E76: CHF | F76: 2 | G76: % | I76: 20 | J76: Jahre | K76: 2 | M76: 20 | S76: 10000 | T76: 999999999 | U76: =IF($D76<S76,1,0) -> 0 | V76: =IF($D76>T76,1,0) -> 0 | X76: =IF(U76>0,Y76,"")&IF(V76>0,Z76,"")&IF(W76>0,AA76,"") | Y76: 145i: Die Kosten für die Installationen in der Zentrale sind sehr tief | Z76: 145i: Die Kosten für die Installationen in der Zentrale sind sehr hoch | AH76: =IF(I76=0,D76*Eing_Realzins/100,-PMT(Eing_Realzins/100,I76,D76)) -> 275205.23
A77: j | C77: Wärmenetz inkl. Tiefbau | D77: 16000000 | E77: CHF | F77: 1 | G77: % | I77: 40 | J77: Jahre | K77: 1 | M77: 40 | S77: 10000 | T77: 999999999 | U77: =IF(Eing_Netzverluste<=0,0,IF($D77<S77,1,0)) -> 0 | V77: =IF($D77>T77,1,0) -> 0 | X77: =IF(U77>0,Y77,"")&IF(V77>0,Z77,"")&IF(W77>0,AA77,"") | Y77: 145j: Die Baukosten für das Wärmenetz sind sehr tief | Z77: 145j: Die Baukosten für das Wärmenetz sind sind sehr hoch | AH77: =IF(I77=0,D77*Eing_Realzins/100,-PMT(Eing_Realzins/100,I77,D77)) -> 584891.96
A78: k | C78: Übergabestation (Wärmemessung und Regelarmaturen) | D78: 400000 | E78: CHF | F78: 2 | G78: % | I78: 15 | J78: Jahre | K78: 2 | M78: 15 | S78: 10000 | T78: 999999999 | U78: =IF($D78<S78,1,0) -> 0 | V78: =IF($D78>T78,1,0) -> 0 | X78: =IF(U78>0,Y78,"")&IF(V78>0,Z78,"")&IF(W78>0,AA78,"") | Y78: 145k: Die Kosten für die Wärmemessung sind sehr tief | Z78: 145k: Die Kosten für die Wärmemessung sind sind sehr hoch | AH78: =IF(I78=0,D78*Eing_Realzins/100,-PMT(Eing_Realzins/100,I78,D78)) -> 31130.189
A79: l | C79: Hauszentrale | D79: 2000000 | E79: CHF | F79: 2 | G79: % | I79: 30 | J79: Jahre | K79: 2 | M79: 30 | S79: 10000 | T79: 999999999 | U79: =IF(Eing_Netzverluste<=0,0,IF($D79<S79,1,0)) -> 0 | V79: =IF($D79>T79,1,0) -> 0 | X79: =IF(U79>0,Y79,"")&IF(V79>0,Z79,"")&IF(W79>0,AA79,"") | Y79: 145l: Die Kosten für die Hausstationen sind sehr tief | Z79: 145l: Die Kosten für die Hausstationen sind sind sehr hoch | AH79: =IF(I79=0,D79*Eing_Realzins/100,-PMT(Eing_Realzins/100,I79,D79)) -> 89299.845
A80: m | C80: Planung und Unvorhergesehenes | D80: 6000000 | E80: CHF | F80: 0 | G80: % | I80: =IF(SUM(D68:D79)=0,1,SUMPRODUCT(D68:D79,I68:I79)/SUM(D68:D79)) -> 34.946401 | J80: Jahre | K80: 0 | M80: =IF(SUM(D68:D79)=0,1,SUMPRODUCT(D68:D79,I68:I79)/SUM(D68:D79)) -> 34.946401 | S80: 0 | T80: 999999999 | U80: =IF($D80<S80,1,0) -> 0 | V80: =IF($D80>T80,1,0) -> 0 | W80: =IF(Eing_Kosten_Planung_QM<Gesamtinvestition/20,1,0) -> 0 | X80: =IF(U80>0,Y80,"")&IF(V80>0,Z80,"")&IF(W80>0,AA80,"") | Y80: 145m: Die Kosten für Planung und Unvorhergesehenes sind sehr tief | Z80: 145m: Die Kosten für Planung und Unvorhergesehenes sind sehr hoch | AA80: 145m: Die Kosten für Planung und Unvorhergesehenes sind unter 5% der Investitionskosten | AH80: =IF(I80=0,D80*Eing_Realzins/100,-PMT(Eing_Realzins/100,I80,D80)) -> 240268.44
A81: z | C81: Gesamte Investitionskosten | D81: =SUM(D68:D80) -> 38650000 | E81: CHF | I81: =IF(SUM(D68:D80)=0,"",SUMPRODUCT(D68:D80,I68:I80)/SUM(D68:D80)) -> 34.946401 | J81: Jahre | S81: 0 | T81: 999999999 | U81: =IF($D81<S81,1,0) -> 0 | V81: =IF($D81>T81,1,0) -> 0 | X81: =IF(U81>0,Y81,"")&IF(V81>0,Z81,"")&IF(W81>0,AA81,"") | Y81: 145z: Die Investitionskosten sind sehr tief | Z81: 145z: Die Investitionskosten sind sehr hoch
A82: 150 | B82: Investitionsstaffelung | D82: Jahr | F82: Anteil
A83: a | C83: Ausbaustufe / Etappe 1 | D83: =Eing_Beginnjahr -> 2024 | F83: =100-SUM(F84:F87) -> 20 | G83: % | I83: =F83 -> 20 | J83: %
A84: b | C84: Ausbaustufe / Etappe 2 | D84: =D83+1 -> 2025 | F84: 30 | G84: % | I84: =I83+F84 -> 50 | J84: % | K84: =D83+1 -> 2025
A85: c | C85: Ausbaustufe / Etappe 3 | D85: =D84+1 -> 2026 | F85: 40 | G85: % | I85: =I84+F85 -> 90 | J85: % | K85: =D84+1 -> 2026
A86: d | C86: Ausbaustufe / Etappe 4 | D86: =D85+1 -> 2027 | F86: 10 | G86: % | I86: =I85+F86 -> 100 | J86: % | K86: =D85+1 -> 2027
A87: e | C87: Ausbaustufe / Etappe 5 | D87: =D86+1 -> 2028 | G87: % | I87: =I86+F87 -> 100 | J87: % | K87: =D86+1 -> 2028
F88: 151
A89: 155 | B89: Eigenkapital | C89: Eigenkapital / Aktienkapital | D89: 5000000 | E89: CHF | F89: =IF(Gesamtinvestition>0,ROUND(Eing_Eigenkapital/Gesamtinvestition*100,0),"") -> 13 | G89: % | I89: Invest | S89: =5%*Gesamtinvestition -> 1932500 | T89: =Gesamtinvestition -> 38650000 | U89: =IF($D89<S89,1,0) -> 0 | V89: =IF($D89>T89,1,0) -> 0 | X89: =IF(U89>0,Y89,"")&IF(V89>0,Z89,"")&IF(W89>0,AA89,"") | Y89: 155: Das Eigenkapital ist sehr tief | Z89: 155: Das Eigenkapital ist hoch
A90: 156 | C90: Summe einmalige Anschlusskosten | D90: =SUM(E3_Verbraucher!$D$23:$XFD$23) -> 8296200 | E90: CHF | F90: =IF(Gesamtinvestition>0,ROUND(Summe_einmalige_Anschlusskosten/Gesamtinvestition*100,0),"") -> 21 | G90: % | I90: Invest | K90: =SUM(E3_Verbraucher!$D$23:$XFD$23) -> 8296200
A92: 160 | B92: Fremdfinanzierung | C92: Kredit 1 | X92: =X93&X94&X97&X95 -> 160b: Die Kreditlaufzeit sollte nicht über 25 Jahren liegen!
A93: a | C93: Kredit/Darlehen | D93: 25000000 | E93: CHF | F93: =IF(Gesamtinvestition>0,ROUND(Eing_Kredit_1/Gesamtinvestition*100,0),"") -> 65 | G93: % | I93: Invest | S93: 0 | T93: =Gesamtinvestition -> 38650000 | U93: =IF($D93<S93,1,0) -> 0 | V93: =IF($D93>T93,1,0) -> 0 | X93: =IF(U93>0,Y93,"")&IF(V93>0,Z93,"")&IF(W93>0,AA93,"") | Y93: 160a: Der Kredit ist negativ | Z93: 160a: Der Kredit ist höher als die gesamten Investitionskosten
A94: b | C94: Laufzeit des Kredits in Jahren | D94: 30 | E94: Jahre | S94: 0 | T94: 25 | U94: =IF($D94<S94,Eing_Kredit_1,0) -> 0 | V94: =IF($D94>T94,Eing_Kredit_1,0) -> 25000000 | X94: =IF(U94>0,Y94,"")&IF(V94>0,Z94,"")&IF(W94>0,AA94,"") -> 160b: Die Kreditlaufzeit sollte nicht über 25 Jahren liegen! | Y94: 160b: Die Kreditlaufzeit ist sehr kurz | Z94: 160b: Die Kreditlaufzeit sollte nicht über 25 Jahren liegen!
A95: c | C95: Startjahr | D95: 2024 | S95: =Eing_Beginnjahr-1 -> 2023 | T95: =S95+20 -> 2043 | U95: =IF($D95<=S95,Eing_Kredit_1,0) -> 0 | V95: =IF($D95>T95,Eing_Kredit_1,0) -> 0 | X95: =IF(U95>0,Y95,"")&IF(V95>0,Z95,"")&IF(W95>0,AA95,"") | Y95: 160c: Das Startjahr der Finanzierung ist vor Projektbeginn | Z95: 160c: Das Startjahr der Finanzierung ist weit nach Projektbeginn
A96: d | C96: Beginn Amortisation | D96: 2028 | K96: =Eing_Kreditstartjahr_1+1 -> 2025 | S96: =Eing_Kreditstartjahr_1-1 -> 2023 | T96: =Eing_Kreditstartjahr_1+5 -> 2029 | U96: =IF($D96<=S96,Eing_Kredit_1,0) -> 0 | V96: =IF($D96>T96,Eing_Kredit_1,0) -> 0 | X96: =IF(U96>0,Y96,"")&IF(V96>0,Z96,"")&IF(W96>0,AA96,"") | Y96: 160d: Der Beginn der Amortisation ist vor der Kreditauszahlung | Z96: 160d: Die Amortisation des Kredits erfolgt sehr spät.
A97: e | C97: Kreditzinssatz | D97: 3 | E97: % | S97: 2 | T97: 10 | U97: =IF($D97<=S97,Eing_Kredit_1,0) -> 0 | V97: =IF($D97>T97,Eing_Kredit_1,0) -> 0 | X97: =IF(U97>0,Y97,"")&IF(V97>0,Z97,"")&IF(W97>0,AA97,"") | Y97: 160e: Der angegebene Kreditzinssatz ist sehr niedrig | Z97: 160e: Der Kreditzinssatz ist sehr hoch
C99: Kredit 2 | X99: =X100&X101&X104&X102
A100: a | C100: Kredit/Darlehen | D100: 3000000 | E100: CHF | F100: =IF(Gesamtinvestition>0,ROUND(Eing_Kredit_2/Gesamtinvestition*100,0),"") -> 8 | G100: % | I100: Invest | S100: 0 | T100: =Gesamtinvestition -> 38650000 | U100: =IF($D100<S100,1,0) -> 0 | V100: =IF($D100>T100,1,0) -> 0 | X100: =IF(U100>0,Y100,"")&IF(V100>0,Z100,"")&IF(W100>0,AA100,"") | Y100: 160a: Der Kredit ist negativ | Z100: 160a: Der Kredit ist höher als die gesamten Investitionskosten
A101: b | C101: Laufzeit des Kredits in Jahren | D101: 5 | E101: Jahre | S101: 0 | T101: 25 | U101: =IF($D101<S101,Eing_Kredit_2,0) -> 0 | V101: =IF($D101>T101,Eing_Kredit_2,0) -> 0 | X101: =IF(U101>0,Y101,"")&IF(V101>0,Z101,"")&IF(W101>0,AA101,"") | Y101: 160b: Die Kreditlaufzeit ist sehr kurz | Z101: 160b: Die Kreditlaufzeit sollte nicht über 25 Jahren liegen!
A102: c | C102: Startjahr | D102: 2026 | S102: =Eing_Beginnjahr-1 -> 2023 | T102: =S102+20 -> 2043 | U102: =IF($D102<=S102,Eing_Kredit_2,0) -> 0 | V102: =IF($D102>T102,Eing_Kredit_2,0) -> 0 | X102: =IF(U102>0,Y102,"")&IF(V102>0,Z102,"")&IF(W102>0,AA102,"") | Y102: 160c: Das Startjahr der Finanzierung ist vor Projektbeginn | Z102: 160c: Das Startjahr der Finanzierung ist weit nach Projektbeginn
A103: d | C103: Beginn Amortisation | D103: =Eing_Kreditstartjahr_2+1 -> 2027 | K103: =Eing_Kreditstartjahr_2+1 -> 2027 | S103: =Eing_Kreditstartjahr_2-1 -> 2025 | T103: =Eing_Kreditstartjahr_2+5 -> 2031 | U103: =IF($D103<=S103,Eing_Kredit_2,0) -> 0 | V103: =IF($D103>T103,Eing_Kredit_2,0) -> 0 | X103: =IF(U103>0,Y103,"")&IF(V103>0,Z103,"")&IF(W103>0,AA103,"") | Y103: 160d: Der Beginn der Amortisation ist vor der Kreditauszahlung | Z103: 160d: Die Amortisation des Kredits erfolgt sehr spät.
A104: e | C104: Kreditzinssatz | D104: 5 | E104: % | S104: 2 | T104: 10 | U104: =IF($D104<=S104,Eing_Kredit_2,0) -> 0 | V104: =IF($D104>T104,Eing_Kredit_2,0) -> 0 | X104: =IF(U104>0,Y104,"")&IF(V104>0,Z104,"")&IF(W104>0,AA104,"") | Y104: 160e: Der angegebene Kreditzinssatz ist sehr niedrig | Z104: 160e: Der Kreditzinssatz ist sehr hoch
A106: 165 | B106: Förderung
A107: 166 | C107: Einmalige Förderung (z.B. Kantonale Förderung)
A108: a | C108: Einmaliger Förderbeitrag Paket 1 | D108: 1000000 | E108: CHF | F108: =IF(Gesamtinvestition>0,ROUND(Einmaliger_Förderbeitrag_1/Gesamtinvestition*100,0),"") -> 3 | G108: % | I108: Invest | S108: 0 | T108: =Gesamtinvestition -> 38650000 | U108: =IF($D108<S108,1,0) -> 0 | V108: =IF($D108>T108,1,0) -> 0 | X108: =IF(U108>0,Y108,"")&IF(V108>0,Z108,"")&IF(W108>0,AA108,"") | Y108: 166a: Der eingegebene Förderbeitrag Paket 1 ist sehr tief | Z108: 166a: Der eingegebene Förderbeitrag Paket 1 ist zu hoch
A109: b | C109: Jahr der Förderungsauszahlung | D109: 2028 | S109: =Eing_Beginnjahr -> 2024 | T109: =S109+10 -> 2034 | U109: =IF($D109<S109,Einmaliger_Förderbeitrag_1,0) -> 0 | V109: =IF($D109>T109,Einmaliger_Förderbeitrag_1,0) -> 0 | X109: =IF(U109>0,Y109,"")&IF(V109>0,Z109,"")&IF(W109>0,AA109,"") | Y109: 166b: Die Förderauszahlung von Paket 1 kann erst nach Projektbeginn erfolgen | Z109: 166b: Die Förderauszahlung von Paket 1 wurde mehr als 10 Jahre nach Projektbeginn eingegeben
A110: a | C110: Einmaliger Förderbeitrag Paket 2 | D110: 1200000 | E110: CHF | F110: =IF(Gesamtinvestition>0,ROUND(Einmaliger_Förderbeitrag_2/Gesamtinvestition*100,0),"") -> 3 | G110: % | I110: Invest | S110: 0 | T110: =Gesamtinvestition -> 38650000 | U110: =IF($D110<S110,1,0) -> 0 | V110: =IF($D110>T110,1,0) -> 0 | X110: =IF(U110>0,Y110,"")&IF(V110>0,Z110,"")&IF(W110>0,AA110,"") | Y110: 166a: Der eingegebene Förderbeitrag Paket 2 ist sehr tief | Z110: 166a: Der eingegebene Förderbeitrag Paket 2 ist zu hoch
A111: b | C111: Jahr der Förderungsauszahlung | D111: 2029 | S111: =Eing_Beginnjahr -> 2024 | T111: =S111+10 -> 2034 | U111: =IF($D111<S111,Einmaliger_Förderbeitrag_2,0) -> 0 | V111: =IF($D111>T111,Einmaliger_Förderbeitrag_2,0) -> 0 | X111: =IF(U111>0,Y111,"")&IF(V111>0,Z111,"")&IF(W111>0,AA111,"") | Y111: 166b: Die Förderauszahlung von Paket 2 kann erst nach Projektbeginn erfolgen | Z111: 166b: Die Förderauszahlung von Paket 2 wurde mehr als 10 Jahre nach Projektbeginn eingegeben
A112: a | C112: Einmaliger Förderbeitrag Paket 3 | D112: 800000 | E112: CHF | F112: =IF(Gesamtinvestition>0,ROUND(Einmaliger_Förderbeitrag_3/Gesamtinvestition*100,0),"") -> 2 | G112: % | I112: Invest | S112: 0 | T112: =Gesamtinvestition -> 38650000 | U112: =IF($D112<S112,1,0) -> 0 | V112: =IF($D112>T112,1,0) -> 0 | X112: =IF(U112>0,Y112,"")&IF(V112>0,Z112,"")&IF(W112>0,AA112,"") | Y112: 166a: Der eingegebene Förderbeitrag Paket 3 ist sehr tief | Z112: 166a: Der eingegebene Förderbeitrag Paket 3 ist zu hoch
...

Sheet E2_Wärmepreis
A1: 200 | B1: QM Holzheizwerke - Wirtschaftlichkeitsmodell - Wärmepreis
A3: 101a | D3: Eingabefeld
A4: 101k | B4: (exkl. MWST)
A6: 206 | B6: Projekt/Variante: | D6: =IF(E1_Projektdaten!C8=0,"",E1_Projektdaten!C8) -> QMH Beispielprojekt 3
D7: =IF(E1_Projektdaten!C9=0,"",E1_Projektdaten!C9) -> Wärmeverbund Holz-WKK
D8: =IF(E1_Projektdaten!C10=0,"",E1_Projektdaten!C10)
A10: 207 | B10: Erfasst von: | D10: =IF(E1_Projektdaten!C12=0,"",E1_Projektdaten!C12) -> Datum, Erfasser:in
A12: 210 | B12: Eingabe Grund- und Arbeitspreis | K12: Bemerkungen
A14: 211 | B14: Tarif 1 | D14: bis 50 kW | G14: {=SUMPRODUCT(E3_Verbraucher!$D$18:$XFD$18*(E3_Verbraucher!$D$22:$XFD$22="T 1: "&Eing_Abnehmerart1))/max_verkaufteWM*100} -> 30.737588 | H14: % der Wärmemenge
A15: a | F15: jährlicher Grundpreis | G15: 250 | H15: CHF/kW a
A16: b | F16: Arbeitspreis | G16: 0.1 | H16: CHF/kWh
A17: c | F17: Vertragslaufzeit | G17: 20 | H17: Jahre
A20: 212 | B20: Tarif 2 | D20: 51-100 | G20: =SUMPRODUCT(E3_Verbraucher!$D$18:$XFD$18*(E3_Verbraucher!$D$22:$XFD$22="T 2: "&Eing_Abnehmerart2))/max_verkaufteWM*100 -> 7.4158716 | H20: % der Wärmemenge
A21: a | F21: jährlicher Grundpreis | G21: 230 | H21: CHF/kW a
A22: b | F22: Arbeitspreis | G22: 0.1 | H22: CHF/kWh
A23: c | F23: Vertragslaufzeit | G23: 20 | H23: Jahre
A26: 213 | B26: Tarif 3 | D26: 101-500 | G26: =SUMPRODUCT(E3_Verbraucher!$D$18:$XFD$18*(E3_Verbraucher!$D$22:$XFD$22="T 3: "&Eing_Abnehmerart3))/max_verkaufteWM*100 -> 61.846541 | H26: % der Wärmemenge
A27: a | F27: jährlicher Grundpreis | G27: 215 | H27: CHF/kW a
A28: b | F28: Arbeitspreis | G28: 0.1 | H28: CHF/kWh
A29: c | F29: Vertragslaufzeit | G29: 20 | H29: Jahre
A32: 214 | B32: Tarif 4 | D32: über 500 | G32: =SUMPRODUCT(E3_Verbraucher!$D$18:$XFD$18*(E3_Verbraucher!$D$22:$XFD$22="T 4: "&Eing_Abnehmerart4))/max_verkaufteWM*100 -> 0 | H32: % der Wärmemenge
A33: a | F33: jährlicher Grundpreis | G33: 200 | H33: CHF/kW a
A34: b | F34: Arbeitspreis | G34: 0.1 | H34: CHF/kWh
A35: c | F35: Vertragslaufzeit | G35: 20 | H35: Jahre
A38: 215 | B38: Tarif 5 | G38: {=SUMPRODUCT(E3_Verbraucher!$D$18:$XFD$18*(E3_Verbraucher!$D$22:$XFD$22="T 5: "&Eing_Abnehmerart5))/max_verkaufteWM*100} -> 0 | H38: % der Wärmemenge
A39: a | F39: jährlicher Grundpreis | H39: CHF/kW a
A40: b | F40: Arbeitspreis | H40: CHF/kWh
A41: c | F41: Vertragslaufzeit | H41: Jahre
A44: 216 | B44: Tarif 6 | G44: {=SUMPRODUCT(E3_Verbraucher!$D$18:$XFD$18*(E3_Verbraucher!$D$22:$XFD$22="T 6: "&Eing_Abnehmerart6))/max_verkaufteWM*100} -> 0 | H44: % der Wärmemenge
A45: a | F45: jährlicher Grundpreis | H45: CHF/kW a
A46: b | F46: Arbeitspreis | H46: CHF/kWh
A47: c | F47: Vertragslaufzeit | H47: Jahre

Sheet E3_Verbraucher
A1: 300 | B1: QM Holzheizwerke - Wirtschaftlichkeitsmodell - Eingabe Verbraucher
A3: 101a | C3: Eingabefeld
A4: 101b | C4: Standardwert oder Berechnung (kann geändert werden)
A5: 101c | C5: Feld für Übertrag aus Situationserfassung
A6: 206 | B6: Projekt/Variante: | C6: =IF(E1_Projektdaten!C8=0,"",E1_Projektdaten!C8) -> QMH Beispielprojekt 3
C7: =IF(E1_Projektdaten!C9=0,"",E1_Projektdaten!C9) -> Wärmeverbund Holz-WKK
C8: =IF(E1_Projektdaten!C10=0,"",E1_Projektdaten!C10)
A10: 207 | B10: Erfasst von: | C10: =IF(E1_Projektdaten!C12=0,"",E1_Projektdaten!C12) -> Datum, Erfasser:in
A12: 310 | B12: Eingaben Verbraucher
A14: 311 | B14: Allgemeines | C14: Nummer | D14: 1 | E14: 2 | F14: 3 | G14: 4 | H14: 5 | I14: 6 | J14: 7 | K14: 8 | L14: 9 | M14: 10 | N14: 11 | O14: 12 | P14: 13 | Q14: 14 | R14: 15 | S14: 16 | T14: 17 | U14: 18 | V14: 19 | W14: 20 | X14: 21 | Y14: 22 | Z14: 23 | AA14: 24 | AB14: 25 | AC14: 26 | AD14: 27 | AE14: 28 | AF14: 29 | AG14: 30 | AH14: 31 | AI14: 32 | AJ14: 33 | AK14: 34 | AL14: 35 | AM14: 36 | AN14: 37 | AO14: 38 | AP14: 39 | AQ14: 40 | AR14: 41 | AS14: 42
A15: 312 | C15: Bezeichnung | D15: Hotel | E15: Hotel | F15: Hotel | G15: Hotel | H15: Hotel | I15: Hotel | J15: Hotel | K15: Hotel | L15: Hotel | M15: Schulhaus | N15: übrige | O15: übrige | P15: Hotel | Q15: Hotel | R15: Hotel | S15: Hotel | T15: Hotel | U15: Hotel | V15: übrige | W15: übrige | X15: übrige | Y15: Hotel | Z15: Hotel | AA15: Hotel | AB15: Hotel | AC15: Hotel | AD15: Hotel | AE15: Whg | AF15: Whg | AG15: Whg | AH15: Whg | AI15: Hotel | AJ15: Hotel | AK15: Hotel | AL15: Hotel | AM15: Hotel | AN15: Hotel | AO15: Whg | AP15: Whg | AQ15: Whg | AR15: Whg | AS15: Whg
AQ16: 20 HA < 50 kW | AR16: 30 HA < 50 kW | AS16: 15 HA < 50 kW
A18: 320 | B18: Wärmebedarf | C18: Gesamtwärmebedarf [MWh/a] | D18: 340 | E18: 850 | F18: 150 | G18: 850 | H18: 510 | I18: 510 | J18: 340 | K18: 340 | L18: 255 | M18: 300 | N18: 80 | O18: 120 | P18: 425 | Q18: 500 | R18: 510 | S18: 765 | T18: 510 | U18: 340 | V18: 102 | W18: 100 | X18: 100 | Y18: 310 | Z18: 255 | AA18: 150 | AB18: 150 | AC18: 510 | AD18: 255 | AE18: 120 | AF18: 240 | AG18: 100 | AH18: 265 | AI18: 340 | AJ18: 170 | AK18: 255 | AL18: 170 | AM18: 166 | AN18: 350 | AO18: 300 | AP18: 400 | AQ18: 1600 | AR18: 2400 | AS18: 1000
A19: 321 | C19: abonnierte Leistung [kW] | D19: 200 | E19: 500 | F19: 100 | G19: 500 | H19: 300 | I19: 300 | J19: 200 | K19: 200 | L19: 150 | M19: 150 | N19: 40 | O19: 60 | P19: 250 | Q19: 300 | R19: 300 | S19: 450 | T19: 300 | U19: 200 | V19: 60 | W19: 50 | X19: 50 | Y19: 200 | Z19: 150 | AA19: 100 | AB19: 100 | AC19: 300 | AD19: 150 | AE19: 60 | AF19: 120 | AG19: 50 | AH19: 133 | AI19: 200 | AJ19: 100 | AK19: 150 | AL19: 100 | AM19: 100 | AN19: 200 | AO19: 150 | AP19: 200 | AQ19: 800 | AR19: 1200 | AS19: 500
A20: 322 | B20: Anschluss | C20: Wärmebedarf im Anschlussjahr [%] | D20: 0.5 | E20: 0.5 | F20: 0.5 | G20: 0.5 | H20: 0.5 | I20: 0.5 | J20: 0.5 | K20: 0.5 | L20: 0.5 | M20: 0.5 | N20: 0.5 | O20: 0.5 | P20: 0.5 | Q20: 0.5 | R20: 0.5 | S20: 0.5 | T20: 0.5 | U20: 0.5 | V20: 0.5 | W20: 0.5 | X20: 0.5 | Y20: 0.5 | Z20: 0.5 | AA20: 0.5 | AB20: 0.5 | AC20: 0.5 | AD20: 0.5 | AE20: 0.5 | AF20: 0.5 | AG20: 0.5 | AH20: 0.5 | AI20: 0.5 | AJ20: 0.5 | AK20: 0.5 | AL20: 0.5 | AM20: 0.5 | AN20: 0.5 | AO20: 0.5 | AP20: 0.5 | AQ20: 0.5 | AR20: 0.5 | AS20: 0.5
A21: 323 | C21: Anschlussjahr | D21: 2026 | E21: 2026 | F21: 2026 | G21: 2027 | H21: 2026 | I21: 2026 | J21: 2026 | K21: 2030 | L21: 2030 | M21: 2026 | N21: 2028 | O21: 2032 | P21: 2026 | Q21: 2028 | R21: 2035 | S21: 2026 | T21: 2027 | U21: 2026 | V21: 2026 | W21: 2029 | X21: 2028 | Y21: 2027 | Z21: 2026 | AA21: 2029 | AB21: 2026 | AC21: 2028 | AD21: 2026 | AE21: 2030 | AF21: 2026 | AG21: 2028 | AH21: 2026 | AI21: 2026 | AJ21: 2027 | AK21: 2027 | AL21: 2027 | AM21: 2027 | AN21: 2027 | AO21: 2027 | AP21: 2027 | AQ21: 2026 | AR21: 2028 | AS21: 2030
A22: 324 | B22: Tarif | C22: Wärmepreis-Tarif | D22: T 3: 101-500 | E22: T 3: 101-500 | F22: T 2: 51-100 | G22: T 3: 101-500 | H22: T 3: 101-500 | I22: T 3: 101-500 | J22: T 3: 101-500 | K22: T 3: 101-500 | L22: T 3: 101-500 | M22: T 3: 101-500 | N22: T 1: bis 50 kW | O22: T 2: 51-100 | P22: T 3: 101-500 | Q22: T 3: 101-500 | R22: T 3: 101-500 | S22: T 3: 101-500 | T22: T 3: 101-500 | U22: T 3: 101-500 | V22: T 2: 51-100 | W22: T 1: bis 50 kW | X22: T 1: bis 50 kW | Y22: T 3: 101-500 | Z22: T 3: 101-500 | AA22: T 2: 51-100 | AB22: T 2: 51-100 | AC22: T 3: 101-500 | AD22: T 3: 101-500 | AE22: T 2: 51-100 | AF22: T 3: 101-500 | AG22: T 1: bis 50 kW | AH22: T 3: 101-500 | AI22: T 3: 101-500 | AJ22: T 2: 51-100 | AK22: T 3: 101-500 | AL22: T 2: 51-100 | AM22: T 2: 51-100 | AN22: T 3: 101-500 | AO22: T 3: 101-500 | AP22: T 3: 101-500 | AQ22: T 1: bis 50 kW | AR22: T 1: bis 50 kW | AS22: T 1: bis 50 kW
A23: 325 | B23: (exkl. MWSt.) | C23: Anschlusskosten (einmalig) [CHF] | D23: =IF(D19<51,13000+800*D19,IF(D19<101,20000+700*D19,IF(D19<500,80000+400*D19,100000+300*D19))) -> 160000 | E23: =IF(E19<51,13000+800*E19,IF(E19<101,20000+700*E19,IF(E19<500,80000+400*E19,100000+300*E19))) -> 250000 | F23: =IF(F19<51,13000+800*F19,IF(F19<101,20000+700*F19,IF(F19<500,80000+400*F19,100000+300*F19))) -> 90000 | G23: =IF(G19<51,13000+800*G19,IF(G19<101,20000+700*G19,IF(G19<500,80000+400*G19,100000+300*G19))) -> 250000 | H23: =IF(H19<51,13000+800*H19,IF(H19<101,20000+700*H19,IF(H19<500,80000+400*H19,100000+300*H19))) -> 200000 | I23: =IF(I19<51,13000+800*I19,IF(I19<101,20000+700*I19,IF(I19<500,80000+400*I19,100000+300*I19))) -> 200000 | J23: =IF(J19<51,13000+800*J19,IF(J19<101,20000+700*J19,IF(J19<500,80000+400*J19,100000+300*J19))) -> 160000 | K23: =IF(K19<51,13000+800*K19,IF(K19<101,20000+700*K19,IF(K19<500,80000+400*K19,100000+300*K19))) -> 160000 | ... AP23: =IF(AP19<51,13000+800*AP19,IF(AP19<101,20000+700*AP19,IF(AP19<500,80000+400*AP19,100000+300*AP19))) -> 160000 | AQ23: =20*13000+800*AQ19 -> 900000 | AR23: =30*13000+800*AR19 -> 1350000 | AS23: =15*13000+800*AS19 -> 595000
A24: 326 | B24: Förderung | C24: einm. Förderung des Anschlusses | D24: =40*D18 -> 13600 | E24: =40*E18 -> 34000 | F24: =40*F18 -> 6000 | G24: =40*G18 -> 34000 | H24: =40*H18 -> 20400 | I24: =40*I18 -> 20400 | J24: =40*J18 -> 13600 | K24: =40*K18 -> 13600 | ... AS24: =40*AS18 -> 40000
A25: 330 | C25: jährliche Kapitalkosten [CHF/a] | D25: =IF(ISBLANK(D22),0,SUM(D23,-D24)/VLOOKUP(D22,$B$36:$E$41,4,0)) -> 7320 | E25: =IF(ISBLANK(E22),0,SUM(E23,-E24)/VLOOKUP(E22,$B$36:$E$41,4,0)) -> 10800 | F25: =IF(ISBLANK(F22),0,SUM(F23,-F24)/VLOOKUP(F22,$B$36:$E$41,4,0)) -> 4200 | G25: =IF(ISBLANK(G22),0,SUM(G23,-G24)/VLOOKUP(G22,$B$36:$E$41,4,0)) -> 10800 | H25: =IF(ISBLANK(H22),0,SUM(H23,-H24)/VLOOKUP(H22,$B$36:$E$41,4,0)) -> 8980 | I25: =IF(ISBLANK(I22),0,SUM(I23,-I24)/VLOOKUP(I22,$B$36:$E$41,4,0)) -> 8980 | J25: =IF(ISBLANK(J22),0,SUM(J23,-J24)/VLOOKUP(J22,$B$36:$E$41,4,0)) -> 7320 | K25: =IF(ISBLANK(K22),0,SUM(K23,-K24)/VLOOKUP(K22,$B$36:$E$41,4,0)) -> 7320 | ... IZ25: =IF(ISBLANK(IZ22),0,SUM(IZ23,-IZ24)/VLOOKUP(IZ22,$B$36:$E$41,4,0)) -> 0
A26: 331 | C26: jährliche Grundkosten [CHF/a] | D26: =IF(ISBLANK(D22),0,(D19*VLOOKUP(D22,$B$36:$D$41,3,0))) -> 43000 | E26: =IF(ISBLANK(E22),0,(E19*VLOOKUP(E22,$B$36:$D$41,3,0))) -> 107500 | F26: =IF(ISBLANK(F22),0,(F19*VLOOKUP(F22,$B$36:$D$41,3,0))) -> 23000 | G26: =IF(ISBLANK(G22),0,(G19*VLOOKUP(G22,$B$36:$D$41,3,0))) -> 107500 | H26: =IF(ISBLANK(H22),0,(H19*VLOOKUP(H22,$B$36:$D$41,3,0))) -> 64500 | I26: =IF(ISBLANK(I22),0,(I19*VLOOKUP(I22,$B$36:$D$41,3,0))) -> 64500 | J26: =IF(ISBLANK(J22),0,(J19*VLOOKUP(J22,$B$36:$D$41,3,0))) -> 43000 | K26: =IF(ISBLANK(K22),0,(K19*VLOOKUP(K22,$B$36:$D$41,3,0))) -> 43000 | ... IZ26: =IF(ISBLANK(IZ22),0,(IZ19*VLOOKUP(IZ22,$B$36:$D$41,3,0))) -> 0
A27: 332 | C27: jährliche Energiekosten [CHF/a] | D27: =IF(ISBLANK(D22),0,(D18*1000*VLOOKUP(D22,$B$36:$D$41,2,0))) -> 34000 | E27: =IF(ISBLANK(E22),0,(E18*1000*VLOOKUP(E22,$B$36:$D$41,2,0))) -> 85000 | F27: =IF(ISBLANK(F22),0,(F18*1000*VLOOKUP(F22,$B$36:$D$41,2,0))) -> 15000 | G27: =IF(ISBLANK(G22),0,(G18*1000*VLOOKUP(G22,$B$36:$D$41,2,0))) -> 85000 | H27: =IF(ISBLANK(H22),0,(H18*1000*VLOOKUP(H22,$B$36:$D$41,2,0))) -> 51000 | I27: =IF(ISBLANK(I22),0,(I18*1000*VLOOKUP(I22,$B$36:$D$41,2,0))) -> 51000 | J27: =IF(ISBLANK(J22),0,(J18*1000*VLOOKUP(J22,$B$36:$D$41,2,0))) -> 34000 | K27: =IF(ISBLANK(K22),0,(K18*1000*VLOOKUP(K22,$B$36:$D$41,2,0))) -> 34000 | ... IZ27: =IF(ISBLANK(IZ22),0,(IZ18*1000*VLOOKUP(IZ22,$B$36:$D$41,2,0))) -> 0
A28: 333 | C28: Grund- und Energiekosten [CHF/a] | D28: =IF(ISBLANK(D22),0,SUM(D26:D27)) -> 77000 | E28: =IF(ISBLANK(E22),0,SUM(E26:E27)) -> 192500 | F28: =IF(ISBLANK(F22),0,SUM(F26:F27)) -> 38000 | G28: =IF(ISBLANK(G22),0,SUM(G26:G27)) -> 192500 | H28: =IF(ISBLANK(H22),0,SUM(H26:H27)) -> 115500 | I28: =IF(ISBLANK(I22),0,SUM(I26:I27)) -> 115500 | J28: =IF(ISBLANK(J22),0,SUM(J26:J27)) -> 77000 | K28: =IF(ISBLANK(K22),0,SUM(K26:K27)) -> 77000 | ... IZ28: =IF(ISBLANK(IZ22),0,SUM(IZ26:IZ27)) -> 0
A29: 334 | C29: Jahreskosten [CHF/a] | D29: =IF(ISBLANK(D23),0,SUM(D25:D27)) -> 84320 | E29: =IF(ISBLANK(E23),0,SUM(E25:E27)) -> 203300 | F29: =IF(ISBLANK(F23),0,SUM(F25:F27)) -> 42200 | G29: =IF(ISBLANK(G23),0,SUM(G25:G27)) -> 203300 | H29: =IF(ISBLANK(H23),0,SUM(H25:H27)) -> 124480 | I29: =IF(ISBLANK(I23),0,SUM(I25:I27)) -> 124480 | J29: =IF(ISBLANK(J23),0,SUM(J25:J27)) -> 84320 | K29: =IF(ISBLANK(K23),0,SUM(K25:K27)) -> 84320 | ... IZ29: =IF(ISBLANK(IZ23),0,SUM(IZ25:IZ27)) -> 0
A30: 335 | C30: Wärmegestehungspreis [Rp/kWh] | D30: =IF(ISBLANK(D18),0,(D29/D18/10)) -> 24.8 | E30: =IF(ISBLANK(E18),0,(E29/E18/10)) -> 23.917647 | F30: =IF(ISBLANK(F18),0,(F29/F18/10)) -> 28.133333 | G30: =IF(ISBLANK(G18),0,(G29/G18/10)) -> 23.917647 | H30: =IF(ISBLANK(H18),0,(H29/H18/10)) -> 24.407843 | I30: =IF(ISBLANK(I18),0,(I29/I18/10)) -> 24.407843 | J30: =IF(ISBLANK(J18),0,(J29/J18/10)) -> 24.8 | K30: =IF(ISBLANK(K18),0,(K29/K18/10)) -> 24.8 | ... IZ30: =IF(ISBLANK(IZ18),0,(IZ29/IZ18/10)) -> 0
B35: Tarifname | C35: Arbeitstarif [CHF/kWh a] | D35: Leistungstarif [CHF/kW] | E35: Vertragslaufzeit [Jahre]
B36: ="T 1: "&Eing_Abnehmerart1 -> T 1: bis 50 kW | C36: =Eing_Arbeitspreis1 -> 0.1 | D36: =Eing_Leistungspreis1 -> 250 | E36: =Eing_Vertragslaufzeit1 -> 20
B37: ="T 2: "&Eing_Abnehmerart2 -> T 2: 51-100 | C37: =Eing_Arbeitspreis2 -> 0.1 | D37: =Eing_Leistungspreis2 -> 230 | E37: =Eing_Vertragslaufzeit2 -> 20
B38: ="T 3: "&Eing_Abnehmerart3 -> T 3: 101-500 | C38: =Eing_Arbeitspreis3 -> 0.1 | D38: =Eing_Leistungspreis3 -> 215 | E38: =Eing_Vertragslaufzeit3 -> 20
B39: ="T 4: "&Eing_Abnehmerart4 -> T 4: über 500 | C39: =Eing_Arbeitspreis4 -> 0.1 | D39: =Eing_Leistungspreis4 -> 200 | E39: =Eing_Vertragslaufzeit4 -> 20
B40: ="T 5: "&Eing_Abnehmerart5 -> T 5: | C40: =Eing_Arbeitspreis5 -> 0 | D40: =Eing_Leistungspreis5 -> 0 | E40: =Eing_Vertragslaufzeit5 -> 0
B41: ="T 6: "&Eing_Abnehmerart6 -> T 6: | C41: =Eing_Arbeitspreis6 -> 0 | D41: =Eing_Leistungspreis6 -> 0 | E41: =Eing_Vertragslaufzeit6 -> 0

Sheet B1_Berechnungen
A1: 500 | B1: QM Holzheizwerke - Wirtschaftlichkeitsmodell - Ergebnis
A3: 101a | D3: Eingabefeld
A4: 101b | D4: Standardwert oder Berechnung (kann geändert werden)
A6: 206 | B6: Projekt/Variante: | D6: =IF(E1_Projektdaten!C8=0,"",E1_Projektdaten!C8) -> QMH Beispielprojekt 3 | J6: 505 | K6: Wirtschaftliche Entwicklung (Diagramme) | AH6: 506 | AI6: Entwicklung Kreditstand / Restwert (Diagramm)
D7: =IF(E1_Projektdaten!C9=0,"",E1_Projektdaten!C9) -> Wärmeverbund Holz-WKK
D8: =IF(E1_Projektdaten!C10=0,"",E1_Projektdaten!C10)
A10: 207 | B10: Erfasst von: | D10: =IF(E1_Projektdaten!C12=0,"",E1_Projektdaten!C12) -> Datum, Erfasser:in
A12: 501 | B12: Warnungen: | D12: =IF(E1_Projektdaten!C14<>"",E1_Projektdaten!Y15,"") -> Es existieren Warnungen im Register 'E1_Projektdaten'!
G13: 511
A14: 510 | B14: Betriebskosten | E14: (100% Auslastung; Jahr 1) | F14: [CHF/a] | G14: Teuerung [%]
A15: a | B15: Total Betriebskosten | F15: =SUM(F16:F26) -> 2193192.8 | G15: {=IF(F15=0,0,SUMPRODUCT(F16:F26*G16:G26)/SUM(F16:F26))} -> 0.01
A16: b | C16: Brennstoff Biomasse | F16: =Energiekosten_Holzschnitzel -> 473168.59 | G16: =Eing_allg_Teuerung/100 -> 0.01
A17: c | C17: Energiekosten WKK | F17: =Energiekosten_WKK -> 591460.74 | G17: =Eing_allg_Teuerung/100 -> 0.01
A18: d | C18: Energiekosten Zusatzwärmeerzeuger | F18: =Energiekosten_Zusatz -> 0 | G18: =Eing_allg_Teuerung/100 -> 0.01
A19: e | C19: Energiekosten Abwärmenutzung | F19: =Energiekosten_AWN -> 0 | G19: =Eing_allg_Teuerung/100 -> 0.01
A20: f | C20: Brennstoff fossil | F20: =Energiekosten_fossil -> 202425.07 | G20: =Eing_allg_Teuerung/100 -> 0.01
A21: g | C21: Strom (Hilfsenergie + WP) | F21: =SUM(Stromkosten_Hilfsenergie,Stromkosten_WP) -> 14338.442 | G21: =Eing_allg_Teuerung/100 -> 0.01
A22: h | C22: Betriebskosten | F22: =Eing_Betriebskosten -> 100000 | G22: =Eing_allg_Teuerung/100 -> 0.01
A23: i | C23: Personalkosten | F23: =Eing_Administration -> 138800 | G23: =Eing_allg_Teuerung/100 -> 0.01
A24: j | C24: Unterhaltskosten | F24: =Eing_Unterhaltskosten -> 443000 | G24: =Eing_allg_Teuerung/100 -> 0.01
A25: k | C25: Miete /Pacht / Grundstückskosten | F25: =Eing_Kosten_Grundstück -> 30000 | G25: =Eing_allg_Teuerung/100 -> 0.01
A26: l | C26: Sonstige (Versicherung etc.) | F26: =Eing_Sonstige_Kosten -> 200000 | G26: =Eing_allg_Teuerung/100 -> 0.01
A28: q | E28: Ertrag Stromverkauf | F28: =-Ertrag_Stromeinspeisung -> -510376.85 | G28: =Eing_allg_Teuerung/100 -> 0.01
A29: r | E29: Ertrag Pflanzenkohle | F29: =-Ertrag_Pflanzenkohle -> -480000 | G29: =Eing_allg_Teuerung/100 -> 0.01
A30: w | B30: Wärmepreis | G30: =G15 -> 0.01
B32: Projektdaten | F32: CHF
A33: 145 | C33: Gesamtinvestitionsumme | F33: =Gesamtinvestition -> 38650000
A34: 165 | C34: Total Förderung | F34: =Gesamtsumme_Förderung -> 3000000
A35: 543 | E35: Total Anschlussbeiträge | F35: =SUM(G44:G68) -> -8296200
A36: 155 | E36: Eigenkapital | F36: =Eing_Eigenkapital -> 5000000
A37: 160 | E37: Total Fremdkapital | F37: =SUM(Eing_Kredit_1,Eing_Kredit_2) -> 28000000
A39: 530 | E39: Anlagekosten | I39: Finanzierung | N39: Ertrag | U39: Aufwand | V39: Energiekosten | AB39: Betrieb- und Unterhalt | AI39: Cashflow | AM39: Erfolgsrechnung | AQ39: Restwert | AT39: Hilfsberechnungen
B41: Jahr | C41: Wärmebedarf inkl. Netzverluste | D41: Aus-lastung | E41: Investitionen | F41: Förderung einmalig | G41: Anschluss-beitreäge | H41: Netto Investitionen | I41: Eigenmittel | J41: Kredit | K41: Finanzie-rungslücke | L41: kumulierter Cashflow (Vergleich) | M41: Verzinsung Investitions- summe | N41: Wärme-verkauf (inkl. jährl. Grundpreis) | O41: Strom-einspeisung | P41: Pflanzen-kohle | Q41: Förderung jährlich | R41: Zusätzlicher Ertrag | S41: Effektiver Ertrag | T41: Gesamt-ertrag | U41: Holz-schnitzel | V41: WKK | W41: Zusatzwärmeerzeuger | X41: Abwärme-nutzung | Y41: Brennstoff fossil | Z41: Strom WP | AA41: Strom (Hilfsenergie) | AB41: Betrieb + Administra-tion | AC41: Unterhalt | AD41: Sonstige + Miete/ Pacht | AE41: Zusätzlicher Aufwand | AF41: Effektiver Aufwand | AG41: Zins Kredite | AH41: Gesamt-aufwand vor Abschreibungen | AI41: Amortisation Kredite | AJ41: Gesamt-aufwand inkl. Kredit-amortisation | AK41: Cashflow | AL41: Kumulierter Cashflow | AM41: Ab-schreibung | AN41: Gesamt-aufwand inkl. Abschreibungen | AO41: Reingewinn/ -verlust | AP41: Kumulierter Gewinn / Verlust | AQ41: Restwert der Anlagen | AR41: Kreditstand | AS41: Jahr nach IBN | AT41: Stand Eigenmittel | AU41: Kreditguthaben 1 | AV41: Kreditbedarf 1 | AW41: Amortisation Kredit 1 | AX41: Kreditstand 1 | AY41: Kreditguthaben 2 | AZ41: Kreditbedarf 2 | BA41: Amortisation Kredit 2 | BB41: Kreditstand 2 | BC41: Invest; Restwert; CashFlow | BD41: Invest; CashFlow
B42: 531 | C42: 532 | D42: 533 | E42: 541 | F42: 542 | G42: 543 | H42: 544 | I42: 551 | J42: 552 | K42: 555 | L42: 582 | M42: 559 | N42: 561 | O42: 562 | P42: 563 | Q42: 564 | R42: 566 | S42: 567 | T42: 569 | U42: 571a | V42: 571b | W42: 571c | X42: 571d | Y42: 571e | Z42: 572a | AA42: 572b | AB42: 574a | AC42: 574b | AD42: 575 | AE42: 576 | AF42: 577 | AG42: 578 | AH42: 579 | AI42: 580 | AK42: 581 | AL42: 582 | AM42: 585 | AO42: 588 | AP42: 589 | AQ42: 591 | AR42: 592 | AS42: 599
B43: [JJJJ] | C43: MWh | D43: % | E43: CHF | F43: CHF | G43: CHF | H43: CHF | I43: CHF | J43: CHF | K43: CHF | L43: CHF | M43: % | N43: CHF | O43: CHF | P43: CHF | Q43: CHF | R43: CHF | S43: CHF | T43: CHF | U43: CHF | V43: CHF | W43: CHF | X43: CHF | Y43: CHF | Z43: CHF | AA43: CHF | AB43: CHF | AC43: CHF | AD43: CHF | AE43: CHF | AF43: CHF | AG43: CHF | AH43: CHF | AI43: CHF | AJ43: CHF | AK43: CHF | AL43: CHF | AM43: CHF | AN43: CHF | AO43: CHF | AP43: CHF | AQ43: CHF | AR43: CHF | AT43: CHF | AU43: CHF | AV43: CHF | AW43: CHF | AX43: CHF | AY43: CHF | AZ43: CHF | BA43: CHF | BB43: CHF
B44: =Eing_Beginnjahr -> 2024 | C44: {=(SUMPRODUCT((E3_Verbraucher!$D$21:$XFD$21<B1_Berechnungen!B44)*E3_Verbraucher!$D$18:$XFD$18)+SUMPRODUCT((E3_Verbraucher!$D$21:$XFD$21=B1_Berechnungen!B44)*E3_Verbraucher!$D$18:$XFD$18*E3_Verbraucher!$D$20:$XFD$20))/(100-Eing_Netzverluste)*100*(1-Eing_AbnW/100)^(B1_Berechnungen!B44-Eing_Beginnjahr)} -> 0 | D44: =IF(mittl_Erzeugte_Wärmemenge=0,0,C44/mittl_Erzeugte_Wärmemenge*100) -> 0 | E44: {=IF(AS44=0,0, (Eing_Kosten_Bau*(MOD((AS44),Eing_Nutzungsdauer_Bau)=0) +Eing_Invest_HolzAnlage*(MOD((AS44),Eing_Nutzungsdauer_Holz)=0) +Eing_Invest_WKKAnlage*(MOD((AS44),Eing_Nutzungsdauer_WKK)=0) +Eing_Invest_WPAnlage*(MOD((AS44),Eing_Nutzungsdauer_WP)=0) +Eing_Invest_SondenGrundwasser*(MOD((AS44),Eing_Nutzungsdauer_SondenGW)=0) +Eing_Invest_Zusatz*(MOD((AS44),Eing_Nutzungsdauer_Zusatz)=0) +Eing_Invest_AWN*(MOD((AS44),Eing_Nutzungsdauer_AWN)=0) +Eing_Invest_Spitzenlast*(MOD((AS44),Eing_Nutzungsdauer_Spitzenlast)=0) +Eing_Invest_Installationen*(MOD((AS44),Eing_Nutzungsdauer_Installationen)=0) +Eing_Invest_Wärmenetz*(MOD((AS44),Eing_Nutzungsdauer_Netz)=0) +Eing_Invest_Messung*(MOD((AS44),Eing_Nutzungsdauer_Messung)=0))*(1+Eing_allg_Teuerung/100)^(AS44)) +Gesamtinvestition*SUMPRODUCT((E1_Projektdaten!$D$83:$D$87=B44)*E1_Projektdaten!$F$83:$F$87)/100} -> 7730000 | F44: =-SUM(Einmaliger_Förderbeitrag_1*(B44=Förderungsauszahlung_1),Einmaliger_Förderbeitrag_2*(B44=Förderungsauszahlung_2),Einmaliger_Förderbeitrag_3*(B44=Förderungsauszahlung_3)) -> 0 | G44: {=-SUMPRODUCT((E3_Verbraucher!$D$21:$XFD$21=B1_Berechnungen!B44)*E3_Verbraucher!$D$23:$XFD$23)} -> 0 | H44: =SUM(E44:G44) -> 7730000 | I44: =IF(H44<=0,0,MIN(Eing_Eigenkapital,H44)) -> 5000000 | J44: =AV44+AZ44 -> 2730000 | K44: =-H44+SUM(I44:J44) -> 0 | L44: =AL44 -> -311900 | M44: =IF(ISNUMBER(IRR(BC44)),IRR(BC44),"-") -> - | N44: {=SUM((SUMPRODUCT((E3_Verbraucher!$D$21:$XFD$21<B1_Berechnungen!B44)*E3_Verbraucher!$D$26:$XFD$26)+SUMPRODUCT((E3_Verbraucher!$D$21:$XFD$21=B1_Berechnungen!B44)*E3_Verbraucher!$D$26:$XFD$26*E3_Verbraucher!$D$20:$XFD$20))*(1+$G$30)^(B44-B$44),(SUMPRODUCT((E3_Verbraucher!$D$21:$XFD$21<B1_Berechnungen!B44)*E3_Verbraucher!$D$27:$XFD$27)+SUMPRODUCT((E3_Verbraucher!$D$21:$XFD$21=B1_Berechnungen!B44)*E3_Verbraucher!$D$27:$XFD$27*E3_Verbraucher!$D$20:$XFD$20))*((1+$G$30)*(1-E1_Projektdaten!$D$20/100))^(B44-B$44))} -> 0 | O44: =-$F$28*D44/100*((1+$G$28)^(B44-$B$44)) -> 0 | P44: =-$F$29*D44/100*((1+$G$29)^(B44-$B$44)) -> 0 | Q44: =SUM(Eing_jährlicher_Förderbeitrag_1*((B44-Eing_Erstauszahlung_jährlFörderung_1)<=(Eing_Förderung_wiederholend_Laufzeit_1-1))*(B44>=Eing_Erstauszahlung_jährlFörderung_1),Eing_jährlicher_Förderbeitrag_2*((B44-Eing_Erstauszahlung_jährlFörderung_2)<=(Eing_Förderung_wiederholend_Laufzeit_2-1))*(B44>=Eing_Erstauszahlung_jährlFörderung_2)) -> 0 | T44: =IF(S44,S44,SUM(N44:R44)) -> 0 | U44: =Energiekosten_Holzschnitzel*D44/100*((1+$G$16)^(B44-$B$44)) -> 0 | V44: =Energiekosten_WKK*D44/100*((1+$G$17)^(B44-$B$44)) -> 0 | W44: =Energiekosten_Zusatz*D44/100*((1+$G$18)^(B44-$B$44)) -> 0 | X44: =Energiekosten_AWN*D44/100*((1+$G$19)^(B44-$B$44)) -> 0 | Y44: =Energiekosten_fossil*D44/100*(1+$G$20)^(B44-$B$44) -> 0 | Z44: =Stromkosten_WP*D44/100*((1+$G$21)^(B44-$B$44)) -> 0 | AA44: =Stromkosten_Hilfsenergie*D44/100*((1+$G$21)^(B44-$B$44)) -> 0 | AB44: =($F$22*(1+$G$22)^(B44-B$44)+$F$23*(1+$G$23)^(B44-B$44))*(B44>=Eing_JahrBegWLief)*VLOOKUP(B44,E1_Projektdaten!$D$83:$I$87,6)/100 -> 0 | AC44: =$F$24*(1+$G$24)^(B44-B$44)*(B44>=Eing_JahrBegWLief)*VLOOKUP(B44,E1_Projektdaten!$D$83:$I$87,6)/100 -> 0 | AD44: =Eing_Kosten_Grundstück*(1+$G$25)^(B44-B$44)+Eing_Sonstige_Kosten*(1+$G$26)^(B44-B$44) -> 230000 | AG44: =SUM(AX44*Eing_Kreditzinssatz_1/100,BB44*Eing_Kreditzinssatz_2/100) -> 81900 | AH44: =IF(AF44,SUM(AF44:AG44),SUM(U44:AG44)) -> 311900 | AI44: =SUM(AW44,BA44) -> 0 | AJ44: =SUM(AH44,AI44) -> 311900 | AK44: =SUM(-AJ44,T44) -> -311900 | AL44: =AK44 -> -311900 | AM44: =(E1_Projektdaten!$D$68*(1+Eing_allg_Teuerung/100)^(E1_Projektdaten!$I$68*ROUNDDOWN((AS44-1)/E1_Projektdaten!$I$68,0))/E1_Projektdaten!$I$68 +E1_Projektdaten!$D$69*(1+Eing_allg_Teuerung/100)^(E1_Projektdaten!$I$69*ROUNDDOWN((AS44-1)/E1_Projektdaten!$I$69,0))/E1_Projektdaten!$I$69 +E1_Projektdaten!$D$70*(1+Eing_allg_Teuerung/100)^(E1_Projektdaten!$I$70*ROUNDDOWN((AS44-1)/E1_Projektdaten!$I$69,0))/E1_Projektdaten!$I$70 +E1_Projektdaten!$D$71*(1+Eing_allg_Teuerung/100)^(E1_Projektdaten!$I$71*ROUNDDOWN((AS44-1)/E1_Projektdaten!$I$69,0))/E1_Projektdaten!$I$71 +E1_Projektdaten!$D$72*(1+Eing_allg_Teuerung/100)^(E1_Projektdaten!$I$72*ROUNDDOWN((AS44-1)/E1_Projektdaten!$I$69,0))/E1_Projektdaten!$I$72 +E1_Projektdaten!$D$74*(1+Eing_allg_Teuerung/100)^(E1_Projektdaten!$I$74*ROUNDDOWN((AS44-1)/E1_Projektdaten!$I$69,0))/E1_Projektdaten!$I$74 +E1_Projektdaten!$D$75*(1+Eing_allg_Teuerung/100)^(E1_Projektdaten!$I$75*ROUNDDOWN((AS44-1)/E1_Projektdaten!$I$75,0))/E1_Projektdaten!$I$75 +E1_Projektdaten!$D$76*(1+Eing_allg_Teuerung/100)^(E1_Projektdaten!$I$76*ROUNDDOWN((AS44-1)/E1_Projektdaten!$I$76,0))/E1_Projektdaten!$I$76 +E1_Projektdaten!$D$77*(1+Eing_allg_Teuerung/100)^(E1_Projektdaten!$I$77*ROUNDDOWN((AS44-1)/E1_Projektdaten!$I$77,0))/E1_Projektdaten!$I$77 +E1_Projektdaten!$D$78*(1+Eing_allg_Teuerung/100)^(E1_Projektdaten!$I$78*ROUNDDOWN((AS44-1)/E1_Projektdaten!$I$78,0))/E1_Projektdaten!$I$78 +E1_Projektdaten!$D$80*(1+Eing_allg_Teuerung/100)^(E1_Projektdaten!$I$80*ROUNDDOWN((AS44-1)/E1_Projektdaten!$I$69,0))/E1_Projektdaten!$I$80 )*((AS44)>0)*VLOOKUP(B44,E1_Projektdaten!$D$83:$I$87,6 )/100 -> 0 | AN44: =SUM(AH44,AM44) -> 311900 | AO44: =SUM(T44,-AN44) -> -311900 | AP44: =AO44 -> -311900 | AQ44: {=IF(AS44-1<=0,0, (Eing_Kosten_Bau*(MOD((AS44-1),Eing_Nutzungsdauer_Bau)=0) +Eing_Invest_HolzAnlage*(MOD((AS44-1),Eing_Nutzungsdauer_Holz)=0) +Eing_Invest_WKKAnlage*(MOD((AS44-1),Eing_Nutzungsdauer_WKK)=0) +Eing_Invest_WPAnlage*(MOD((AS44-1),Eing_Nutzungsdauer_WP)=0) +Eing_Invest_SondenGrundwasser*(MOD((AS44-1),Eing_Nutzungsdauer_SondenGW)=0) +Eing_Invest_AWN*(MOD((AS44-1),Eing_Nutzungsdauer_AWN)=0) +Eing_Invest_Spitzenlast*(MOD((AS44-1),Eing_Nutzungsdauer_Spitzenlast)=0) +Eing_Invest_Installationen*(MOD((AS44-1),Eing_Nutzungsdauer_Installationen)=0) +Eing_Invest_Wärmenetz*(MOD((AS44-1),Eing_Nutzungsdauer_Netz)=0) +Eing_Invest_Messung*(MOD((AS44-1),Eing_Nutzungsdauer_Messung)=0))*(1+Eing_allg_Teuerung/100)^(AS44-1)) +(Gesamtinvestition-SUM(E1_Projektdaten!$D$79:$D$80))*SUMPRODUCT((E1_Projektdaten!$D$83:$D$87=B44)*E1_Projektdaten!$F$83:$F$87)/100-AM44} -> 6130000 | AR44: =-SUM(AX44,BB44) -> -2730000 | AS44: =MAX(B1_Berechnungen!B44-E1_Projektdaten!$D$23,0) -> 0 | AT44: =Eing_Eigenkapital-B1_Berechnungen!I44 -> 0 | AU44: =(Eing_Kredit_1*(B44=Eing_Kreditstartjahr_1)) -> 25000000 | AV44: =IF((SUM(H$44:H44)-SUM(I$44:I44))<=AU44,MAX((SUM(H$44:H44)-SUM(I$44:I44)),0),AU44) -> 2730000 | AW44: =IF(Eing_Kreditlaufzeit_1=0,0,(IF(Eing_Kreditlaufzeit_1<>0,(Eing_Kredit_1/(Eing_Kreditlaufzeit_1+Eing_Kreditstartjahr_1-Eing_StartAmortisation_Kredit1))*(Eing_Kreditlaufzeit_1>B44-Eing_Kreditstartjahr_1)*(B44>=Eing_StartAmortisation_Kredit1)))) -> 0 | AX44: =AV44-AW44 -> 2730000 | AY44: =(Eing_Kredit_2*(B44=Eing_Kreditstartjahr_2)) -> 0 | AZ44: =IF((SUM(H$44:H44)-SUM(I$44:I44)-AV44)<=AY44,MAX((SUM(H$44:H44)-SUM(I$44:I44)-AV44),0),AY44) -> 0 | BA44: =IF(Eing_Kreditlaufzeit_2=0,0,(IF(Eing_Kreditlaufzeit_2<>0,(Eing_Kredit_2/(Eing_Kreditlaufzeit_2+Eing_Kreditstartjahr_2-Eing_StartAmortisation_Kredit2))*(Eing_Kreditlaufzeit_2>B44-Eing_Kreditstartjahr_2)*(B44>=Eing_StartAmortisation_Kredit2)))) -> 0 | BB44: =AZ44-BA44 -> 0 | BC44: =SUM(-H44,AK44,AQ44) -> -1911900 | BD44: =SUM(-H44,AK44) -> -8041900
B45: =B44+1 -> 2025 | C45: {=(SUMPRODUCT((E3_Verbraucher!$D$21:$XFD$21<B1_Berechnungen!B45)*E3_Verbraucher!$D$18:$XFD$18)+SUMPRODUCT((E3_Verbraucher!$D$21:$XFD$21=B1_Berechnungen!B45)*E3_Verbraucher!$D$18:$XFD$18*E3_Verbraucher!$D$20:$XFD$20))/(100-Eing_Netzverluste)*100*(1-Eing_AbnW/100)^(B1_Berechnungen!B45-Eing_Beginnjahr)} -> 0 | D45: =IF(mittl_Erzeugte_Wärmemenge=0,0,C45/mittl_Erzeugte_Wärmemenge*100) -> 0 | E45: {=IF(AS45=0,0, (Eing_Kosten_Bau*(MOD((AS45),Eing_Nutzungsdauer_Bau)=0) +Eing_Invest_HolzAnlage*(MOD((AS45),Eing_Nutzungsdauer_Holz)=0) +Eing_Invest_WKKAnlage*(MOD((AS45),Eing_Nutzungsdauer_WKK)=0) +Eing_Invest_WPAnlage*(MOD((AS45),Eing_Nutzungsdauer_WP)=0) +Eing_Invest_SondenGrundwasser*(MOD((AS45),Eing_Nutzungsdauer_SondenGW)=0) +Eing_Invest_Zusatz*(MOD((AS45),Eing_Nutzungsdauer_Zusatz)=0) +Eing_Invest_AWN*(MOD((AS45),Eing_Nutzungsdauer_AWN)=0) +Eing_Invest_Spitzenlast*(MOD((AS45),Eing_Nutzungsdauer_Spitzenlast)=0) +Eing_Invest_Installationen*(MOD((AS45),Eing_Nutzungsdauer_Installationen)=0) +Eing_Invest_Wärmenetz*(MOD((AS45),Eing_Nutzungsdauer_Netz)=0) +Eing_Invest_Messung*(MOD((AS45),Eing_Nutzungsdauer_Messung)=0))*(1+Eing_allg_Teuerung/100)^(AS45)) +Gesamtinvestition*SUMPRODUCT((E1_Projektdaten!$D$83:$D$87=B45)*E1_Projektdaten!$F$83:$F$87)/100} -> 11595000 | F45: =-SUM(Einmaliger_Förderbeitrag_1*(B45=Förderungsauszahlung_1),Einmaliger_Förderbeitrag_2*(B45=Förderungsauszahlung_2),Einmaliger_Förderbeitrag_3*(B45=Förderungsauszahlung_3)) -> 0 | G45: {=-SUMPRODUCT((E3_Verbraucher!$D$21:$XFD$21=B1_Berechnungen!B45)*E3_Verbraucher!$D$23:$XFD$23)} -> 0 | H45: =SUM(E45:G45) -> 11595000 | I45: =IF(H45<=0,0,MIN(AT44,H45)) -> 0 | J45: =AV45+AZ45 -> 14325000 | K45: =K44-H45+SUM(I45:J45) -> 2730000 | L45: =AL45 -> -1055850 | M45: =IF(ISNUMBER(IRR((BD$44:BD44,BC45))),IRR((BD$44:BD44,BC45)),"-") -> -0.62868849 | N45: {=SUM((SUMPRODUCT((E3_Verbraucher!$D$21:$XFD$21<B1_Berechnungen!B45)*E3_Verbraucher!$D$26:$XFD$26)+SUMPRODUCT((E3_Verbraucher!$D$21:$XFD$21=B1_Berechnungen!B45)*E3_Verbraucher!$D$26:$XFD$26*E3_Verbraucher!$D$20:$XFD$20))*(1+$G$30)^(B45-B$44),(SUMPRODUCT((E3_Verbraucher!$D$21:$XFD$21<B1_Berechnungen!B45)*E3_Verbraucher!$D$27:$XFD$27)+SUMPRODUCT((E3_Verbraucher!$D$21:$XFD$21=B1_Berechnungen!B45)*E3_Verbraucher!$D$27:$XFD$27*E3_Verbraucher!$D$20:$XFD$20))*((1+$G$30)*(1-E1_Projektdaten!$D$20/100))^(B45-B$44))} -> 0 | O45: =-$F$28*D45/100*((1+$G$28)^(B45-$B$44)) -> 0 | P45: =-$F$29*D45/100*((1+$G$29)^(B45-$B$44)) -> 0 | Q45: =SUM(Eing_jährlicher_Förderbeitrag_1*((B45-Eing_Erstauszahlung_jährlFörderung_1)<=(Eing_Förderung_wiederholend_Laufzeit_1-1))*(B45>=Eing_Erstauszahlung_jährlFörderung_1),Eing_jährlicher_Förderbeitrag_2*((B45-Eing_Erstauszahlung_jährlFörderung_2)<=(Eing_Förderung_wiederholend_Laufzeit_2-1))*(B45>=Eing_Erstauszahlung_jährlFörderung_2)) -> 0 | T45: =IF(S45,S45,SUM(N45:R45)) -> 0 | U45: =Energiekosten_Holzschnitzel*D45/100*((1+$G$16)^(B45-$B$44)) -> 0 | V45: =Energiekosten_WKK*D45/100*((1+$G$17)^(B45-$B$44)) -> 0 | W45: =Energiekosten_Zusatz*D45/100*((1+$G$18)^(B45-$B$44)) -> 0 | X45: =Energiekosten_AWN*D45/100*((1+$G$19)^(B45-$B$44)) -> 0 | Y45: =Energiekosten_fossil*D45/100*(1+$G$20)^(B45-$B$44) -> 0 | Z45: =Stromkosten_WP*D45/100*((1+$G$21)^(B45-$B$44)) -> 0 | AA45: =Stromkosten_Hilfsenergie*D45/100*((1+$G$21)^(B45-$B$44)) -> 0 | AB45: =($F$22*(1+$G$22)^(B45-B$44)+$F$23*(1+$G$23)^(B45-B$44))*(B45>=Eing_JahrBegWLief)*VLOOKUP(B45,E1_Projektdaten!$D$83:$I$87,6)/100 -> 0 | AC45: =$F$24*(1+$G$24)^(B45-B$44)*(B45>=Eing_JahrBegWLief)*VLOOKUP(B45,E1_Projektdaten!$D$83:$I$87,6)/100 -> 0 | AD45: =Eing_Kosten_Grundstück*(1+$G$25)^(B45-B$44)+Eing_Sonstige_Kosten*(1+$G$26)^(B45-B$44) -> 232300 | AG45: =SUM(AX45*Eing_Kreditzinssatz_1/100,BB45*Eing_Kreditzinssatz_2/100) -> 511650 | AH45: =IF(AF45,SUM(AF45:AG45),SUM(U45:AG45)) -> 743950 | AI45: =SUM(AW45,BA45) -> 0 | AJ45: =SUM(AH45,AI45) -> 743950 | AK45: =SUM(-AJ45,T45) -> -743950 | AL45: =AL44+AK45 -> -1055850 | AM45: =(E1_Projektdaten!$D$68*(1+Eing_allg_Teuerung/100)^(E1_Projektdaten!$I$68*ROUNDDOWN((AS45-1)/E1_Projektdaten!$I$68,0))/E1_Projektdaten!$I$68 +E1_Projektdaten!$D$69*(1+Eing_allg_Teuerung/100)^(E1_Projektdaten!$I$69*ROUNDDOWN((AS45-1)/E1_Projektdaten!$I$69,0))/E1_Projektdaten!$I$69 +E1_Projektdaten!$D$70*(1+Eing_allg_Teuerung/100)^(E1_Projektdaten!$I$70*ROUNDDOWN((AS45-1)/E1_Projektdaten!$I$69,0))/E1_Projektdaten!$I$70 +E1_Projektdaten!$D$71*(1+Eing_allg_Teuerung/100)^(E1_Projektdaten!$I$71*ROUNDDOWN((AS45-1)/E1_Projektdaten!$I$69,0))/E1_Projektdaten!$I$71 +E1_Projektdaten!$D$72*(1+Eing_allg_Teuerung/100)^(E1_Projektdaten!$I$72*ROUNDDOWN((AS45-1)/E1_Projektdaten!$I$69,0))/E1_Projektdaten!$I$72 +E1_Projektdaten!$D$74*(1+Eing_allg_Teuerung/100)^(E1_Projektdaten!$I$74*ROUNDDOWN((AS45-1)/E1_Projektdaten!$I$69,0))/E1_Projektdaten!$I$74 +E1_Projektdaten!$D$75*(1+Eing_allg_Teuerung/100)^(E1_Projektdaten!$I$75*ROUNDDOWN((AS45-1)/E1_Projektdaten!$I$75,0))/E1_Projektdaten!$I$75 +E1_Projektdaten!$D$76*(1+Eing_allg_Teuerung/100)^(E1_Projektdaten!$I$76*ROUNDDOWN((AS45-1)/E1_Projektdaten!$I$76,0))/E1_Projektdaten!$I$76 +E1_Projektdaten!$D$77*(1+Eing_allg_Teuerung/100)^(E1_Projektdaten!$I$77*ROUNDDOWN((AS45-1)/E1_Projektdaten!$I$77,0))/E1_Projektdaten!$I$77 +E1_Projektdaten!$D$78*(1+Eing_allg_Teuerung/100)^(E1_Projektdaten!$I$78*ROUNDDOWN((AS45-1)/E1_Projektdaten!$I$78,0))/E1_Projektdaten!$I$78 +E1_Projektdaten!$D$80*(1+Eing_allg_Teuerung/100)^(E1_Projektdaten!$I$80*ROUNDDOWN((AS45-1)/E1_Projektdaten!$I$69,0))/E1_Projektdaten!$I$80 )*((AS45)>0)*VLOOKUP(B45,E1_Projektdaten!$D$83:$I$87,6 )/100 -> 0 | AN45: =SUM(AH45,AM45) -> 743950 | AO45: =SUM(T45,-AN45) -> -743950 | AP45: =AP44+AO45 -> -1055850 | AQ45: {=IF(AS45-1<=0,0, (Eing_Kosten_Bau*(MOD((AS45-1),Eing_Nutzungsdauer_Bau)=0) +Eing_Invest_HolzAnlage*(MOD((AS45-1),Eing_Nutzungsdauer_Holz)=0) +Eing_Invest_WKKAnlage*(MOD((AS45-1),Eing_Nutzungsdauer_WKK)=0) +Eing_Invest_WPAnlage*(MOD((AS45-1),Eing_Nutzungsdauer_WP)=0) +Eing_Invest_SondenGrundwasser*(MOD((AS45-1),Eing_Nutzungsdauer_SondenGW)=0) +Eing_Invest_AWN*(MOD((AS45-1),Eing_Nutzungsdauer_AWN)=0) +Eing_Invest_Spitzenlast*(MOD((AS45-1),Eing_Nutzungsdauer_Spitzenlast)=0) +Eing_Invest_Installationen*(MOD((AS45-1),Eing_Nutzungsdauer_Installationen)=0) +Eing_Invest_Wärmenetz*(MOD((AS45-1),Eing_Nutzungsdauer_Netz)=0) +Eing_Invest_Messung*(MOD((AS45-1),Eing_Nutzungsdauer_Messung)=0))*(1+Eing_allg_Teuerung/100)^(AS45-1)) +(Gesamtinvestition-SUM(E1_Projektdaten!$D$79:$D$80))*SUMPRODUCT((E1_Projektdaten!$D$83:$D$87=B45)*E1_Projektdaten!$F$83:$F$87)/100-AM45 +AQ44} -> 15325000 | AR45: =-SUM(AX45,BB45) -> -17055000 | AS45: =MAX(B1_Berechnungen!B45-E1_Projektdaten!$D$23,0) -> 0 | AT45: =AT44-B1_Berechnungen!I45 -> 0 | AU45: =AU44-AV44+(Eing_Kredit_1*(B45=Eing_Kreditstartjahr_1)) -> 22270000 | AV45: =IF((SUM(H$44:H45)-SUM(I$44:I45))<=AU45,MAX((SUM(H$44:H45)-SUM(I$44:I45)),0),AU45) -> 14325000 | AW45: =IF(Eing_Kreditlaufzeit_1=0,0,(IF(Eing_Kreditlaufzeit_1<>0,(Eing_Kredit_1/(Eing_Kreditlaufzeit_1+Eing_Kreditstartjahr_1-Eing_StartAmortisation_Kredit1))*(Eing_Kreditlaufzeit_1>B45-Eing_Kreditstartjahr_1)*(B45>=Eing_StartAmortisation_Kredit1)))) -> 0 | AX45: =AX44+AV45-AW45 -> 17055000 | AY45: =AY44-AZ44+(Eing_Kredit_2*(B45=Eing_Kreditstartjahr_2)) -> 0 | AZ45: =IF((SUM(H$44:H45)-SUM(I$44:I45)-AV45)<=AY45,MAX((SUM(H$44:H45)-SUM(I$44:I45)-AV45),0),AY45) -> 0 | BA45: =IF(Eing_Kreditlaufzeit_2=0,0,(IF(Eing_Kreditlaufzeit_2<>0,(Eing_Kredit_2/(Eing_Kreditlaufzeit_2+Eing_Kreditstartjahr_2-Eing_StartAmortisation_Kredit2))*(Eing_Kreditlaufzeit_2>B45-Eing_Kreditstartjahr_2)*(B45>=Eing_StartAmortisation_Kredit2)))) -> 0 | BB45: =BB44+AZ45-BA45 -> 0 | BC45: =SUM(-H45,AK45,AQ45) -> 2986050 | BD45: =SUM(-H45,AK45) -> -12338950
B46: =B45+1 -> 2026 | C46: {=(SUMPRODUCT((E3_Verbraucher!$D$21:$XFD$21<B1_Berechnungen!B46)*E3_Verbraucher!$D$18:$XFD$18)+SUMPRODUCT((E3_Verbraucher!$D$21:$XFD$21=B1_Berechnungen!B46)*E3_Verbraucher!$D$18:$XFD$18*E3_Verbraucher!$D$20:$XFD$20))/(100-Eing_Netzverluste)*100*(1-Eing_AbnW/100)^(B1_Berechnungen!B46-Eing_Beginnjahr)} -> 4212.7965 | D46: =IF(mittl_Erzeugte_Wärmemenge=0,0,C46/mittl_Erzeugte_Wärmemenge*100) -> 29.381131 | E46: {=IF(AS46=0,0, (Eing_Kosten_Bau*(MOD((AS46),Eing_Nutzungsdauer_Bau)=0) +Eing_Invest_HolzAnlage*(MOD((AS46),Eing_Nutzungsdauer_Holz)=0) +Eing_Invest_WKKAnlage*(MOD((AS46),Eing_Nutzungsdauer_WKK)=0) +Eing_Invest_WPAnlage*(MOD((AS46),Eing_Nutzungsdauer_WP)=0) +Eing_Invest_SondenGrundwasser*(MOD((AS46),Eing_Nutzungsdauer_SondenGW)=0) +Eing_Invest_Zusatz*(MOD((AS46),Eing_Nutzungsdauer_Zusatz)=0) +Eing_Invest_AWN*(MOD((AS46),Eing_Nutzungsdauer_AWN)=0) +Eing_Invest_Spitzenlast*(MOD((AS46),Eing_Nutzungsdauer_Spitzenlast)=0) +Eing_Invest_Installationen*(MOD((AS46),Eing_Nutzungsdauer_Installationen)=0) +Eing_Invest_Wärmenetz*(MOD((AS46),Eing_Nutzungsdauer_Netz)=0) +Eing_Invest_Messung*(MOD((AS46),Eing_Nutzungsdauer_Messung)=0))*(1+Eing_allg_Teuerung/100)^(AS46)) +Gesamtinvestition*SUMPRODUCT((E1_Projektdaten!$D$83:$D$87=B46)*E1_Projektdaten!$F$83:$F$87)/100} -> 15460000 | F46: =-SUM(Einmaliger_Förderbeitrag_1*(B46=Förderungsauszahlung_1),Einmaliger_Förderbeitrag_2*(B46=Förderungsauszahlung_2),Einmaliger_Förderbeitrag_3*(B46=Förderungsauszahlung_3)) -> 0 | G46: {=-SUMPRODUCT((E3_Verbraucher!$D$21:$XFD$21=B1_Berechnungen!B46)*E3_Verbraucher!$D$23:$XFD$23)} -> -3553200 | H46: =SUM(E46:G46) -> 11906800 | I46: =IF(H46<=0,0,MIN(AT45,H46)) -> 0 | J46: =AV46+AZ46 -> 10945000 | K46: =K45-H46+SUM(I46:J46) -> 1768200 | L46: =AL46 -> -2022156.1 | M46: =IF(ISNUMBER(IRR((BD$44:BD45,BC46))),IRR((BD$44:BD45,BC46)),"-") -> -0.21219064 | N46: {=SUM((SUMPRODUCT((E3_Verbraucher!$D$21:$XFD$21<B1_Berechnungen!B46)*E3_Verbraucher!$D$26:$XFD$26)+SUMPRODUCT((E3_Verbraucher!$D$21:$XFD$21=B1_Berechnungen!B46)*E3_Verbraucher!$D$26:$XFD$26*E3_Verbraucher!$D$20:$XFD$20))*(1+$G$30)^(B46-B$44),(SUMPRODUCT((E3_Verbraucher!$D$21:$XFD$21<B1_Berechnungen!B46)*E3_Verbraucher!$D$27:$XFD$27)+SUMPRODUCT((E3_Verbraucher!$D$21:$XFD$21=B1_Berechnungen!B46)*E3_Verbraucher!$D$27:$XFD$27*E3_Verbraucher!$D$20:$XFD$20))*((1+$G$30)*(1-E1_Projektdaten!$D$20/100))^(B46-B$44))} -> 881493.08 | O46: =-$F$28*D46/100*((1+$G$28)^(B46-$B$44)) -> 152968.58 | P46: =-$F$29*D46/100*((1+$G$29)^(B46-$B$44)) -> 143864.12 | Q46: =SUM(Eing_jährlicher_Förderbeitrag_1*((B46-Eing_Erstauszahlung_jährlFörderung_1)<=(Eing_Förderung_wiederholend_Laufzeit_1-1))*(B46>=Eing_Erstauszahlung_jährlFörderung_1),Eing_jährlicher_Förderbeitrag_2*((B46-Eing_Erstauszahlung_jährlFörderung_2)<=(Eing_Förderung_wiederholend_Laufzeit_2-1))*(B46>=Eing_Erstauszahlung_jährlFörderung_2)) -> 0 | T46: =IF(S46,S46,SUM(N46:R46)) -> 1178325.8 | U46: =Energiekosten_Holzschnitzel*D46/100*((1+$G$16)^(B46-$B$44)) -> 141816.63 | V46: =Energiekosten_WKK*D46/100*((1+$G$17)^(B46-$B$44)) -> 177270.79 | W46: =Energiekosten_Zusatz*D46/100*((1+$G$18)^(B46-$B$44)) -> 0 | X46: =Energiekosten_AWN*D46/100*((1+$G$19)^(B46-$B$44)) -> 0 | Y46: =Energiekosten_fossil*D46/100*(1+$G$20)^(B46-$B$44) -> 60670.217 | Z46: =Stromkosten_WP*D46/100*((1+$G$21)^(B46-$B$44)) -> 0 | AA46: =Stromkosten_Hilfsenergie*D46/100*((1+$G$21)^(B46-$B$44)) -> 4297.4737 | AB46: =($F$22*(1+$G$22)^(B46-B$44)+$F$23*(1+$G$23)^(B46-B$44))*(B46>=Eing_JahrBegWLief)*VLOOKUP(B46,E1_Projektdaten!$D$83:$I$87,6)/100 -> 219239.89 | AC46: =$F$24*(1+$G$24)^(B46-B$44)*(B46>=Eing_JahrBegWLief)*VLOOKUP(B46,E1_Projektdaten!$D$83:$I$87,6)/100 -> 406713.87 | AD46: =Eing_Kosten_Grundstück*(1+$G$25)^(B46-B$44)+Eing_Sonstige_Kosten*(1+$G$26)^(B46-B$44) -> 234623 | AG46: =SUM(AX46*Eing_Kreditzinssatz_1/100,BB46*Eing_Kreditzinssatz_2/100) -> 900000 | AH46: =IF(AF46,SUM(AF46:AG46),SUM(U46:AG46)) -> 2144631.9 | AI46: =SUM(AW46,BA46) -> 0 | AJ46: =SUM(AH46,AI46) -> 2144631.9 | AK46: =SUM(-AJ46,T46) -> -966306.1 | AL46: =AL45+AK46 -> -2022156.1 | AM46: =(E1_Projektdaten!$D$68*(1+Eing_allg_Teuerung/100)^(E1_Projektdaten!$I$68*ROUNDDOWN((AS46-1)/E1_Projektdaten!$I$68,0))/E1_Projektdaten!$I$68 +E1_Projektdaten!$D$69*(1+Eing_allg_Teuerung/100)^(E1_Projektdaten!$I$69*ROUNDDOWN((AS46-1)/E1_Projektdaten!$I$69,0))/E1_Projektdaten!$I$69 +E1_Projektdaten!$D$70*(1+Eing_allg_Teuerung/100)^(E1_Projektdaten!$I$70*ROUNDDOWN((AS46-1)/E1_Projektdaten!$I$69,0))/E1_Projektdaten!$I$70 +E1_Projektdaten!$D$71*(1+Eing_allg_Teuerung/100)^(E1_Projektdaten!$I$71*ROUNDDOWN((AS46-1)/E1_Projektdaten!$I$69,0))/E1_Projektdaten!$I$71 +E1_Projektdaten!$D$72*(1+Eing_allg_Teuerung/100)^(E1_Projektdaten!$I$72*ROUNDDOWN((AS46-1)/E1_Projektdaten!$I$69,0))/E1_Projektdaten!$I$72 +E1_Projektdaten!$D$74*(1+Eing_allg_Teuerung/100)^(E1_Projektdaten!$I$74*ROUNDDOWN((AS46-1)/E1_Projektdaten!$I$69,0))/E1_Projektdaten!$I$74 +E1_Projektdaten!$D$75*(1+Eing_allg_Teuerung/100)^(E1_Projektdaten!$I$75*ROUNDDOWN((AS46-1)/E1_Projektdaten!$I$75,0))/E1_Projektdaten!$I$75 +E1_Projektdaten!$D$76*(1+Eing_allg_Teuerung/100)^(E1_Projektdaten!$I$76*ROUNDDOWN((AS46-1)/E1_Projektdaten!$I$76,0))/E1_Projektdaten!$I$76 +E1_Projektdaten!$D$77*(1+Eing_allg_Teuerung/100)^(E1_Projektdaten!$I$77*ROUNDDOWN((AS46-1)/E1_Projektdaten!$I$77,0))/E1_Projektdaten!$I$77 +E1_Projektdaten!$D$78*(1+Eing_allg_Teuerung/100)^(E1_Projektdaten!$I$78*ROUNDDOWN((AS46-1)/E1_Projektdaten!$I$78,0))/E1_Projektdaten!$I$78 +E1_Projektdaten!$D$80*(1+Eing_allg_Teuerung/100)^(E1_Projektdaten!$I$80*ROUNDDOWN((AS46-1)/E1_Projektdaten!$I$69,0))/E1_Projektdaten!$I$80 )*((AS46)>0)*VLOOKUP(B46,E1_Projektdaten!$D$83:$I$87,6 )/100 -> 0 | AN46: =SUM(AH46,AM46) -> 2144631.9 | AO46: =SUM(T46,-AN46) -> -966306.1 | AP46: =AP45+AO46 -> -2022156.1 | AQ46: {=IF(AS46-1<=0,0, (Eing_Kosten_Bau*(MOD((AS46-1),Eing_Nutzungsdauer_Bau)=0) +Eing_Invest_HolzAnlage*(MOD((AS46-1),Eing_Nutzungsdauer_Holz)=0) +Eing_Invest_WKKAnlage*(MOD((AS46-1),Eing_Nutzungsdauer_WKK)=0) +Eing_Invest_WPAnlage*(MOD((AS46-1),Eing_Nutzungsdauer_WP)=0) +Eing_Invest_SondenGrundwasser*(MOD((AS46-1),Eing_Nutzungsdauer_SondenGW)=0) +Eing_Invest_AWN*(MOD((AS46-1),Eing_Nutzungsdauer_AWN)=0) +Eing_Invest_Spitzenlast*(MOD((AS46-1),Eing_Nutzungsdauer_Spitzenlast)=0) +Eing_Invest_Installationen*(MOD((AS46-1),Eing_Nutzungsdauer_Installationen)=0) +Eing_Invest_Wärmenetz*(MOD((AS46-1),Eing_Nutzungsdauer_Netz)=0) +Eing_Invest_Messung*(MOD((AS46-1),Eing_Nutzungsdauer_Messung)=0))*(1+Eing_allg_Teuerung/100)^(AS46-1)) +(Gesamtinvestition-SUM(E1_Projektdaten!$D$79:$D$80))*SUMPRODUCT((E1_Projektdaten!$D$83:$D$87=B46)*E1_Projektdaten!$F$83:$F$87)/100-AM46 +AQ45} -> 27585000 | AR46: =-SUM(AX46,BB46) -> -28000000 | AS46: =MAX(B1_Berechnungen!B46-E1_Projektdaten!$D$23,0) -> 0 | AT46: =AT45-B1_Berechnungen!I46 -> 0 | AU46: =AU45-AV45+(Eing_Kredit_1*(B46=Eing_Kreditstartjahr_1)) -> 7945000 | AV46: =IF((SUM(H$44:H46)-SUM(I$44:I46))<=AU46,MAX((SUM(H$44:H46)-SUM(I$44:I46)),0),AU46) -> 7945000 | AW46: =IF(Eing_Kreditlaufzeit_1=0,0,(IF(Eing_Kreditlaufzeit_1<>0,(Eing_Kredit_1/(Eing_Kreditlaufzeit_1+Eing_Kreditstartjahr_1-Eing_StartAmortisation_Kredit1))*(Eing_Kreditlaufzeit_1>B46-Eing_Kreditstartjahr_1)*(B46>=Eing_StartAmortisation_Kredit1)))) -> 0 | AX46: =AX45+AV46-AW46 -> 25000000 | AY46: =AY45-AZ45+(Eing_Kredit_2*(B46=Eing_Kreditstartjahr_2)) -> 3000000 | AZ46: =IF((SUM(H$44:H46)-SUM(I$44:I46)-AV46)<=AY46,MAX((SUM(H$44:H46)-SUM(I$44:I46)-AV46),0),AY46) -> 3000000 | BA46: =IF(Eing_Kreditlaufzeit_2=0,0,(IF(Eing_Kreditlaufzeit_2<>0,(Eing_Kredit_2/(Eing_Kreditlaufzeit_2+Eing_Kreditstartjahr_2-Eing_StartAmortisation_Kredit2))*(Eing_Kreditlaufzeit_2>B46-Eing_Kreditstartjahr_2)*(B46>=Eing_StartAmortisation_Kredit2)))) -> 0 | BB46: =BB45+AZ46-BA46 -> 3000000 | BC46: =SUM(-H46,AK46,AQ46) -> 14711894 | BD46: =SUM(-H46,AK46) -> -12873106
B47: =B46+1 -> 2027 | C47: {=(SUMPRODUCT((E3_Verbraucher!$D$21:$XFD$21<B1_Berechnungen!B47)*E3_Verbraucher!$D$18:$XFD$18)+SUMPRODUCT((E3_Verbraucher!$D$21:$XFD$21=B1_Berechnungen!B47)*E3_Verbraucher!$D$18:$XFD$18*E3_Verbraucher!$D$20:$XFD$20))/(100-Eing_Netzverluste)*100*(1-Eing_AbnW/100)^(B1_Berechnungen!B47-Eing_Beginnjahr)} -> 10217.788 | D47: =IF(mittl_Erzeugte_Wärmemenge=0,0,C47/mittl_Erzeugte_Wärmemenge*100) -> 71.26149 | E47: {=IF(AS47=0,0, (Eing_Kosten_Bau*(MOD((AS47),Eing_Nutzungsdauer_Bau)=0) +Eing_Invest_HolzAnlage*(MOD((AS47),Eing_Nutzungsdauer_Holz)=0) +Eing_Invest_WKKAnlage*(MOD((AS47),Eing_Nutzungsdauer_WKK)=0) +Eing_Invest_WPAnlage*(MOD((AS47),Eing_Nutzungsdauer_WP)=0) +Eing_Invest_SondenGrundwasser*(MOD((AS47),Eing_Nutzungsdauer_SondenGW)=0) +Eing_Invest_Zusatz*(MOD((AS47),Eing_Nutzungsdauer_Zusatz)=0) +Eing_Invest_AWN*(MOD((AS47),Eing_Nutzungsdauer_AWN)=0) +Eing_Invest_Spitzenlast*(MOD((AS47),Eing_Nutzungsdauer_Spitzenlast)=0) +Eing_Invest_Installationen*(MOD((AS47),Eing_Nutzungsdauer_Installationen)=0) +Eing_Invest_Wärmenetz*(MOD((AS47),Eing_Nutzungsdauer_Netz)=0) +Eing_Invest_Messung*(MOD((AS47),Eing_Nutzungsdauer_Messung)=0))*(1+Eing_allg_Teuerung/100)^(AS47)) +Gesamtinvestition*SUMPRODUCT((E1_Projektdaten!$D$83:$D$87=B47)*E1_Projektdaten!$F$83:$F$87)/100} -> 3865000 | F47: =-SUM(Einmaliger_Förderbeitrag_1*(B47=Förderungsauszahlung_1),Einmaliger_Förderbeitrag_2*(B47=Förderungsauszahlung_2),Einmaliger_Förderbeitrag_3*(B47=Förderungsauszahlung_3)) -> 0 | G47: {=-SUMPRODUCT((E3_Verbraucher!$D$21:$XFD$21=B1_Berechnungen!B47)*E3_Verbraucher!$D$23:$XFD$23)} -> -1480000 | H47: =SUM(E47:G47) -> 2385000 | I47: =IF(H47<=0,0,MIN(AT46,H47)) -> 0 | J47: =AV47+AZ47 -> 0 | K47: =K46-H47+SUM(I47:J47) -> -616800 | L47: =AL47 -> -2617116.9 | M47: =IF(ISNUMBER(IRR((BD$44:BD46,BC47))),IRR((BD$44:BD46,BC47)),"-") -> -0.11727841 | N47: {=SUM((SUMPRODUCT((E3_Verbraucher!$D$21:$XFD$21<B1_Berechnungen!B47)*E3_Verbraucher!$D$26:$XFD$26)+SUMPRODUCT((E3_Verbraucher!$D$21:$XFD$21=B1_Berechnungen!B47)*E3_Verbraucher!$D$26:$XFD$26*E3_Verbraucher!$D$20:$XFD$20))*(1+$G$30)^(B47-B$44),(SUMPRODUCT((E3_Verbraucher!$D$21:$XFD$21<B1_Berechnungen!B47)*E3_Verbraucher!$D$27:$XFD$27)+SUMPRODUCT((E3_Verbraucher!$D$21:$XFD$21=B1_Berechnungen!B47)*E3_Verbraucher!$D$27:$XFD$27*E3_Verbraucher!$D$20:$XFD$20))*((1+$G$30)*(1-E1_Projektdaten!$D$20/100))^(B47-B$44))} -> 2170633.9 | O47: =-$F$28*D47/100*((1+$G$28)^(B47-$B$44)) -> 374722.69 | P47: =-$F$29*D47/100*((1+$G$29)^(B47-$B$44)) -> 352419.77 | Q47: =SUM(Eing_jährlicher_Förderbeitrag_1*((B47-Eing_Erstauszahlung_jährlFörderung_1)<=(Eing_Förderung_wiederholend_Laufzeit_1-1))*(B47>=Eing_Erstauszahlung_jährlFörderung_1),Eing_jährlicher_Förderbeitrag_2*((B47-Eing_Erstauszahlung_jährlFörderung_2)<=(Eing_Förderung_wiederholend_Laufzeit_2-1))*(B47>=Eing_Erstauszahlung_jährlFörderung_2)) -> 0 | T47: =IF(S47,S47,SUM(N47:R47)) -> 2897776.4 | U47: =Energiekosten_Holzschnitzel*D47/100*((1+$G$16)^(B47-$B$44)) -> 347404.09 | V47: =Energiekosten_WKK*D47/100*((1+$G$17)^(B47-$B$44)) -> 434255.11 | W47: =Energiekosten_Zusatz*D47/100*((1+$G$18)^(B47-$B$44)) -> 0 | X47: =Energiekosten_AWN*D47/100*((1+$G$19)^(B47-$B$44)) -> 0 | Y47: =Energiekosten_fossil*D47/100*(1+$G$20)^(B47-$B$44) -> 148622.07 | Z47: =Stromkosten_WP*D47/100*((1+$G$21)^(B47-$B$44)) -> 0 | AA47: =Stromkosten_Hilfsenergie*D47/100*((1+$G$21)^(B47-$B$44)) -> 10527.397 | AB47: =($F$22*(1+$G$22)^(B47-B$44)+$F$23*(1+$G$23)^(B47-B$44))*(B47>=Eing_JahrBegWLief)*VLOOKUP(B47,E1_Projektdaten!$D$83:$I$87,6)/100 -> 246035.88 | AC47: =$F$24*(1+$G$24)^(B47-B$44)*(B47>=Eing_JahrBegWLief)*VLOOKUP(B47,E1_Projektdaten!$D$83:$I$87,6)/100 -> 456423.34 | AD47: =Eing_Kosten_Grundstück*(1+$G$25)^(B47-B$44)+Eing_Sonstige_Kosten*(1+$G$26)^(B47-B$44) -> 236969.23 | AG47: =SUM(AX47*Eing_Kreditzinssatz_1/100,BB47*Eing_Kreditzinssatz_2/100) -> 862500 | AH47: =IF(AF47,SUM(AF47:AG47),SUM(U47:AG47)) -> 2742737.1 | AI47: =SUM(AW47,BA47) -> 750000 | AJ47: =SUM(AH47,AI47) -> 3492737.1 | AK47: =SUM(-AJ47,T47) -> -594960.77 | AL47: =AL46+AK47 -> -2617116.9 | AM47: =(E1_Projektdaten!$D$68*(1+Eing_allg_Teuerung/100)^(E1_Projektdaten!$I$68*ROUNDDOWN((AS47-1)/E1_Projektdaten!$I$68,0))/E1_Projektdaten!$I$68 +E1_Projektdaten!$D$69*(1+Eing_allg_Teuerung/100)^(E1_Projektdaten!$I$69*ROUNDDOWN((AS47-1)/E1_Projektdaten!$I$69,0))/E1_Projektdaten!$I$69 +E1_Projektdaten!$D$70*(1+Eing_allg_Teuerung/100)^(E1_Projektdaten!$I$70*ROUNDDOWN((AS47-1)/E1_Projektdaten!$I$69,0))/E1_Projektdaten!$I$70 +E1_Projektdaten!$D$71*(1+Eing_allg_Teuerung/100)^(E1_Projektdaten!$I$71*ROUNDDOWN((AS47-1)/E1_Projektdaten!$I$69,0))/E1_Projektdaten!$I$71 +E1_Projektdaten!$D$72*(1+Eing_allg_Teuerung/100)^(E1_Projektdaten!$I$72*ROUNDDOWN((AS47-1)/E1_Projektdaten!$I$69,0))/E1_Projektdaten!$I$72 +E1_Projektdaten!$D$74*(1+Eing_allg_Teuerung/100)^(E1_Projektdaten!$I$74*ROUNDDOWN((AS47-1)/E1_Projektdaten!$I$69,0))/E1_Projektdaten!$I$74 +E1_Projektdaten!$D$75*(1+Eing_allg_Teuerung/100)^(E1_Projektdaten!$I$75*ROUNDDOWN((AS47-1)/E1_Projektdaten!$I$75,0))/E1_Projektdaten!$I$75 +E1_Projektdaten!$D$76*(1+Eing_allg_Teuerung/100)^(E1_Projektdaten!$I$76*ROUNDDOWN((AS47-1)/E1_Projektdaten!$I$76,0))/E1_Projektdaten!$I$76 +E1_Projektdaten!$D$77*(1+Eing_allg_Teuerung/100)^(E1_Projektdaten!$I$77*ROUNDDOWN((AS47-1)/E1_Projektdaten!$I$77,0))/E1_Projektdaten!$I$77 +E1_Projektdaten!$D$78*(1+Eing_allg_Teuerung/100)^(E1_Projektdaten!$I$78*ROUNDDOWN((AS47-1)/E1_Projektdaten!$I$78,0))/E1_Projektdaten!$I$78 +E1_Projektdaten!$D$80*(1+Eing_allg_Teuerung/100)^(E1_Projektdaten!$I$80*ROUNDDOWN((AS47-1)/E1_Projektdaten!$I$69,0))/E1_Projektdaten!$I$80 )*((AS47)>0)*VLOOKUP(B47,E1_Projektdaten!$D$83:$I$87,6 )/100 -> 1160858.2 | AN47: =SUM(AH47,AM47) -> 3903595.3 | AO47: =SUM(T47,-AN47) -> -1005818.9 | AP47: =AP46+AO47 -> -3027975 | AQ47: {=IF(AS47-1<=0,0, (Eing_Kosten_Bau*(MOD((AS47-1),Eing_Nutzungsdauer_Bau)=0) +Eing_Invest_HolzAnlage*(MOD((AS47-1),Eing_Nutzungsdauer_Holz)=0) +Eing_Invest_WKKAnlage*(MOD((AS47-1),Eing_Nutzungsdauer_WKK)=0) +Eing_Invest_WPAnlage*(MOD((AS47-1),Eing_Nutzungsdauer_WP)=0) +Eing_Invest_SondenGrundwasser*(MOD((AS47-1),Eing_Nutzungsdauer_SondenGW)=0) +Eing_Invest_AWN*(MOD((AS47-1),Eing_Nutzungsdauer_AWN)=0) +Eing_Invest_Spitzenlast*(MOD((AS47-1),Eing_Nutzungsdauer_Spitzenlast)=0) +Eing_Invest_Installationen*(MOD((AS47-1),Eing_Nutzungsdauer_Installationen)=0) +Eing_Invest_Wärmenetz*(MOD((AS47-1),Eing_Nutzungsdauer_Netz)=0) +Eing_Invest_Messung*(MOD((AS47-1),Eing_Nutzungsdauer_Messung)=0))*(1+Eing_allg_Teuerung/100)^(AS47-1)) +(Gesamtinvestition-SUM(E1_Projektdaten!$D$79:$D$80))*SUMPRODUCT((E1_Projektdaten!$D$83:$D$87=B47)*E1_Projektdaten!$F$83:$F$87)/100-AM47 +AQ46} -> 29489142 | AR47: =-SUM(AX47,BB47) -> -27250000 | AS47: =MAX(B1_Berechnungen!B47-E1_Projektdaten!$D$23,0) -> 1 | AT47: =AT46-B1_Berechnungen!I47 -> 0 | AU47: =AU46-AV46+(Eing_Kredit_1*(B47=Eing_Kreditstartjahr_1)) -> 0 | AV47: =IF((SUM(H$44:H47)-SUM(I$44:I47))<=AU47,MAX((SUM(H$44:H47)-SUM(I$44:I47)),0),AU47) -> 0 | AW47: =IF(Eing_Kreditlaufzeit_1=0,0,(IF(Eing_Kreditlaufzeit_1<>0,(Eing_Kredit_1/(Eing_Kreditlaufzeit_1+Eing_Kreditstartjahr_1-Eing_StartAmortisation_Kredit1))*(Eing_Kreditlaufzeit_1>B47-Eing_Kreditstartjahr_1)*(B47>=Eing_StartAmortisation_Kredit1)))) -> 0 | AX47: =AX46+AV47-AW47 -> 25000000 | AY47: =AY46-AZ46+(Eing_Kredit_2*(B47=Eing_Kreditstartjahr_2)) -> 0 | AZ47: =IF((SUM(H$44:H47)-SUM(I$44:I47)-AV47)<=AY47,MAX((SUM(H$44:H47)-SUM(I$44:I47)-AV47),0),AY47) -> 0 | BA47: =IF(Eing_Kreditlaufzeit_2=0,0,(IF(Eing_Kreditlaufzeit_2<>0,(Eing_Kredit_2/(Eing_Kreditlaufzeit_2+Eing_Kreditstartjahr_2-Eing_StartAmortisation_Kredit2))*(Eing_Kreditlaufzeit_2>B47-Eing_Kreditstartjahr_2)*(B47>=Eing_StartAmortisation_Kredit2)))) -> 750000 | BB47: =BB46+AZ47-BA47 -> 2250000 | BC47: =SUM(-H47,AK47,AQ47) -> 26509181 | BD47: =SUM(-H47,AK47) -> -2979960.8
B48: =B47+1 -> 2028 | C48: {=(SUMPRODUCT((E3_Verbraucher!$D$21:$XFD$21<B1_Berechnungen!B48)*E3_Verbraucher!$D$18:$XFD$18)+SUMPRODUCT((E3_Verbraucher!$D$21:$XFD$21=B1_Berechnungen!B48)*E3_Verbraucher!$D$18:$XFD$18*E3_Verbraucher!$D$20:$XFD$20))/(100-Eing_Netzverluste)*100*(1-Eing_AbnW/100)^(B1_Berechnungen!B48-Eing_Beginnjahr)} -> 13942.517 | D48: =IF(mittl_Erzeugte_Wärmemenge=0,0,C48/mittl_Erzeugte_Wärmemenge*100) -> 97.238719 | E48: {=IF(AS48=0,0, (Eing_Kosten_Bau*(MOD((AS48),Eing_Nutzungsdauer_Bau)=0) +Eing_Invest_HolzAnlage*(MOD((AS48),Eing_Nutzungsdauer_Holz)=0) +Eing_Invest_WKKAnlage*(MOD((AS48),Eing_Nutzungsdauer_WKK)=0) +Eing_Invest_WPAnlage*(MOD((AS48),Eing_Nutzungsdauer_WP)=0) +Eing_Invest_SondenGrundwasser*(MOD((AS48),Eing_Nutzungsdauer_SondenGW)=0) +Eing_Invest_Zusatz*(MOD((AS48),Eing_Nutzungsdauer_Zusatz)=0) +Eing_Invest_AWN*(MOD((AS48),Eing_Nutzungsdauer_AWN)=0) +Eing_Invest_Spitzenlast*(MOD((AS48),Eing_Nutzungsdauer_Spitzenlast)=0) +Eing_Invest_Installationen*(MOD((AS48),Eing_Nutzungsdauer_Installationen)=0) +Eing_Invest_Wärmenetz*(MOD((AS48),Eing_Nutzungsdauer_Netz)=0) +Eing_Invest_Messung*(MOD((AS48),Eing_Nutzungsdauer_Messung)=0))*(1+Eing_allg_Teuerung/100)^(AS48)) +Gesamtinvestition*SUMPRODUCT((E1_Projektdaten!$D$83:$D$87=B48)*E1_Projektdaten!$F$83:$F$87)/100} -> 0 | F48: =-SUM(Einmaliger_Förderbeitrag_1*(B48=Förderungsauszahlung_1),Einmaliger_Förderbeitrag_2*(B48=Förderungsauszahlung_2),Einmaliger_Förderbeitrag_3*(B48=Förderungsauszahlung_3)) -> -1000000 | G48: {=-SUMPRODUCT((E3_Verbraucher!$D$21:$XFD$21=B1_Berechnungen!B48)*E3_Verbraucher!$D$23:$XFD$23)} -> -1901000 | H48: =SUM(E48:G48) -> -2901000 | I48: =IF(H48<=0,0,MIN(AT47,H48)) -> 0 | J48: =AV48+AZ48 -> 0 | K48: =K47-H48+SUM(I48:J48) -> 2284200 | L48: =AL48 -> -3359433.5 | M48: =IF(ISNUMBER(IRR((BD$44:BD47,BC48))),IRR((BD$44:BD47,BC48)),"-") -> -0.062501827 | N48: {=SUM((SUMPRODUCT((E3_Verbraucher!$D$21:$XFD$21<B1_Berechnungen!B48)*E3_Verbraucher!$D$26:$XFD$26)+SUMPRODUCT((E3_Verbraucher!$D$21:$XFD$21=B1_Berechnungen!B48)*E3_Verbraucher!$D$26:$XFD$26*E3_Verbraucher!$D$20:$XFD$20))*(1+$G$30)^(B48-B$44),(SUMPRODUCT((E3_Verbraucher!$D$21:$XFD$21<B1_Berechnungen!B48)*E3_Verbraucher!$D$27:$XFD$27)+SUMPRODUCT((E3_Verbraucher!$D$21:$XFD$21=B1_Berechnungen!B48)*E3_Verbraucher!$D$27:$XFD$27*E3_Verbraucher!$D$20:$XFD$20))*((1+$G$30)*(1-E1_Projektdaten!$D$20/100))^(B48-B$44))} -> 3008668.8 | O48: =-$F$28*D48/100*((1+$G$28)^(B48-$B$44)) -> 516435.02 | P48: =-$F$29*D48/100*((1+$G$29)^(B48-$B$44)) -> 485697.6 | Q48: =SUM(Eing_jährlicher_Förderbeitrag_1*((B48-Eing_Erstauszahlung_jährlFörderung_1)<=(Eing_Förderung_wiederholend_Laufzeit_1-1))*(B48>=Eing_Erstauszahlung_jährlFörderung_1),Eing_jährlicher_Förderbeitrag_2*((B48-Eing_Erstauszahlung_jährlFörderung_2)<=(Eing_Förderung_wiederholend_Laufzeit_2-1))*(B48>=Eing_Erstauszahlung_jährlFörderung_2)) -> 0 | T48: =IF(S48,S48,SUM(N48:R48)) -> 4010801.4 | U48: =Energiekosten_Holzschnitzel*D48/100*((1+$G$16)^(B48-$B$44)) -> 478785.1 | V48: =Energiekosten_WKK*D48/100*((1+$G$17)^(B48-$B$44)) -> 598481.38 | W48: =Energiekosten_Zusatz*D48/100*((1+$G$18)^(B48-$B$44)) -> 0 | X48: =Energiekosten_AWN*D48/100*((1+$G$19)^(B48-$B$44)) -> 0 | Y48: =Energiekosten_fossil*D48/100*(1+$G$20)^(B48-$B$44) -> 204827.85 | Z48: =Stromkosten_WP*D48/100*((1+$G$21)^(B48-$B$44)) -> 0 | AA48: =Stromkosten_Hilfsenergie*D48/100*((1+$G$21)^(B48-$B$44)) -> 14508.64 | AB48: =($F$22*(1+$G$22)^(B48-B$44)+$F$23*(1+$G$23)^(B48-B$44))*(B48>=Eing_JahrBegWLief)*VLOOKUP(B48,E1_Projektdaten!$D$83:$I$87,6)/100 -> 248496.24 | AC48: =$F$24*(1+$G$24)^(B48-B$44)*(B48>=Eing_JahrBegWLief)*VLOOKUP(B48,E1_Projektdaten!$D$83:$I$87,6)/100 -> 460987.58 | AD48: =Eing_Kosten_Grundstück*(1+$G$25)^(B48-B$44)+Eing_Sonstige_Kosten*(1+$G$26)^(B48-B$44) -> 239338.92 | AG48: =SUM(AX48*Eing_Kreditzinssatz_1/100,BB48*Eing_Kreditzinssatz_2/100) -> 796153.85 | AH48: =IF(AF48,SUM(AF48:AG48),SUM(U48:AG48)) -> 3041579.6 | AI48: =SUM(AW48,BA48) -> 1711538.5 | AJ48: =SUM(AH48,AI48) -> 4753118 | AK48: =SUM(-AJ48,T48) -> -742316.61 | AL48: =AL47+AK48 -> -3359433.5 | AM48: =(E1_Projektdaten!$D$68*(1+Eing_allg_Teuerung/100)^(E1_Projektdaten!$I$68*ROUNDDOWN((AS48-1)/E1_Projektdaten!$I$68,0))/E1_Projektdaten!$I$68 +E1_Projektdaten!$D$69*(1+Eing_allg_Teuerung/100)^(E1_Projektdaten!$I$69*ROUNDDOWN((AS48-1)/E1_Projektdaten!$I$69,0))/E1_Projektdaten!$I$69 +E1_Projektdaten!$D$70*(1+Eing_allg_Teuerung/100)^(E1_Projektdaten!$I$70*ROUNDDOWN((AS48-1)/E1_Projektdaten!$I$69,0))/E1_Projektdaten!$I$70 +E1_Projektdaten!$D$71*(1+Eing_allg_Teuerung/100)^(E1_Projektdaten!$I$71*ROUNDDOWN((AS48-1)/E1_Projektdaten!$I$69,0))/E1_Projektdaten!$I$71 +E1_Projektdaten!$D$72*(1+Eing_allg_Teuerung/100)^(E1_Projektdaten!$I$72*ROUNDDOWN((AS48-1)/E1_Projektdaten!$I$69,0))/E1_Projektdaten!$I$72 +E1_Projektdaten!$D$74*(1+Eing_allg_Teuerung/100)^(E1_Projektdaten!$I$74*ROUNDDOWN((AS48-1)/E1_Projektdaten!$I$69,0))/E1_Projektdaten!$I$74 +E1_Projektdaten!$D$75*(1+Eing_allg_Teuerung/100)^(E1_Projektdaten!$I$75*ROUNDDOWN((AS48-1)/E1_Projektdaten!$I$75,0))/E1_Projektdaten!$I$75 +E1_Projektdaten!$D$76*(1+Eing_allg_Teuerung/100)^(E1_Projektdaten!$I$76*ROUNDDOWN((AS48-1)/E1_Projektdaten!$I$76,0))/E1_Projektdaten!$I$76 +E1_Projektdaten!$D$77*(1+Eing_allg_Teuerung/100)^(E1_Projektdaten!$I$77*ROUNDDOWN((AS48-1)/E1_Projektdaten!$I$77,0))/E1_Projektdaten!$I$77 +E1_Projektdaten!$D$78*(1+Eing_allg_Teuerung/100)^(E1_Projektdaten!$I$78*ROUNDDOWN((AS48-1)/E1_Projektdaten!$I$78,0))/E1_Projektdaten!$I$78 +E1_Projektdaten!$D$80*(1+Eing_allg_Teuerung/100)^(E1_Projektdaten!$I$80*ROUNDDOWN((AS48-1)/E1_Projektdaten!$I$69,0))/E1_Projektdaten!$I$80 )*((AS48)>0)*VLOOKUP(B48,E1_Projektdaten!$D$83:$I$87,6 )/100 -> 1160858.2 | AN48: =SUM(AH48,AM48) -> 4202437.7 | AO48: =SUM(T48,-AN48) -> -191636.31 | AP48: =AP47+AO48 -> -3219611.3 | AQ48: {=IF(AS48-1<=0,0, (Eing_Kosten_Bau*(MOD((AS48-1),Eing_Nutzungsdauer_Bau)=0) +Eing_Invest_HolzAnlage*(MOD((AS48-1),Eing_Nutzungsdauer_Holz)=0) +Eing_Invest_WKKAnlage*(MOD((AS48-1),Eing_Nutzungsdauer_WKK)=0) +Eing_Invest_WPAnlage*(MOD((AS48-1),Eing_Nutzungsdauer_WP)=0) +Eing_Invest_SondenGrundwasser*(MOD((AS48-1),Eing_Nutzungsdauer_SondenGW)=0) +Eing_Invest_AWN*(MOD((AS48-1),Eing_Nutzungsdauer_AWN)=0) +Eing_Invest_Spitzenlast*(MOD((AS48-1),Eing_Nutzungsdauer_Spitzenlast)=0) +Eing_Invest_Installationen*(MOD((AS48-1),Eing_Nutzungsdauer_Installationen)=0) +Eing_Invest_Wärmenetz*(MOD((AS48-1),Eing_Nutzungsdauer_Netz)=0) +Eing_Invest_Messung*(MOD((AS48-1),Eing_Nutzungsdauer_Messung)=0))*(1+Eing_allg_Teuerung/100)^(AS48-1)) +(Gesamtinvestition-SUM(E1_Projektdaten!$D$79:$D$80))*SUMPRODUCT((E1_Projektdaten!$D$83:$D$87=B48)*E1_Projektdaten!$F$83:$F$87)/100-AM48 +AQ47} -> 28328284 | AR48: =-SUM(AX48,BB48) -> -25538462 | AS48: =MAX(B1_Berechnungen!B48-E1_Projektdaten!$D$23,0) -> 2 | AT48: =AT47-B1_Berechnungen!I48 -> 0 | AU48: =AU47-AV47+(Eing_Kredit_1*(B48=Eing_Kreditstartjahr_1)) -> 0 | AV48: =IF((SUM(H$44:H48)-SUM(I$44:I48))<=AU48,MAX((SUM(H$44:H48)-SUM(I$44:I48)),0),AU48) -> 0 | AW48: =IF(Eing_Kreditlaufzeit_1=0,0,(IF(Eing_Kreditlaufzeit_1<>0,(Eing_Kredit_1/(Eing_Kreditlaufzeit_1+Eing_Kreditstartjahr_1-Eing_StartAmortisation_Kredit1))*(Eing_Kreditlaufzeit_1>B48-Eing_Kreditstartjahr_1)*(B48>=Eing_StartAmortisation_Kredit1)))) -> 961538.46 | AX48: =AX47+AV48-AW48 -> 24038462 | AY48: =AY47-AZ47+(Eing_Kredit_2*(B48=Eing_Kreditstartjahr_2)) -> 0 | AZ48: =IF((SUM(H$44:H48)-SUM(I$44:I48)-AV48)<=AY48,MAX((SUM(H$44:H48)-SUM(I$44:I48)-AV48),0),AY48) -> 0 | BA48: =IF(Eing_Kreditlaufzeit_2=0,0,(IF(Eing_Kreditlaufzeit_2<>0,(Eing_Kredit_2/(Eing_Kreditlaufzeit_2+Eing_Kreditstartjahr_2-Eing_StartAmortisation_Kredit2))*(Eing_Kreditlaufzeit_2>B48-Eing_Kreditstartjahr_2)*(B48>=Eing_StartAmortisation_Kredit2)))) -> 750000 | BB48: =BB47+AZ48-BA48 -> 1500000 | BC48: =SUM(-H48,AK48,AQ48) -> 30486967 | BD48: =SUM(-H48,AK48) -> 2158683.4
B49: =B48+1 -> 2029 | C49: {=(SUMPRODUCT((E3_Verbraucher!$D$21:$XFD$21<B1_Berechnungen!B49)*E3_Verbraucher!$D$18:$XFD$18)+SUMPRODUCT((E3_Verbraucher!$D$21:$XFD$21=B1_Berechnungen!B49)*E3_Verbraucher!$D$18:$XFD$18*E3_Verbraucher!$D$20:$XFD$20))/(100-Eing_Netzverluste)*100*(1-Eing_AbnW/100)^(B1_Berechnungen!B49-Eing_Beginnjahr)} -> 15884.704 | D49: =IF(mittl_Erzeugte_Wärmemenge=0,0,C49/mittl_Erzeugte_Wärmemenge*100) -> 110.78403 | E49: {=IF(AS49=0,0, (Eing_Kosten_Bau*(MOD((AS49),Eing_Nutzungsdauer_Bau)=0) +Eing_Invest_HolzAnlage*(MOD((AS49),Eing_Nutzungsdauer_Holz)=0) +Eing_Invest_WKKAnlage*(MOD((AS49),Eing_Nutzungsdauer_WKK)=0) +Eing_Invest_WPAnlage*(MOD((AS49),Eing_Nutzungsdauer_WP)=0) +Eing_Invest_SondenGrundwasser*(MOD((AS49),Eing_Nutzungsdauer_SondenGW)=0) +Eing_Invest_Zusatz*(MOD((AS49),Eing_Nutzungsdauer_Zusatz)=0) +Eing_Invest_AWN*(MOD((AS49),Eing_Nutzungsdauer_AWN)=0) +Eing_Invest_Spitzenlast*(MOD((AS49),Eing_Nutzungsdauer_Spitzenlast)=0) +Eing_Invest_Installationen*(MOD((AS49),Eing_Nutzungsdauer_Installationen)=0) +Eing_Invest_Wärmenetz*(MOD((AS49),Eing_Nutzungsdauer_Netz)=0) +Eing_Invest_Messung*(MOD((AS49),Eing_Nutzungsdauer_Messung)=0))*(1+Eing_allg_Teuerung/100)^(AS49)) +Gesamtinvestition*SUMPRODUCT((E1_Projektdaten!$D$83:$D$87=B49)*E1_Projektdaten!$F$83:$F$87)/100} -> 0 | F49: =-SUM(Einmaliger_Förderbeitrag_1*(B49=Förderungsauszahlung_1),Einmaliger_Förderbeitrag_2*(B49=Förderungsauszahlung_2),Einmaliger_Förderbeitrag_3*(B49=Förderungsauszahlung_3)) -> -1200000 | G49: {=-SUMPRODUCT((E3_Verbraucher!$D$21:$XFD$21=B1_Berechnungen!B49)*E3_Verbraucher!$D$23:$XFD$23)} -> -143000 | H49: =SUM(E49:G49) -> -1343000 | I49: =IF(H49<=0,0,MIN(AT48,H49)) -> 0 | J49: =AV49+AZ49 -> 0 | K49: =K48-H49+SUM(I49:J49) -> 3627200 | L49: =AL49 -> -3612977 | M49: =IF(ISNUMBER(IRR((BD$44:BD48,BC49))),IRR((BD$44:BD48,BC49)),"-") -> -0.047293104 | N49: {=SUM((SUMPRODUCT((E3_Verbraucher!$D$21:$XFD$21<B1_Berechnungen!B49)*E3_Verbraucher!$D$26:$XFD$26)+SUMPRODUCT((E3_Verbraucher!$D$21:$XFD$21=B1_Berechnungen!B49)*E3_Verbraucher!$D$26:$XFD$26*E3_Verbraucher!$D$20:$XFD$20))*(1+$G$30)^(B49-B$44),(SUMPRODUCT((E3_Verbraucher!$D$21:$XFD$21<B1_Berechnungen!B49)*E3_Verbraucher!$D$27:$XFD$27)+SUMPRODUCT((E3_Verbraucher!$D$21:$XFD$21=B1_Berechnungen!B49)*E3_Verbraucher!$D$27:$XFD$27*E3_Verbraucher!$D$20:$XFD$20))*((1+$G$30)*(1-E1_Projektdaten!$D$20/100))^(B49-B$44))} -> 3484958.4 | O49: =-$F$28*D49/100*((1+$G$28)^(B49-$B$44)) -> 594257.93 | P49: =-$F$29*D49/100*((1+$G$29)^(B49-$B$44)) -> 558888.61 | Q49: =SUM(Eing_jährlicher_Förderbeitrag_1*((B49-Eing_Erstauszahlung_jährlFörderung_1)<=(Eing_Förderung_wiederholend_Laufzeit_1-1))*(B49>=Eing_Erstauszahlung_jährlFörderung_1),Eing_jährlicher_Förderbeitrag_2*((B49-Eing_Erstauszahlung_jährlFörderung_2)<=(Eing_Förderung_wiederholend_Laufzeit_2-1))*(B49>=Eing_Erstauszahlung_jährlFörderung_2)) -> 0 | T49: =IF(S49,S49,SUM(N49:R49)) -> 4638104.9 | U49: =Energiekosten_Holzschnitzel*D49/100*((1+$G$16)^(B49-$B$44)) -> 550934.45 | V49: =Energiekosten_WKK*D49/100*((1+$G$17)^(B49-$B$44)) -> 688668.06 | W49: =Energiekosten_Zusatz*D49/100*((1+$G$18)^(B49-$B$44)) -> 0 | X49: =Energiekosten_AWN*D49/100*((1+$G$19)^(B49-$B$44)) -> 0 | Y49: =Energiekosten_fossil*D49/100*(1+$G$20)^(B49-$B$44) -> 235693.88 | Z49: =Stromkosten_WP*D49/100*((1+$G$21)^(B49-$B$44)) -> 0 | AA49: =Stromkosten_Hilfsenergie*D49/100*((1+$G$21)^(B49-$B$44)) -> 16694.983 | AB49: =($F$22*(1+$G$22)^(B49-B$44)+$F$23*(1+$G$23)^(B49-B$44))*(B49>=Eing_JahrBegWLief)*VLOOKUP(B49,E1_Projektdaten!$D$83:$I$87,6)/100 -> 250981.2 | AC49: =$F$24*(1+$G$24)^(B49-B$44)*(B49>=Eing_JahrBegWLief)*VLOOKUP(B49,E1_Projektdaten!$D$83:$I$87,6)/100 -> 465597.45 | AD49: =Eing_Kosten_Grundstück*(1+$G$25)^(B49-B$44)+Eing_Sonstige_Kosten*(1+$G$26)^(B49-B$44) -> 241732.31 | AG49: =SUM(AX49*Eing_Kreditzinssatz_1/100,BB49*Eing_Kreditzinssatz_2/100) -> 729807.69 | AH49: =IF(AF49,SUM(AF49:AG49),SUM(U49:AG49)) -> 3180110 | AI49: =SUM(AW49,BA49) -> 1711538.5 | AJ49: =SUM(AH49,AI49) -> 4891648.5 | AK49: =SUM(-AJ49,T49) -> -253543.55 | AL49: =AL48+AK49 -> -3612977 | AM49: =(E1_Projektdaten!$D$68*(1+Eing_allg_Teuerung/100)^(E1_Projektdaten!$I$68*ROUNDDOWN((AS49-1)/E1_Projektdaten!$I$68,0))/E1_Projektdaten!$I$68 +E1_Projektdaten!$D$69*(1+Eing_allg_Teuerung/100)^(E1_Projektdaten!$I$69*ROUNDDOWN((AS49-1)/E1_Projektdaten!$I$69,0))/E1_Projektdaten!$I$69 +E1_Projektdaten!$D$70*(1+Eing_allg_Teuerung/100)^(E1_Projektdaten!$I$70*ROUNDDOWN((AS49-1)/E1_Projektdaten!$I$69,0))/E1_Projektdaten!$I$70 +E1_Projektdaten!$D$71*(1+Eing_allg_Teuerung/100)^(E1_Projektdaten!$I$71*ROUNDDOWN((AS49-1)/E1_Projektdaten!$I$69,0))/E1_Projektdaten!$I$71 +E1_Projektdaten!$D$72*(1+Eing_allg_Teuerung/100)^(E1_Projektdaten!$I$72*ROUNDDOWN((AS49-1)/E1_Projektdaten!$I$69,0))/E1_Projektdaten!$I$72 +E1_Projektdaten!$D$74*(1+Eing_allg_Teuerung/100)^(E1_Projektdaten!$I$74*ROUNDDOWN((AS49-1)/E1_Projektdaten!$I$69,0))/E1_Projektdaten!$I$74 +E1_Projektdaten!$D$75*(1+Eing_allg_Teuerung/100)^(E1_Projektdaten!$I$75*ROUNDDOWN((AS49-1)/E1_Projektdaten!$I$75,0))/E1_Projektdaten!$I$75 +E1_Projektdaten!$D$76*(1+Eing_allg_Teuerung/100)^(E1_Projektdaten!$I$76*ROUNDDOWN((AS49-1)/E1_Projektdaten!$I$76,0))/E1_Projektdaten!$I$76 +E1_Projektdaten!$D$77*(1+Eing_allg_Teuerung/100)^(E1_Projektdaten!$I$77*ROUNDDOWN((AS49-1)/E1_Projektdaten!$I$77,0))/E1_Projektdaten!$I$77 +E1_Projektdaten!$D$78*(1+Eing_allg_Teuerung/100)^(E1_Projektdaten!$I$78*ROUNDDOWN((AS49-1)/E1_Projektdaten!$I$78,0))/E1_Projektdaten!$I$78 +E1_Projektdaten!$D$80*(1+Eing_allg_Teuerung/100)^(E1_Projektdaten!$I$80*ROUNDDOWN((AS49-1)/E1_Projektdaten!$I$69,0))/E1_Projektdaten!$I$80 )*((AS49)>0)*VLOOKUP(B49,E1_Projektdaten!$D$83:$I$87,6 )/100 -> 1160858.2 | AN49: =SUM(AH49,AM49) -> 4340968.2 | AO49: =SUM(T49,-AN49) -> 297136.75 | AP49: =AP48+AO49 -> -2922474.6 | AQ49: {=IF(AS49-1<=0,0, (Eing_Kosten_Bau*(MOD((AS49-1),Eing_Nutzungsdauer_Bau)=0) +Eing_Invest_HolzAnlage*(MOD((AS49-1),Eing_Nutzungsdauer_Holz)=0) +Eing_Invest_WKKAnlage*(MOD((AS49-1),Eing_Nutzungsdauer_WKK)=0) +Eing_Invest_WPAnlage*(MOD((AS49-1),Eing_Nutzungsdauer_WP)=0) +Eing_Invest_SondenGrundwasser*(MOD((AS49-1),Eing_Nutzungsdauer_SondenGW)=0) +Eing_Invest_AWN*(MOD((AS49-1),Eing_Nutzungsdauer_AWN)=0) +Eing_Invest_Spitzenlast*(MOD((AS49-1),Eing_Nutzungsdauer_Spitzenlast)=0) +Eing_Invest_Installationen*(MOD((AS49-1),Eing_Nutzungsdauer_Installationen)=0) +Eing_Invest_Wärmenetz*(MOD((AS49-1),Eing_Nutzungsdauer_Netz)=0) +Eing_Invest_Messung*(MOD((AS49-1),Eing_Nutzungsdauer_Messung)=0))*(1+Eing_allg_Teuerung/100)^(AS49-1)) +(Gesamtinvestition-SUM(E1_Projektdaten!$D$79:$D$80))*SUMPRODUCT((E1_Projektdaten!$D$83:$D$87=B49)*E1_Projektdaten!$F$83:$F$87)/100-AM49 +AQ48} -> 27167426 | AR49: =-SUM(AX49,BB49) -> -23826923 | AS49: =MAX(B1_Berechnungen!B49-E1_Projektdaten!$D$23,0) -> 3 | AT49: =AT48-B1_Berechnungen!I49 -> 0 | AU49: =AU48-AV48+(Eing_Kredit_1*(B49=Eing_Kreditstartjahr_1)) -> 0 | AV49: =IF((SUM(H$44:H49)-SUM(I$44:I49))<=AU49,MAX((SUM(H$44:H49)-SUM(I$44:I49)),0),AU49) -> 0 | AW49: =IF(Eing_Kreditlaufzeit_1=0,0,(IF(Eing_Kreditlaufzeit_1<>0,(Eing_Kredit_1/(Eing_Kreditlaufzeit_1+Eing_Kreditstartjahr_1-Eing_StartAmortisation_Kredit1))*(Eing_Kreditlaufzeit_1>B49-Eing_Kreditstartjahr_1)*(B49>=Eing_StartAmortisation_Kredit1)))) -> 961538.46 | AX49: =AX48+AV49-AW49 -> 23076923 | AY49: =AY48-AZ48+(Eing_Kredit_2*(B49=Eing_Kreditstartjahr_2)) -> 0 | AZ49: =IF((SUM(H$44:H49)-SUM(I$44:I49)-AV49)<=AY49,MAX((SUM(H$44:H49)-SUM(I$44:I49)-AV49),0),AY49) -> 0 | BA49: =IF(Eing_Kreditlaufzeit_2=0,0,(IF(Eing_Kreditlaufzeit_2<>0,(Eing_Kredit_2/(Eing_Kreditlaufzeit_2+Eing_Kreditstartjahr_2-Eing_StartAmortisation_Kredit2))*(Eing_Kreditlaufzeit_2>B49-Eing_Kreditstartjahr_2)*(B49>=Eing_StartAmortisation_Kredit2)))) -> 750000 | BB49: =BB48+AZ49-BA49 -> 750000 | BC49: =SUM(-H49,AK49,AQ49) -> 28256882 | BD49: =SUM(-H49,AK49) -> 1089456.4
B50: =B49+1 -> 2030 | C50: {=(SUMPRODUCT((E3_Verbraucher!$D$21:$XFD$21<B1_Berechnungen!B50)*E3_Verbraucher!$D$18:$XFD$18)+SUMPRODUCT((E3_Verbraucher!$D$21:$XFD$21=B1_Berechnungen!B50)*E3_Verbraucher!$D$18:$XFD$18*E3_Verbraucher!$D$20:$XFD$20))/(100-Eing_Netzverluste)*100*(1-Eing_AbnW/100)^(B1_Berechnungen!B50-Eing_Beginnjahr)} -> 16753.639 | D50: =IF(mittl_Erzeugte_Wärmemenge=0,0,C50/mittl_Erzeugte_Wärmemenge*100) -> 116.84421 | E50: {=IF(AS50=0,0, (Eing_Kosten_Bau*(MOD((AS50),Eing_Nutzungsdauer_Bau)=0) +Eing_Invest_HolzAnlage*(MOD((AS50),Eing_Nutzungsdauer_Holz)=0) +Eing_Invest_WKKAnlage*(MOD((AS50),Eing_Nutzungsdauer_WKK)=0) +Eing_Invest_WPAnlage*(MOD((AS50),Eing_Nutzungsdauer_WP)=0) +Eing_Invest_SondenGrundwasser*(MOD((AS50),Eing_Nutzungsdauer_SondenGW)=0) +Eing_Invest_Zusatz*(MOD((AS50),Eing_Nutzungsdauer_Zusatz)=0) +Eing_Invest_AWN*(MOD((AS50),Eing_Nutzungsdauer_AWN)=0) +Eing_Invest_Spitzenlast*(MOD((AS50),Eing_Nutzungsdauer_Spitzenlast)=0) +Eing_Invest_Installationen*(MOD((AS50),Eing_Nutzungsdauer_Installationen)=0) +Eing_Invest_Wärmenetz*(MOD((AS50),Eing_Nutzungsdauer_Netz)=0) +Eing_Invest_Messung*(MOD((AS50),Eing_Nutzungsdauer_Messung)=0))*(1+Eing_allg_Teuerung/100)^(AS50)) +Gesamtinvestition*SUMPRODUCT((E1_Projektdaten!$D$83:$D$87=B50)*E1_Projektdaten!$F$83:$F$87)/100} -> 0 | F50: =-SUM(Einmaliger_Förderbeitrag_1*(B50=Förderungsauszahlung_1),Einmaliger_Förderbeitrag_2*(B50=Förderungsauszahlung_2),Einmaliger_Förderbeitrag_3*(B50=Förderungsauszahlung_3)) -> 0 | G50: {=-SUMPRODUCT((E3_Verbraucher!$D$21:$XFD$21=B1_Berechnungen!B50)*E3_Verbraucher!$D$23:$XFD$23)} -> -957000 | H50: =SUM(E50:G50) -> -957000 | I50: =IF(H50<=0,0,MIN(AT49,H50)) -> 0 | J50: =AV50+AZ50 -> 0 | K50: =K49-H50+SUM(I50:J50) -> 4584200 | L50: =AL50 -> -3581551 | M50: =IF(ISNUMBER(IRR((BD$44:BD49,BC50))),IRR((BD$44:BD49,BC50)),"-") -> -0.039257015 | N50: {=SUM((SUMPRODUCT((E3_Verbraucher!$D$21:$XFD$21<B1_Berechnungen!B50)*E3_Verbraucher!$D$26:$XFD$26)+SUMPRODUCT((E3_Verbraucher!$D$21:$XFD$21=B1_Berechnungen!B50)*E3_Verbraucher!$D$26:$XFD$26*E3_Verbraucher!$D$20:$XFD$20))*(1+$G$30)^(B50-B$44),(SUMPRODUCT((E3_Verbraucher!$D$21:$XFD$21<B1_Berechnungen!B50)*E3_Verbraucher!$D$27:$XFD$27)+SUMPRODUCT((E3_Verbraucher!$D$21:$XFD$21=B1_Berechnungen!B50)*E3_Verbraucher!$D$27:$XFD$27*E3_Verbraucher!$D$20:$XFD$20))*((1+$G$30)*(1-E1_Projektdaten!$D$20/100))^(B50-B$44))} -> 3735274.5 | O50: =-$F$28*D50/100*((1+$G$28)^(B50-$B$44)) -> 633033.07 | P50: =-$F$29*D50/100*((1+$G$29)^(B50-$B$44)) -> 595355.91 | Q50: =SUM(Eing_jährlicher_Förderbeitrag_1*((B50-Eing_Erstauszahlung_jährlFörderung_1)<=(Eing_Förderung_wiederholend_Laufzeit_1-1))*(B50>=Eing_Erstauszahlung_jährlFörderung_1),Eing_jährlicher_Förderbeitrag_2*((B50-Eing_Erstauszahlung_jährlFörderung_2)<=(Eing_Förderung_wiederholend_Laufzeit_2-1))*(B50>=Eing_Erstauszahlung_jährlFörderung_2)) -> 0 | T50: =IF(S50,S50,SUM(N50:R50)) -> 4963663.5 | U50: =Energiekosten_Holzschnitzel*D50/100*((1+$G$16)^(B50-$B$44)) -> 586882.75 | V50: =Energiekosten_WKK*D50/100*((1+$G$17)^(B50-$B$44)) -> 733603.43 | W50: =Energiekosten_Zusatz*D50/100*((1+$G$18)^(B50-$B$44)) -> 0 | X50: =Energiekosten_AWN*D50/100*((1+$G$19)^(B50-$B$44)) -> 0 | Y50: =Energiekosten_fossil*D50/100*(1+$G$20)^(B50-$B$44) -> 251072.83 | Z50: =Stromkosten_WP*D50/100*((1+$G$21)^(B50-$B$44)) -> 0 | AA50: =Stromkosten_Hilfsenergie*D50/100*((1+$G$21)^(B50-$B$44)) -> 17784.326 | AB50: =($F$22*(1+$G$22)^(B50-B$44)+$F$23*(1+$G$23)^(B50-B$44))*(B50>=Eing_JahrBegWLief)*VLOOKUP(B50,E1_Projektdaten!$D$83:$I$87,6)/100 -> 253491.01 | AC50: =$F$24*(1+$G$24)^(B50-B$44)*(B50>=Eing_JahrBegWLief)*VLOOKUP(B50,E1_Projektdaten!$D$83:$I$87,6)/100 -> 470253.43 | AD50: =Eing_Kosten_Grundstück*(1+$G$25)^(B50-B$44)+Eing_Sonstige_Kosten*(1+$G$26)^(B50-B$44) -> 244149.63 | AG50: =SUM(AX50*Eing_Kreditzinssatz_1/100,BB50*Eing_Kreditzinssatz_2/100) -> 663461.54 | AH50: =IF(AF50,SUM(AF50:AG50),SUM(U50:AG50)) -> 3220699 | AI50: =SUM(AW50,BA50) -> 1711538.5 | AJ50: =SUM(AH50,AI50) -> 4932237.4 | AK50: =SUM(-AJ50,T50) -> 31426.061 | AL50: =AL49+AK50 -> -3581551 | AM50: =(E1_Projektdaten!$D$68*(1+Eing_allg_Teuerung/100)^(E1_Projektdaten!$I$68*ROUNDDOWN((AS50-1)/E1_Projektdaten!$I$68,0))/E1_Projektdaten!$I$68 +E1_Projektdaten!$D$69*(1+Eing_allg_Teuerung/100)^(E1_Projektdaten!$I$69*ROUNDDOWN((AS50-1)/E1_Projektdaten!$I$69,0))/E1_Projektdaten!$I$69 +E1_Projektdaten!$D$70*(1+Eing_allg_Teuerung/100)^(E1_Projektdaten!$I$70*ROUNDDOWN((AS50-1)/E1_Projektdaten!$I$69,0))/E1_Projektdaten!$I$70 +E1_Projektdaten!$D$71*(1+Eing_allg_Teuerung/100)^(E1_Projektdaten!$I$71*ROUNDDOWN((AS50-1)/E1_Projektdaten!$I$69,0))/E1_Projektdaten!$I$71 +E1_Projektdaten!$D$72*(1+Eing_allg_Teuerung/100)^(E1_Projektdaten!$I$72*ROUNDDOWN((AS50-1)/E1_Projektdaten!$I$69,0))/E1_Projektdaten!$I$72 +E1_Projektdaten!$D$74*(1+Eing_allg_Teuerung/100)^(E1_Projektdaten!$I$74*ROUNDDOWN((AS50-1)/E1_Projektdaten!$I$69,0))/E1_Projektdaten!$I$74 +E1_Projektdaten!$D$75*(1+Eing_allg_Teuerung/100)^(E1_Projektdaten!$I$75*ROUNDDOWN((AS50-1)/E1_Projektdaten!$I$75,0))/E1_Projektdaten!$I$75 +E1_Projektdaten!$D$76*(1+Eing_allg_Teuerung/100)^(E1_Projektdaten!$I$76*ROUNDDOWN((AS50-1)/E1_Projektdaten!$I$76,0))/E1_Projektdaten!$I$76 +E1_Projektdaten!$D$77*(1+Eing_allg_Teuerung/100)^(E1_Projektdaten!$I$77*ROUNDDOWN((AS50-1)/E1_Projektdaten!$I$77,0))/E1_Projektdaten!$I$77 +E1_Projektdaten!$D$78*(1+Eing_allg_Teuerung/100)^(E1_Projektdaten!$I$78*ROUNDDOWN((AS50-1)/E1_Projektdaten!$I$78,0))/E1_Projektdaten!$I$78 +E1_Projektdaten!$D$80*(1+Eing_allg_Teuerung/100)^(E1_Projektdaten!$I$80*ROUNDDOWN((AS50-1)/E1_Projektdaten!$I$69,0))/E1_Projektdaten!$I$80 )*((AS50)>0)*VLOOKUP(B50,E1_Projektdaten!$D$83:$I$87,6 )/100 -> 1160858.2 | AN50: =SUM(AH50,AM50) -> 4381557.1 | AO50: =SUM(T50,-AN50) -> 582106.36 | AP50: =AP49+AO50 -> -2340368.2 | AQ50: {=IF(AS50-1<=0,0, (Eing_Kosten_Bau*(MOD((AS50-1),Eing_Nutzungsdauer_Bau)=0) +Eing_Invest_HolzAnlage*(MOD((AS50-1),Eing_Nutzungsdauer_Holz)=0) +Eing_Invest_WKKAnlage*(MOD((AS50-1),Eing_Nutzungsdauer_WKK)=0) +Eing_Invest_WPAnlage*(MOD((AS50-1),Eing_Nutzungsdauer_WP)=0) +Eing_Invest_SondenGrundwasser*(MOD((AS50-1),Eing_Nutzungsdauer_SondenGW)=0) +Eing_Invest_AWN*(MOD((AS50-1),Eing_Nutzungsdauer_AWN)=0) +Eing_Invest_Spitzenlast*(MOD((AS50-1),Eing_Nutzungsdauer_Spitzenlast)=0) +Eing_Invest_Installationen*(MOD((AS50-1),Eing_Nutzungsdauer_Installationen)=0) +Eing_Invest_Wärmenetz*(MOD((AS50-1),Eing_Nutzungsdauer_Netz)=0) +Eing_Invest_Messung*(MOD((AS50-1),Eing_Nutzungsdauer_Messung)=0))*(1+Eing_allg_Teuerung/100)^(AS50-1)) +(Gesamtinvestition-SUM(E1_Projektdaten!$D$79:$D$80))*SUMPRODUCT((E1_Projektdaten!$D$83:$D$87=B50)*E1_Projektdaten!$F$83:$F$87)/100-AM50 +AQ49} -> 26006567 | AR50: =-SUM(AX50,BB50) -> -22115385 | AS50: =MAX(B1_Berechnungen!B50-E1_Projektdaten!$D$23,0) -> 4 | AT50: =AT49-B1_Berechnungen!I50 -> 0 | AU50: =AU49-AV49+(Eing_Kredit_1*(B50=Eing_Kreditstartjahr_1)) -> 0 | AV50: =IF((SUM(H$44:H50)-SUM(I$44:I50))<=AU50,MAX((SUM(H$44:H50)-SUM(I$44:I50)),0),AU50) -> 0 | AW50: =IF(Eing_Kreditlaufzeit_1=0,0,(IF(Eing_Kreditlaufzeit_1<>0,(Eing_Kredit_1/(Eing_Kreditlaufzeit_1+Eing_Kreditstartjahr_1-Eing_StartAmortisation_Kredit1))*(Eing_Kreditlaufzeit_1>B50-Eing_Kreditstartjahr_1)*(B50>=Eing_StartAmortisation_Kredit1)))) -> 961538.46 | AX50: =AX49+AV50-AW50 -> 22115385 | AY50: =AY49-AZ49+(Eing_Kredit_2*(B50=Eing_Kreditstartjahr_2)) -> 0 | AZ50: =IF((SUM(H$44:H50)-SUM(I$44:I50)-AV50)<=AY50,MAX((SUM(H$44:H50)-SUM(I$44:I50)-AV50),0),AY50) -> 0 | BA50: =IF(Eing_Kreditlaufzeit_2=0,0,(IF(Eing_Kreditlaufzeit_2<>0,(Eing_Kredit_2/(Eing_Kreditlaufzeit_2+Eing_Kreditstartjahr_2-Eing_StartAmortisation_Kredit2))*(Eing_Kreditlaufzeit_2>B50-Eing_Kreditstartjahr_2)*(B50>=Eing_StartAmortisation_Kredit2)))) -> 750000 | BB50: =BB49+AZ50-BA50 -> 0 | BC50: =SUM(-H50,AK50,AQ50) -> 26994993 | BD50: =SUM(-H50,AK50) -> 988426.06
B51: =B50+1 -> 2031 | C51: {=(SUMPRODUCT((E3_Verbraucher!$D$21:$XFD$21<B1_Berechnungen!B51)*E3_Verbraucher!$D$18:$XFD$18)+SUMPRODUCT((E3_Verbraucher!$D$21:$XFD$21=B1_Berechnungen!B51)*E3_Verbraucher!$D$18:$XFD$18*E3_Verbraucher!$D$20:$XFD$20))/(100-Eing_Netzverluste)*100*(1-Eing_AbnW/100)^(B1_Berechnungen!B51-Eing_Beginnjahr)} -> 17474.154 | D51: =IF(mittl_Erzeugte_Wärmemenge=0,0,C51/mittl_Erzeugte_Wärmemenge*100) -> 121.86926 | E51: {=IF(AS51=0,0, (Eing_Kosten_Bau*(MOD((AS51),Eing_Nutzungsdauer_Bau)=0) +Eing_Invest_HolzAnlage*(MOD((AS51),Eing_Nutzungsdauer_Holz)=0) +Eing_Invest_WKKAnlage*(MOD((AS51),Eing_Nutzungsdauer_WKK)=0) +Eing_Invest_WPAnlage*(MOD((AS51),Eing_Nutzungsdauer_WP)=0) +Eing_Invest_SondenGrundwasser*(MOD((AS51),Eing_Nutzungsdauer_SondenGW)=0) +Eing_Invest_Zusatz*(MOD((AS51),Eing_Nutzungsdauer_Zusatz)=0) +Eing_Invest_AWN*(MOD((AS51),Eing_Nutzungsdauer_AWN)=0) +Eing_Invest_Spitzenlast*(MOD((AS51),Eing_Nutzungsdauer_Spitzenlast)=0) +Eing_Invest_Installationen*(MOD((AS51),Eing_Nutzungsdauer_Installationen)=0) +Eing_Invest_Wärmenetz*(MOD((AS51),Eing_Nutzungsdauer_Netz)=0) +Eing_Invest_Messung*(MOD((AS51),Eing_Nutzungsdauer_Messung)=0))*(1+Eing_allg_Teuerung/100)^(AS51)) +Gesamtinvestition*SUMPRODUCT((E1_Projektdaten!$D$83:$D$87=B51)*E1_Projektdaten!$F$83:$F$87)/100} -> 0 | F51: =-SUM(Einmaliger_Förderbeitrag_1*(B51=Förderungsauszahlung_1),Einmaliger_Förderbeitrag_2*(B51=Förderungsauszahlung_2),Einmaliger_Förderbeitrag_3*(B51=Förderungsauszahlung_3)) -> -800000 | G51: {=-SUMPRODUCT((E3_Verbraucher!$D$21:$XFD$21=B1_Berechnungen!B51)*E3_Verbraucher!$D$23:$XFD$23)} -> 0 | H51: =SUM(E51:G51) -> -800000 | I51: =IF(H51<=0,0,MIN(AT50,H51)) -> 0 | J51: =AV51+AZ51 -> 0 | K51: =K50-H51+SUM(I51:J51) -> 5384200 | L51: =AL51 -> -2578623.8 | M51: =IF(ISNUMBER(IRR((BD$44:BD50,BC51))),IRR((BD$44:BD50,BC51)),"-") -> -0.029208024 | N51: {=SUM((SUMPRODUCT((E3_Verbraucher!$D$21:$XFD$21<B1_Berechnungen!B51)*E3_Verbraucher!$D$26:$XFD$26)+SUMPRODUCT((E3_Verbraucher!$D$21:$XFD$21=B1_Berechnungen!B51)*E3_Verbraucher!$D$26:$XFD$26*E3_Verbraucher!$D$20:$XFD$20))*(1+$G$30)^(B51-B$44),(SUMPRODUCT((E3_Verbraucher!$D$21:$XFD$21<B1_Berechnungen!B51)*E3_Verbraucher!$D$27:$XFD$27)+SUMPRODUCT((E3_Verbraucher!$D$21:$XFD$21=B1_Berechnungen!B51)*E3_Verbraucher!$D$27:$XFD$27*E3_Verbraucher!$D$20:$XFD$20))*((1+$G$30)*(1-E1_Projektdaten!$D$20/100))^(B51-B$44))} -> 3956896.6 | O51: =-$F$28*D51/100*((1+$G$28)^(B51-$B$44)) -> 666860.16 | P51: =-$F$29*D51/100*((1+$G$29)^(B51-$B$44)) -> 627169.67 | Q51: =SUM(Eing_jährlicher_Förderbeitrag_1*((B51-Eing_Erstauszahlung_jährlFörderung_1)<=(Eing_Förderung_wiederholend_Laufzeit_1-1))*(B51>=Eing_Erstauszahlung_jährlFörderung_1),Eing_jährlicher_Förderbeitrag_2*((B51-Eing_Erstauszahlung_jährlFörderung_2)<=(Eing_Förderung_wiederholend_Laufzeit_2-1))*(B51>=Eing_Erstauszahlung_jährlFörderung_2)) -> 0 | T51: =IF(S51,S51,SUM(N51:R51)) -> 5250926.4 | U51: =Energiekosten_Holzschnitzel*D51/100*((1+$G$16)^(B51-$B$44)) -> 618243.72 | V51: =Energiekosten_WKK*D51/100*((1+$G$17)^(B51-$B$44)) -> 772804.65 | W51: =Energiekosten_Zusatz*D51/100*((1+$G$18)^(B51-$B$44)) -> 0 | X51: =Energiekosten_AWN*D51/100*((1+$G$19)^(B51-$B$44)) -> 0 | Y51: =Energiekosten_fossil*D51/100*(1+$G$20)^(B51-$B$44) -> 264489.29 | Z51: =Stromkosten_WP*D51/100*((1+$G$21)^(B51-$B$44)) -> 0 | AA51: =Stromkosten_Hilfsenergie*D51/100*((1+$G$21)^(B51-$B$44)) -> 18734.658 | AB51: =($F$22*(1+$G$22)^(B51-B$44)+$F$23*(1+$G$23)^(B51-B$44))*(B51>=Eing_JahrBegWLief)*VLOOKUP(B51,E1_Projektdaten!$D$83:$I$87,6)/100 -> 256025.92 | AC51: =$F$24*(1+$G$24)^(B51-B$44)*(B51>=Eing_JahrBegWLief)*VLOOKUP(B51,E1_Projektdaten!$D$83:$I$87,6)/100 -> 474955.96 | AD51: =Eing_Kosten_Grundstück*(1+$G$25)^(B51-B$44)+Eing_Sonstige_Kosten*(1+$G$26)^(B51-B$44) -> 246591.13 | AG51: =SUM(AX51*Eing_Kreditzinssatz_1/100,BB51*Eing_Kreditzinssatz_2/100) -> 634615.38 | AH51: =IF(AF51,SUM(AF51:AG51),SUM(U51:AG51)) -> 3286460.7 | AI51: =SUM(AW51,BA51) -> 961538.46 | AJ51: =SUM(AH51,AI51) -> 4247999.2 | AK51: =SUM(-AJ51,T51) -> 1002927.2 | AL51: =AL50+AK51 -> -2578623.8 | AM51: =(E1_Projektdaten!$D$68*(1+Eing_allg_Teuerung/100)^(E1_Projektdaten!$I$68*ROUNDDOWN((AS51-1)/E1_Projektdaten!$I$68,0))/E1_Projektdaten!$I$68 +E1_Projektdaten!$D$69*(1+Eing_allg_Teuerung/100)^(E1_Projektdaten!$I$69*ROUNDDOWN((AS51-1)/E1_Projektdaten!$I$69,0))/E1_Projektdaten!$I$69 +E1_Projektdaten!$D$70*(1+Eing_allg_Teuerung/100)^(E1_Projektdaten!$I$70*ROUNDDOWN((AS51-1)/E1_Projektdaten!$I$69,0))/E1_Projektdaten!$I$70 +E1_Projektdaten!$D$71*(1+Eing_allg_Teuerung/100)^(E1_Projektdaten!$I$71*ROUNDDOWN((AS51-1)/E1_Projektdaten!$I$69,0))/E1_Projektdaten!$I$71 +E1_Projektdaten!$D$72*(1+Eing_allg_Teuerung/100)^(E1_Projektdaten!$I$72*ROUNDDOWN((AS51-1)/E1_Projektdaten!$I$69,0))/E1_Projektdaten!$I$72 +E1_Projektdaten!$D$74*(1+Eing_allg_Teuerung/100)^(E1_Projektdaten!$I$74*ROUNDDOWN((AS51-1)/E1_Projektdaten!$I$69,0))/E1_Projektdaten!$I$74 +E1_Projektdaten!$D$75*(1+Eing_allg_Teuerung/100)^(E1_Projektdaten!$I$75*ROUNDDOWN((AS51-1)/E1_Projektdaten!$I$75,0))/E1_Projektdaten!$I$75 +E1_Projektdaten!$D$76*(1+Eing_allg_Teuerung/100)^(E1_Projektdaten!$I$76*ROUNDDOWN((AS51-1)/E1_Projektdaten!$I$76,0))/E1_Projektdaten!$I$76 +E1_Projektdaten!$D$77*(1+Eing_allg_Teuerung/100)^(E1_Projektdaten!$I$77*ROUNDDOWN((AS51-1)/E1_Projektdaten!$I$77,0))/E1_Projektdaten!$I$77 +E1_Projektdaten!$D$78*(1+Eing_allg_Teuerung/100)^(E1_Projektdaten!$I$78*ROUNDDOWN((AS51-1)/E1_Projektdaten!$I$78,0))/E1_Projektdaten!$I$78 +E1_Projektdaten!$D$80*(1+Eing_allg_Teuerung/100)^(E1_Projektdaten!$I$80*ROUNDDOWN((AS51-1)/E1_Projektdaten!$I$69,0))/E1_Projektdaten!$I$80 )*((AS51)>0)*VLOOKUP(B51,E1_Projektdaten!$D$83:$I$87,6 )/100 -> 1160858.2 | AN51: =SUM(AH51,AM51) -> 4447318.9 | AO51: =SUM(T51,-AN51) -> 803607.5 | AP51: =AP50+AO51 -> -1536760.7 | AQ51: {=IF(AS51-1<=0,0, (Eing_Kosten_Bau*(MOD((AS51-1),Eing_Nutzungsdauer_Bau)=0) +Eing_Invest_HolzAnlage*(MOD((AS51-1),Eing_Nutzungsdauer_Holz)=0) +Eing_Invest_WKKAnlage*(MOD((AS51-1),Eing_Nutzungsdauer_WKK)=0) +Eing_Invest_WPAnlage*(MOD((AS51-1),Eing_Nutzungsdauer_WP)=0) +Eing_Invest_SondenGrundwasser*(MOD((AS51-1),Eing_Nutzungsdauer_SondenGW)=0) +Eing_Invest_AWN*(MOD((AS51-1),Eing_Nutzungsdauer_AWN)=0) +Eing_Invest_Spitzenlast*(MOD((AS51-1),Eing_Nutzungsdauer_Spitzenlast)=0) +Eing_Invest_Installationen*(MOD((AS51-1),Eing_Nutzungsdauer_Installationen)=0) +Eing_Invest_Wärmenetz*(MOD((AS51-1),Eing_Nutzungsdauer_Netz)=0) +Eing_Invest_Messung*(MOD((AS51-1),Eing_Nutzungsdauer_Messung)=0))*(1+Eing_allg_Teuerung/100)^(AS51-1)) +(Gesamtinvestition-SUM(E1_Projektdaten!$D$79:$D$80))*SUMPRODUCT((E1_Projektdaten!$D$83:$D$87=B51)*E1_Projektdaten!$F$83:$F$87)/100-AM51 +AQ50} -> 24845709 | AR51: =-SUM(AX51,BB51) -> -21153846 | AS51: =MAX(B1_Berechnungen!B51-E1_Projektdaten!$D$23,0) -> 5 | AT51: =AT50-B1_Berechnungen!I51 -> 0 | AU51: =AU50-AV50+(Eing_Kredit_1*(B51=Eing_Kreditstartjahr_1)) -> 0 | AV51: =IF((SUM(H$44:H51)-SUM(I$44:I51))<=AU51,MAX((SUM(H$44:H51)-SUM(I$44:I51)),0),AU51) -> 0 | AW51: =IF(Eing_Kreditlaufzeit_1=0,0,(IF(Eing_Kreditlaufzeit_1<>0,(Eing_Kredit_1/(Eing_Kreditlaufzeit_1+Eing_Kreditstartjahr_1-Eing_StartAmortisation_Kredit1))*(Eing_Kreditlaufzeit_1>B51-Eing_Kreditstartjahr_1)*(B51>=Eing_StartAmortisation_Kredit1)))) -> 961538.46 | AX51: =AX50+AV51-AW51 -> 21153846 | AY51: =AY50-AZ50+(Eing_Kredit_2*(B51=Eing_Kreditstartjahr_2)) -> 0 | AZ51: =IF((SUM(H$44:H51)-SUM(I$44:I51)-AV51)<=AY51,MAX((SUM(H$44:H51)-SUM(I$44:I51)-AV51),0),AY51) -> 0 | BA51: =IF(Eing_Kreditlaufzeit_2=0,0,(IF(Eing_Kreditlaufzeit_2<>0,(Eing_Kredit_2/(Eing_Kreditlaufzeit_2+Eing_Kreditstartjahr_2-Eing_StartAmortisation_Kredit2))*(Eing_Kreditlaufzeit_2>B51-Eing_Kreditstartjahr_2)*(B51>=Eing_StartAmortisation_Kredit2)))) -> 0 | BB51: =BB50+AZ51-BA51 -> 0 | BC51: =SUM(-H51,AK51,AQ51) -> 26648636 | BD51: =SUM(-H51,AK51) -> 1802927.2
B52: =B51+1 -> 2032 | C52: {=(SUMPRODUCT((E3_Verbraucher!$D$21:$XFD$21<B1_Berechnungen!B52)*E3_Verbraucher!$D$18:$XFD$18)+SUMPRODUCT((E3_Verbraucher!$D$21:$XFD$21=B1_Berechnungen!B52)*E3_Verbraucher!$D$18:$XFD$18*E3_Verbraucher!$D$20:$XFD$20))/(100-Eing_Netzverluste)*100*(1-Eing_AbnW/100)^(B1_Berechnungen!B52-Eing_Beginnjahr)} -> 17360.929 | D52: =IF(mittl_Erzeugte_Wärmemenge=0,0,C52/mittl_Erzeugte_Wärmemenge*100) -> 121.0796 | E52: {=IF(AS52=0,0, (Eing_Kosten_Bau*(MOD((AS52),Eing_Nutzungsdauer_Bau)=0) +Eing_Invest_HolzAnlage*(MOD((AS52),Eing_Nutzungsdauer_Holz)=0) +Eing_Invest_WKKAnlage*(MOD((AS52),Eing_Nutzungsdauer_WKK)=0) +Eing_Invest_WPAnlage*(MOD((AS52),Eing_Nutzungsdauer_WP)=0) +Eing_Invest_SondenGrundwasser*(MOD((AS52),Eing_Nutzungsdauer_SondenGW)=0) +Eing_Invest_Zusatz*(MOD((AS52),Eing_Nutzungsdauer_Zusatz)=0) +Eing_Invest_AWN*(MOD((AS52),Eing_Nutzungsdauer_AWN)=0) +Eing_Invest_Spitzenlast*(MOD((AS52),Eing_Nutzungsdauer_Spitzenlast)=0) +Eing_Invest_Installationen*(MOD((AS52),Eing_Nutzungsdauer_Installationen)=0) +Eing_Invest_Wärmenetz*(MOD((AS52),Eing_Nutzungsdauer_Netz)=0) +Eing_Invest_Messung*(MOD((AS52),Eing_Nutzungsdauer_Messung)=0))*(1+Eing_allg_Teuerung/100)^(AS52)) +Gesamtinvestition*SUMPRODUCT((E1_Projektdaten!$D$83:$D$87=B52)*E1_Projektdaten!$F$83:$F$87)/100} -> 0 | F52: =-SUM(Einmaliger_Förderbeitrag_1*(B52=Förderungsauszahlung_1),Einmaliger_Förderbeitrag_2*(B52=Förderungsauszahlung_2),Einmaliger_Förderbeitrag_3*(B52=Förderungsauszahlung_3)) -> 0 | G52: {=-SUMPRODUCT((E3_Verbraucher!$D$21:$XFD$21=B1_Berechnungen!B52)*E3_Verbraucher!$D$23:$XFD$23)} -> -62000 | H52: =SUM(E52:G52) -> -62000 | I52: =IF(H52<=0,0,MIN(AT51,H52)) -> 0 | J52: =AV52+AZ52 -> 0 | K52: =K51-H52+SUM(I52:J52) -> 5446200 | L52: =AL52 -> -1521934 | M52: =IF(ISNUMBER(IRR((BD$44:BD51,BC52))),IRR((BD$44:BD51,BC52)),"-") -> -0.025645017 | N52: {=SUM((SUMPRODUCT((E3_Verbraucher!$D$21:$XFD$21<B1_Berechnungen!B52)*E3_Verbraucher!$D$26:$XFD$26)+SUMPRODUCT((E3_Verbraucher!$D$21:$XFD$21=B1_Berechnungen!B52)*E3_Verbraucher!$D$26:$XFD$26*E3_Verbraucher!$D$20:$XFD$20))*(1+$G$30)^(B52-B$44),(SUMPRODUCT((E3_Verbraucher!$D$21:$XFD$21<B1_Berechnungen!B52)*E3_Verbraucher!$D$27:$XFD$27)+SUMPRODUCT((E3_Verbraucher!$D$21:$XFD$21=B1_Berechnungen!B52)*E3_Verbraucher!$D$27:$XFD$27*E3_Verbraucher!$D$20:$XFD$20))*((1+$G$30)*(1-E1_Projektdaten!$D$20/100))^(B52-B$44))} -> 3992902.6 | O52: =-$F$28*D52/100*((1+$G$28)^(B52-$B$44)) -> 669164.58 | P52: =-$F$29*D52/100*((1+$G$29)^(B52-$B$44)) -> 629336.93 | Q52: =SUM(Eing_jährlicher_Förderbeitrag_1*((B52-Eing_Erstauszahlung_jährlFörderung_1)<=(Eing_Förderung_wiederholend_Laufzeit_1-1))*(B52>=Eing_Erstauszahlung_jährlFörderung_1),Eing_jährlicher_Förderbeitrag_2*((B52-Eing_Erstauszahlung_jährlFörderung_2)<=(Eing_Förderung_wiederholend_Laufzeit_2-1))*(B52>=Eing_Erstauszahlung_jährlFörderung_2)) -> 0 | T52: =IF(S52,S52,SUM(N52:R52)) -> 5291404.1 | U52: =Energiekosten_Holzschnitzel*D52/100*((1+$G$16)^(B52-$B$44)) -> 620380.14 | V52: =Energiekosten_WKK*D52/100*((1+$G$17)^(B52-$B$44)) -> 775475.17 | W52: =Energiekosten_Zusatz*D52/100*((1+$G$18)^(B52-$B$44)) -> 0 | X52: =Energiekosten_AWN*D52/100*((1+$G$19)^(B52-$B$44)) -> 0 | Y52: =Energiekosten_fossil*D52/100*(1+$G$20)^(B52-$B$44) -> 265403.27 | Z52: =Stromkosten_WP*D52/100*((1+$G$21)^(B52-$B$44)) -> 0 | AA52: =Stromkosten_Hilfsenergie*D52/100*((1+$G$21)^(B52-$B$44)) -> 18799.398 | AB52: =($F$22*(1+$G$22)^(B52-B$44)+$F$23*(1+$G$23)^(B52-B$44))*(B52>=Eing_JahrBegWLief)*VLOOKUP(B52,E1_Projektdaten!$D$83:$I$87,6)/100 -> 258586.18 | AC52: =$F$24*(1+$G$24)^(B52-B$44)*(B52>=Eing_JahrBegWLief)*VLOOKUP(B52,E1_Projektdaten!$D$83:$I$87,6)/100 -> 479705.52 | AD52: =Eing_Kosten_Grundstück*(1+$G$25)^(B52-B$44)+Eing_Sonstige_Kosten*(1+$G$26)^(B52-B$44) -> 249057.04 | AG52: =SUM(AX52*Eing_Kreditzinssatz_1/100,BB52*Eing_Kreditzinssatz_2/100) -> 605769.23 | AH52: =IF(AF52,SUM(AF52:AG52),SUM(U52:AG52)) -> 3273176 | AI52: =SUM(AW52,BA52) -> 961538.46 | AJ52: =SUM(AH52,AI52) -> 4234714.4 | AK52: =SUM(-AJ52,T52) -> 1056689.7 | AL52: =AL51+AK52 -> -1521934 | AM52: =(E1_Projektdaten!$D$68*(1+Eing_allg_Teuerung/100)^(E1_Projektdaten!$I$68*ROUNDDOWN((AS52-1)/E1_Projektdaten!$I$68,0))/E1_Projektdaten!$I$68 +E1_Projektdaten!$D$69*(1+Eing_allg_Teuerung/100)^(E1_Projektdaten!$I$69*ROUNDDOWN((AS52-1)/E1_Projektdaten!$I$69,0))/E1_Projektdaten!$I$69 +E1_Projektdaten!$D$70*(1+Eing_allg_Teuerung/100)^(E1_Projektdaten!$I$70*ROUNDDOWN((AS52-1)/E1_Projektdaten!$I$69,0))/E1_Projektdaten!$I$70 +E1_Projektdaten!$D$71*(1+Eing_allg_Teuerung/100)^(E1_Projektdaten!$I$71*ROUNDDOWN((AS52-1)/E1_Projektdaten!$I$69,0))/E1_Projektdaten!$I$71 +E1_Projektdaten!$D$72*(1+Eing_allg_Teuerung/100)^(E1_Projektdaten!$I$72*ROUNDDOWN((AS52-1)/E1_Projektdaten!$I$69,0))/E1_Projektdaten!$I$72 +E1_Projektdaten!$D$74*(1+Eing_allg_Teuerung/100)^(E1_Projektdaten!$I$74*ROUNDDOWN((AS52-1)/E1_Projektdaten!$I$69,0))/E1_Projektdaten!$I$74 +E1_Projektdaten!$D$75*(1+Eing_allg_Teuerung/100)^(E1_Projektdaten!$I$75*ROUNDDOWN((AS52-1)/E1_Projektdaten!$I$75,0))/E1_Projektdaten!$I$75 +E1_Projektdaten!$D$76*(1+Eing_allg_Teuerung/100)^(E1_Projektdaten!$I$76*ROUNDDOWN((AS52-1)/E1_Projektdaten!$I$76,0))/E1_Projektdaten!$I$76 +E1_Projektdaten!$D$77*(1+Eing_allg_Teuerung/100)^(E1_Projektdaten!$I$77*ROUNDDOWN((AS52-1)/E1_Projektdaten!$I$77,0))/E1_Projektdaten!$I$77 +E1_Projektdaten!$D$78*(1+Eing_allg_Teuerung/100)^(E1_Projektdaten!$I$78*ROUNDDOWN((AS52-1)/E1_Projektdaten!$I$78,0))/E1_Projektdaten!$I$78 +E1_Projektdaten!$D$80*(1+Eing_allg_Teuerung/100)^(E1_Projektdaten!$I$80*ROUNDDOWN((AS52-1)/E1_Projektdaten!$I$69,0))/E1_Projektdaten!$I$80 )*((AS52)>0)*VLOOKUP(B52,E1_Projektdaten!$D$83:$I$87,6 )/100 -> 1160858.2 | AN52: =SUM(AH52,AM52) -> 4434034.1 | AO52: =SUM(T52,-AN52) -> 857370.02 | AP52: =AP51+AO52 -> -679390.73 | AQ52: {=IF(AS52-1<=0,0, (Eing_Kosten_Bau*(MOD((AS52-1),Eing_Nutzungsdauer_Bau)=0) +Eing_Invest_HolzAnlage*(MOD((AS52-1),Eing_Nutzungsdauer_Holz)=0) +Eing_Invest_WKKAnlage*(MOD((AS52-1),Eing_Nutzungsdauer_WKK)=0) +Eing_Invest_WPAnlage*(MOD((AS52-1),Eing_Nutzungsdauer_WP)=0) +Eing_Invest_SondenGrundwasser*(MOD((AS52-1),Eing_Nutzungsdauer_SondenGW)=0) +Eing_Invest_AWN*(MOD((AS52-1),Eing_Nutzungsdauer_AWN)=0) +Eing_Invest_Spitzenlast*(MOD((AS52-1),Eing_Nutzungsdauer_Spitzenlast)=0) +Eing_Invest_Installationen*(MOD((AS52-1),Eing_Nutzungsdauer_Installationen)=0) +Eing_Invest_Wärmenetz*(MOD((AS52-1),Eing_Nutzungsdauer_Netz)=0) +Eing_Invest_Messung*(MOD((AS52-1),Eing_Nutzungsdauer_Messung)=0))*(1+Eing_allg_Teuerung/100)^(AS52-1)) +(Gesamtinvestition-SUM(E1_Projektdaten!$D$79:$D$80))*SUMPRODUCT((E1_Projektdaten!$D$83:$D$87=B52)*E1_Projektdaten!$F$83:$F$87)/100-AM52 +AQ51} -> 23684851 | AR52: =-SUM(AX52,BB52) -> -20192308 | AS52: =MAX(B1_Berechnungen!B52-E1_Projektdaten!$D$23,0) -> 6 | AT52: =AT51-B1_Berechnungen!I52 -> 0 | AU52: =AU51-AV51+(Eing_Kredit_1*(B52=Eing_Kreditstartjahr_1)) -> 0 | AV52: =IF((SUM(H$44:H52)-SUM(I$44:I52))<=AU52,MAX((SUM(H$44:H52)-SUM(I$44:I52)),0),AU52) -> 0 | AW52: =IF(Eing_Kreditlaufzeit_1=0,0,(IF(Eing_Kreditlaufzeit_1<>0,(Eing_Kredit_1/(Eing_Kreditlaufzeit_1+Eing_Kreditstartjahr_1-Eing_StartAmortisation_Kredit1))*(Eing_Kreditlaufzeit_1>B52-Eing_Kreditstartjahr_1)*(B52>=Eing_StartAmortisation_Kredit1)))) -> 961538.46 | AX52: =AX51+AV52-AW52 -> 20192308 | AY52: =AY51-AZ51+(Eing_Kredit_2*(B52=Eing_Kreditstartjahr_2)) -> 0 | AZ52: =IF((SUM(H$44:H52)-SUM(I$44:I52)-AV52)<=AY52,MAX((SUM(H$44:H52)-SUM(I$44:I52)-AV52),0),AY52) -> 0 | BA52: =IF(Eing_Kreditlaufzeit_2=0,0,(IF(Eing_Kreditlaufzeit_2<>0,(Eing_Kredit_2/(Eing_Kreditlaufzeit_2+Eing_Kreditstartjahr_2-Eing_StartAmortisation_Kredit2))*(Eing_Kreditlaufzeit_2>B52-Eing_Kreditstartjahr_2)*(B52>=Eing_StartAmortisation_Kredit2)))) -> 0 | BB52: =BB51+AZ52-BA52 -> 0 | BC52: =SUM(-H52,AK52,AQ52) -> 24803541 | BD52: =SUM(-H52,AK52) -> 1118689.7
B53: =B52+1 -> 2033 | C53: {=(SUMPRODUCT((E3_Verbraucher!$D$21:$XFD$21<B1_Berechnungen!B53)*E3_Verbraucher!$D$18:$XFD$18)+SUMPRODUCT((E3_Verbraucher!$D$21:$XFD$21=B1_Berechnungen!B53)*E3_Verbraucher!$D$18:$XFD$18*E3_Verbraucher!$D$20:$XFD$20))/(100-Eing_Netzverluste)*100*(1-Eing_AbnW/100)^(B1_Berechnungen!B53-Eing_Beginnjahr)} -> 17248.221 | D53: =IF(mittl_Erzeugte_Wärmemenge=0,0,C53/mittl_Erzeugte_Wärmemenge*100) -> 120.29355 | E53: {=IF(AS53=0,0, (Eing_Kosten_Bau*(MOD((AS53),Eing_Nutzungsdauer_Bau)=0) +Eing_Invest_HolzAnlage*(MOD((AS53),Eing_Nutzungsdauer_Holz)=0) +Eing_Invest_WKKAnlage*(MOD((AS53),Eing_Nutzungsdauer_WKK)=0) +Eing_Invest_WPAnlage*(MOD((AS53),Eing_Nutzungsdauer_WP)=0) +Eing_Invest_SondenGrundwasser*(MOD((AS53),Eing_Nutzungsdauer_SondenGW)=0) +Eing_Invest_Zusatz*(MOD((AS53),Eing_Nutzungsdauer_Zusatz)=0) +Eing_Invest_AWN*(MOD((AS53),Eing_Nutzungsdauer_AWN)=0) +Eing_Invest_Spitzenlast*(MOD((AS53),Eing_Nutzungsdauer_Spitzenlast)=0) +Eing_Invest_Installationen*(MOD((AS53),Eing_Nutzungsdauer_Installationen)=0) +Eing_Invest_Wärmenetz*(MOD((AS53),Eing_Nutzungsdauer_Netz)=0) +Eing_Invest_Messung*(MOD((AS53),Eing_Nutzungsdauer_Messung)=0))*(1+Eing_allg_Teuerung/100)^(AS53)) +Gesamtinvestition*SUMPRODUCT((E1_Projektdaten!$D$83:$D$87=B53)*E1_Projektdaten!$F$83:$F$87)/100} -> 0 | F53: =-SUM(Einmaliger_Förderbeitrag_1*(B53=Förderungsauszahlung_1),Einmaliger_Förderbeitrag_2*(B53=Förderungsauszahlung_2),Einmaliger_Förderbeitrag_3*(B53=Förderungsauszahlung_3)) -> 0 | G53: {=-SUMPRODUCT((E3_Verbraucher!$D$21:$XFD$21=B1_Berechnungen!B53)*E3_Verbraucher!$D$23:$XFD$23)} -> 0 | H53: =SUM(E53:G53) -> 0 | I53: =IF(H53<=0,0,MIN(AT52,H53)) -> 0 | J53: =AV53+AZ53 -> 0 | K53: =K52-H53+SUM(I53:J53) -> 5446200 | L53: =AL53 -> -411203.96 | M53: =IF(ISNUMBER(IRR((BD$44:BD52,BC53))),IRR((BD$44:BD52,BC53)),"-") -> -0.023049905 | N53: {=SUM((SUMPRODUCT((E3_Verbraucher!$D$21:$XFD$21<B1_Berechnungen!B53)*E3_Verbraucher!$D$26:$XFD$26)+SUMPRODUCT((E3_Verbraucher!$D$21:$XFD$21=B1_Berechnungen!B53)*E3_Verbraucher!$D$26:$XFD$26*E3_Verbraucher!$D$20:$XFD$20))*(1+$G$30)^(B53-B$44),(SUMPRODUCT((E3_Verbraucher!$D$21:$XFD$21<B1_Berechnungen!B53)*E3_Verbraucher!$D$27:$XFD$27)+SUMPRODUCT((E3_Verbraucher!$D$21:$XFD$21=B1_Berechnungen!B53)*E3_Verbraucher!$D$27:$XFD$27*E3_Verbraucher!$D$20:$XFD$20))*((1+$G$30)*(1-E1_Projektdaten!$D$20/100))^(B53-B$44))} -> 4029284 | O53: =-$F$28*D53/100*((1+$G$28)^(B53-$B$44)) -> 671468.53 | P53: =-$F$29*D53/100*((1+$G$29)^(B53-$B$44)) -> 631503.75 | Q53: =SUM(Eing_jährlicher_Förderbeitrag_1*((B53-Eing_Erstauszahlung_jährlFörderung_1)<=(Eing_Förderung_wiederholend_Laufzeit_1-1))*(B53>=Eing_Erstauszahlung_jährlFörderung_1),Eing_jährlicher_Förderbeitrag_2*((B53-Eing_Erstauszahlung_jährlFörderung_2)<=(Eing_Förderung_wiederholend_Laufzeit_2-1))*(B53>=Eing_Erstauszahlung_jährlFörderung_2)) -> 0 | T53: =IF(S53,S53,SUM(N53:R53)) -> 5332256.3 | U53: =Energiekosten_Holzschnitzel*D53/100*((1+$G$16)^(B53-$B$44)) -> 622516.12 | V53: =Energiekosten_WKK*D53/100*((1+$G$17)^(B53-$B$44)) -> 778145.15 | W53: =Energiekosten_Zusatz*D53/100*((1+$G$18)^(B53-$B$44)) -> 0 | X53: =Energiekosten_AWN*D53/100*((1+$G$19)^(B53-$B$44)) -> 0 | Y53: =Energiekosten_fossil*D53/100*(1+$G$20)^(B53-$B$44) -> 266317.06 | Z53: =Stromkosten_WP*D53/100*((1+$G$21)^(B53-$B$44)) -> 0 | AA53: =Stromkosten_Hilfsenergie*D53/100*((1+$G$21)^(B53-$B$44)) -> 18864.125 | AB53: =($F$22*(1+$G$22)^(B53-B$44)+$F$23*(1+$G$23)^(B53-B$44))*(B53>=Eing_JahrBegWLief)*VLOOKUP(B53,E1_Projektdaten!$D$83:$I$87,6)/100 -> 261172.04 | AC53: =$F$24*(1+$G$24)^(B53-B$44)*(B53>=Eing_JahrBegWLief)*VLOOKUP(B53,E1_Projektdaten!$D$83:$I$87,6)/100 -> 484502.58 | AD53: =Eing_Kosten_Grundstück*(1+$G$25)^(B53-B$44)+Eing_Sonstige_Kosten*(1+$G$26)^(B53-B$44) -> 251547.61 | AG53: =SUM(AX53*Eing_Kreditzinssatz_1/100,BB53*Eing_Kreditzinssatz_2/100) -> 576923.08 | AH53: =IF(AF53,SUM(AF53:AG53),SUM(U53:AG53)) -> 3259987.8 | AI53: =SUM(AW53,BA53) -> 961538.46 | AJ53: =SUM(AH53,AI53) -> 4221526.2 | AK53: =SUM(-AJ53,T53) -> 1110730.1 | AL53: =AL52+AK53 -> -411203.96 | AM53: =(E1_Projektdaten!$D$68*(1+Eing_allg_Teuerung/100)^(E1_Projektdaten!$I$68*ROUNDDOWN((AS53-1)/E1_Projektdaten!$I$68,0))/E1_Projektdaten!$I$68 +E1_Projektdaten!$D$69*(1+Eing_allg_Teuerung/100)^(E1_Projektdaten!$I$69*ROUNDDOWN((AS53-1)/E1_Projektdaten!$I$69,0))/E1_Projektdaten!$I$69 +E1_Projektdaten!$D$70*(1+Eing_allg_Teuerung/100)^(E1_Projektdaten!$I$70*ROUNDDOWN((AS53-1)/E1_Projektdaten!$I$69,0))/E1_Projektdaten!$I$70 +E1_Projektdaten!$D$71*(1+Eing_allg_Teuerung/100)^(E1_Projektdaten!$I$71*ROUNDDOWN((AS53-1)/E1_Projektdaten!$I$69,0))/E1_Projektdaten!$I$71 +E1_Projektdaten!$D$72*(1+Eing_allg_Teuerung/100)^(E1_Projektdaten!$I$72*ROUNDDOWN((AS53-1)/E1_Projektdaten!$I$69,0))/E1_Projektdaten!$I$72 +E1_Projektdaten!$D$74*(1+Eing_allg_Teuerung/100)^(E1_Projektdaten!$I$74*ROUNDDOWN((AS53-1)/E1_Projektdaten!$I$69,0))/E1_Projektdaten!$I$74 +E1_Projektdaten!$D$75*(1+Eing_allg_Teuerung/100)^(E1_Projektdaten!$I$75*ROUNDDOWN((AS53-1)/E1_Projektdaten!$I$75,0))/E1_Projektdaten!$I$75 +E1_Projektdaten!$D$76*(1+Eing_allg_Teuerung/100)^(E1_Projektdaten!$I$76*ROUNDDOWN((AS53-1)/E1_Projektdaten!$I$76,0))/E1_Projektdaten!$I$76 +E1_Projektdaten!$D$77*(1+Eing_allg_Teuerung/100)^(E1_Projektdaten!$I$77*ROUNDDOWN((AS53-1)/E1_Projektdaten!$I$77,0))/E1_Projektdaten!$I$77 +E1_Projektdaten!$D$78*(1+Eing_allg_Teuerung/100)^(E1_Projektdaten!$I$78*ROUNDDOWN((AS53-1)/E1_Projektdaten!$I$78,0))/E1_Projektdaten!$I$78 +E1_Projektdaten!$D$80*(1+Eing_allg_Teuerung/100)^(E1_Projektdaten!$I$80*ROUNDDOWN((AS53-1)/E1_Projektdaten!$I$69,0))/E1_Projektdaten!$I$80 )*((AS53)>0)*VLOOKUP(B53,E1_Projektdaten!$D$83:$I$87,6 )/100 -> 1160858.2 | AN53: =SUM(AH53,AM53) -> 4420845.9 | AO53: =SUM(T53,-AN53) -> 911410.38 | AP53: =AP52+AO53 -> 232019.65 | AQ53: {=IF(AS53-1<=0,0, (Eing_Kosten_Bau*(MOD((AS53-1),Eing_Nutzungsdauer_Bau)=0) +Eing_Invest_HolzAnlage*(MOD((AS53-1),Eing_Nutzungsdauer_Holz)=0) +Eing_Invest_WKKAnlage*(MOD((AS53-1),Eing_Nutzungsdauer_WKK)=0) +Eing_Invest_WPAnlage*(MOD((AS53-1),Eing_Nutzungsdauer_WP)=0) +Eing_Invest_SondenGrundwasser*(MOD((AS53-1),Eing_Nutzungsdauer_SondenGW)=0) +Eing_Invest_AWN*(MOD((AS53-1),Eing_Nutzungsdauer_AWN)=0) +Eing_Invest_Spitzenlast*(MOD((AS53-1),Eing_Nutzungsdauer_Spitzenlast)=0) +Eing_Invest_Installationen*(MOD((AS53-1),Eing_Nutzungsdauer_Installationen)=0) +Eing_Invest_Wärmenetz*(MOD((AS53-1),Eing_Nutzungsdauer_Netz)=0) +Eing_Invest_Messung*(MOD((AS53-1),Eing_Nutzungsdauer_Messung)=0))*(1+Eing_allg_Teuerung/100)^(AS53-1)) +(Gesamtinvestition-SUM(E1_Projektdaten!$D$79:$D$80))*SUMPRODUCT((E1_Projektdaten!$D$83:$D$87=B53)*E1_Projektdaten!$F$83:$F$87)/100-AM53 +AQ52} -> 22523993 | AR53: =-SUM(AX53,BB53) -> -19230769 | AS53: =MAX(B1_Berechnungen!B53-E1_Projektdaten!$D$23,0) -> 7 | AT53: =AT52-B1_Berechnungen!I53 -> 0 | AU53: =AU52-AV52+(Eing_Kredit_1*(B53=Eing_Kreditstartjahr_1)) -> 0 | AV53: =IF((SUM(H$44:H53)-SUM(I$44:I53))<=AU53,MAX((SUM(H$44:H53)-SUM(I$44:I53)),0),AU53) -> 0 | AW53: =IF(Eing_Kreditlaufzeit_1=0,0,(IF(Eing_Kreditlaufzeit_1<>0,(Eing_Kredit_1/(Eing_Kreditlaufzeit_1+Eing_Kreditstartjahr_1-Eing_StartAmortisation_Kredit1))*(Eing_Kreditlaufzeit_1>B53-Eing_Kreditstartjahr_1)*(B53>=Eing_StartAmortisation_Kredit1)))) -> 961538.46 | AX53: =AX52+AV53-AW53 -> 19230769 | AY53: =AY52-AZ52+(Eing_Kredit_2*(B53=Eing_Kreditstartjahr_2)) -> 0 | AZ53: =IF((SUM(H$44:H53)-SUM(I$44:I53)-AV53)<=AY53,MAX((SUM(H$44:H53)-SUM(I$44:I53)-AV53),0),AY53) -> 0 | BA53: =IF(Eing_Kreditlaufzeit_2=0,0,(IF(Eing_Kreditlaufzeit_2<>0,(Eing_Kredit_2/(Eing_Kreditlaufzeit_2+Eing_Kreditstartjahr_2-Eing_StartAmortisation_Kredit2))*(Eing_Kreditlaufzeit_2>B53-Eing_Kreditstartjahr_2)*(B53>=Eing_StartAmortisation_Kredit2)))) -> 0 | BB53: =BB52+AZ53-BA53 -> 0 | BC53: =SUM(-H53,AK53,AQ53) -> 23634723 | BD53: =SUM(-H53,AK53) -> 1110730.1
B54: =B53+1 -> 2034 | C54: {=(SUMPRODUCT((E3_Verbraucher!$D$21:$XFD$21<B1_Berechnungen!B54)*E3_Verbraucher!$D$18:$XFD$18)+SUMPRODUCT((E3_Verbraucher!$D$21:$XFD$21=B1_Berechnungen!B54)*E3_Verbraucher!$D$18:$XFD$18*E3_Verbraucher!$D$20:$XFD$20))/(100-Eing_Netzverluste)*100*(1-Eing_AbnW/100)^(B1_Berechnungen!B54-Eing_Beginnjahr)} -> 17075.738 | D54: =IF(mittl_Erzeugte_Wärmemenge=0,0,C54/mittl_Erzeugte_Wärmemenge*100) -> 119.09061 | E54: {=IF(AS54=0,0, (Eing_Kosten_Bau*(MOD((AS54),Eing_Nutzungsdauer_Bau)=0) +Eing_Invest_HolzAnlage*(MOD((AS54),Eing_Nutzungsdauer_Holz)=0) +Eing_Invest_WKKAnlage*(MOD((AS54),Eing_Nutzungsdauer_WKK)=0) +Eing_Invest_WPAnlage*(MOD((AS54),Eing_Nutzungsdauer_WP)=0) +Eing_Invest_SondenGrundwasser*(MOD((AS54),Eing_Nutzungsdauer_SondenGW)=0) +Eing_Invest_Zusatz*(MOD((AS54),Eing_Nutzungsdauer_Zusatz)=0) +Eing_Invest_AWN*(MOD((AS54),Eing_Nutzungsdauer_AWN)=0) +Eing_Invest_Spitzenlast*(MOD((AS54),Eing_Nutzungsdauer_Spitzenlast)=0) +Eing_Invest_Installationen*(MOD((AS54),Eing_Nutzungsdauer_Installationen)=0) +Eing_Invest_Wärmenetz*(MOD((AS54),Eing_Nutzungsdauer_Netz)=0) +Eing_Invest_Messung*(MOD((AS54),Eing_Nutzungsdauer_Messung)=0))*(1+Eing_allg_Teuerung/100)^(AS54)) +Gesamtinvestition*SUMPRODUCT((E1_Projektdaten!$D$83:$D$87=B54)*E1_Projektdaten!$F$83:$F$87)/100} -> 0 | F54: =-SUM(Einmaliger_Förderbeitrag_1*(B54=Förderungsauszahlung_1),Einmaliger_Förderbeitrag_2*(B54=Förderungsauszahlung_2),Einmaliger_Förderbeitrag_3*(B54=Förderungsauszahlung_3)) -> 0 | G54: {=-SUMPRODUCT((E3_Verbraucher!$D$21:$XFD$21=B1_Berechnungen!B54)*E3_Verbraucher!$D$23:$XFD$23)} -> 0 | H54: =SUM(E54:G54) -> 0 | I54: =IF(H54<=0,0,MIN(AT53,H54)) -> 0 | J54: =AV54+AZ54 -> 0 | K54: =K53-H54+SUM(I54:J54) -> 5446200 | L54: =AL54 -> 741583.7 | M54: =IF(ISNUMBER(IRR((BD$44:BD53,BC54))),IRR((BD$44:BD53,BC54)),"-") -> -0.020888628 | N54: {=SUM((SUMPRODUCT((E3_Verbraucher!$D$21:$XFD$21<B1_Berechnungen!B54)*E3_Verbraucher!$D$26:$XFD$26)+SUMPRODUCT((E3_Verbraucher!$D$21:$XFD$21=B1_Berechnungen!B54)*E3_Verbraucher!$D$26:$XFD$26*E3_Verbraucher!$D$20:$XFD$20))*(1+$G$30)^(B54-B$44),(SUMPRODUCT((E3_Verbraucher!$D$21:$XFD$21<B1_Berechnungen!B54)*E3_Verbraucher!$D$27:$XFD$27)+SUMPRODUCT((E3_Verbraucher!$D$21:$XFD$21=B1_Berechnungen!B54)*E3_Verbraucher!$D$27:$XFD$27*E3_Verbraucher!$D$20:$XFD$20))*((1+$G$30)*(1-E1_Projektdaten!$D$20/100))^(B54-B$44))} -> 4052429.4 | O54: =-$F$28*D54/100*((1+$G$28)^(B54-$B$44)) -> 671401.38 | P54: =-$F$29*D54/100*((1+$G$29)^(B54-$B$44)) -> 631440.6 | Q54: =SUM(Eing_jährlicher_Förderbeitrag_1*((B54-Eing_Erstauszahlung_jährlFörderung_1)<=(Eing_Förderung_wiederholend_Laufzeit_1-1))*(B54>=Eing_Erstauszahlung_jährlFörderung_1),Eing_jährlicher_Förderbeitrag_2*((B54-Eing_Erstauszahlung_jährlFörderung_2)<=(Eing_Förderung_wiederholend_Laufzeit_2-1))*(B54>=Eing_Erstauszahlung_jährlFörderung_2)) -> 0 | T54: =IF(S54,S54,SUM(N54:R54)) -> 5355271.4 | U54: =Energiekosten_Holzschnitzel*D54/100*((1+$G$16)^(B54-$B$44)) -> 622453.87 | V54: =Energiekosten_WKK*D54/100*((1+$G$17)^(B54-$B$44)) -> 778067.34 | W54: =Energiekosten_Zusatz*D54/100*((1+$G$18)^(B54-$B$44)) -> 0 | X54: =Energiekosten_AWN*D54/100*((1+$G$19)^(B54-$B$44)) -> 0 | Y54: =Energiekosten_fossil*D54/100*(1+$G$20)^(B54-$B$44) -> 266290.43 | Z54: =Stromkosten_WP*D54/100*((1+$G$21)^(B54-$B$44)) -> 0 | AA54: =Stromkosten_Hilfsenergie*D54/100*((1+$G$21)^(B54-$B$44)) -> 18862.238 | AB54: =($F$22*(1+$G$22)^(B54-B$44)+$F$23*(1+$G$23)^(B54-B$44))*(B54>=Eing_JahrBegWLief)*VLOOKUP(B54,E1_Projektdaten!$D$83:$I$87,6)/100 -> 263783.76 | AC54: =$F$24*(1+$G$24)^(B54-B$44)*(B54>=Eing_JahrBegWLief)*VLOOKUP(B54,E1_Projektdaten!$D$83:$I$87,6)/100 -> 489347.6 | AD54: =Eing_Kosten_Grundstück*(1+$G$25)^(B54-B$44)+Eing_Sonstige_Kosten*(1+$G$26)^(B54-B$44) -> 254063.09 | AG54: =SUM(AX54*Eing_Kreditzinssatz_1/100,BB54*Eing_Kreditzinssatz_2/100) -> 548076.92 | AH54: =IF(AF54,SUM(AF54:AG54),SUM(U54:AG54)) -> 3240945.2 | AI54: =SUM(AW54,BA54) -> 961538.46 | AJ54: =SUM(AH54,AI54) -> 4202483.7 | AK54: =SUM(-AJ54,T54) -> 1152787.7 | AL54: =AL53+AK54 -> 741583.7 | AM54: =(E1_Projektdaten!$D$68*(1+Eing_allg_Teuerung/100)^(E1_Projektdaten!$I$68*ROUNDDOWN((AS54-1)/E1_Projektdaten!$I$68,0))/E1_Projektdaten!$I$68 +E1_Projektdaten!$D$69*(1+Eing_allg_Teuerung/100)^(E1_Projektdaten!$I$69*ROUNDDOWN((AS54-1)/E1_Projektdaten!$I$69,0))/E1_Projektdaten!$I$69 +E1_Projektdaten!$D$70*(1+Eing_allg_Teuerung/100)^(E1_Projektdaten!$I$70*ROUNDDOWN((AS54-1)/E1_Projektdaten!$I$69,0))/E1_Projektdaten!$I$70 +E1_Projektdaten!$D$71*(1+Eing_allg_Teuerung/100)^(E1_Projektdaten!$I$71*ROUNDDOWN((AS54-1)/E1_Projektdaten!$I$69,0))/E1_Projektdaten!$I$71 +E1_Projektdaten!$D$72*(1+Eing_allg_Teuerung/100)^(E1_Projektdaten!$I$72*ROUNDDOWN((AS54-1)/E1_Projektdaten!$I$69,0))/E1_Projektdaten!$I$72 +E1_Projektdaten!$D$74*(1+Eing_allg_Teuerung/100)^(E1_Projektdaten!$I$74*ROUNDDOWN((AS54-1)/E1_Projektdaten!$I$69,0))/E1_Projektdaten!$I$74 +E1_Projektdaten!$D$75*(1+Eing_allg_Teuerung/100)^(E1_Projektdaten!$I$75*ROUNDDOWN((AS54-1)/E1_Projektdaten!$I$75,0))/E1_Projektdaten!$I$75 +E1_Projektdaten!$D$76*(1+Eing_allg_Teuerung/100)^(E1_Projektdaten!$I$76*ROUNDDOWN((AS54-1)/E1_Projektdaten!$I$76,0))/E1_Projektdaten!$I$76 +E1_Projektdaten!$D$77*(1+Eing_allg_Teuerung/100)^(E1_Projektdaten!$I$77*ROUNDDOWN((AS54-1)/E1_Projektdaten!$I$77,0))/E1_Projektdaten!$I$77 +E1_Projektdaten!$D$78*(1+Eing_allg_Teuerung/100)^(E1_Projektdaten!$I$78*ROUNDDOWN((AS54-1)/E1_Projektdaten!$I$78,0))/E1_Projektdaten!$I$78 +E1_Projektdaten!$D$80*(1+Eing_allg_Teuerung/100)^(E1_Projektdaten!$I$80*ROUNDDOWN((AS54-1)/E1_Projektdaten!$I$69,0))/E1_Projektdaten!$I$80 )*((AS54)>0)*VLOOKUP(B54,E1_Projektdaten!$D$83:$I$87,6 )/100 -> 1160858.2 | AN54: =SUM(AH54,AM54) -> 4401803.4 | AO54: =SUM(T54,-AN54) -> 953467.95 | AP54: =AP53+AO54 -> 1185487.6 | AQ54: {=IF(AS54-1<=0,0, (Eing_Kosten_Bau*(MOD((AS54-1),Eing_Nutzungsdauer_Bau)=0) +Eing_Invest_HolzAnlage*(MOD((AS54-1),Eing_Nutzungsdauer_Holz)=0) +Eing_Invest_WKKAnlage*(MOD((AS54-1),Eing_Nutzungsdauer_WKK)=0) +Eing_Invest_WPAnlage*(MOD((AS54-1),Eing_Nutzungsdauer_WP)=0) +Eing_Invest_SondenGrundwasser*(MOD((AS54-1),Eing_Nutzungsdauer_SondenGW)=0) +Eing_Invest_AWN*(MOD((AS54-1),Eing_Nutzungsdauer_AWN)=0) +Eing_Invest_Spitzenlast*(MOD((AS54-1),Eing_Nutzungsdauer_Spitzenlast)=0) +Eing_Invest_Installationen*(MOD((AS54-1),Eing_Nutzungsdauer_Installationen)=0) +Eing_Invest_Wärmenetz*(MOD((AS54-1),Eing_Nutzungsdauer_Netz)=0) +Eing_Invest_Messung*(MOD((AS54-1),Eing_Nutzungsdauer_Messung)=0))*(1+Eing_allg_Teuerung/100)^(AS54-1)) +(Gesamtinvestition-SUM(E1_Projektdaten!$D$79:$D$80))*SUMPRODUCT((E1_Projektdaten!$D$83:$D$87=B54)*E1_Projektdaten!$F$83:$F$87)/100-AM54 +AQ53} -> 21363135 | AR54: =-SUM(AX54,BB54) -> -18269231 | AS54: =MAX(B1_Berechnungen!B54-E1_Projektdaten!$D$23,0) -> 8 | AT54: =AT53-B1_Berechnungen!I54 -> 0 | AU54: =AU53-AV53+(Eing_Kredit_1*(B54=Eing_Kreditstartjahr_1)) -> 0 | AV54: =IF((SUM(H$44:H54)-SUM(I$44:I54))<=AU54,MAX((SUM(H$44:H54)-SUM(I$44:I54)),0),AU54) -> 0 | AW54: =IF(Eing_Kreditlaufzeit_1=0,0,(IF(Eing_Kreditlaufzeit_1<>0,(Eing_Kredit_1/(Eing_Kreditlaufzeit_1+Eing_Kreditstartjahr_1-Eing_StartAmortisation_Kredit1))*(Eing_Kreditlaufzeit_1>B54-Eing_Kreditstartjahr_1)*(B54>=Eing_StartAmortisation_Kredit1)))) -> 961538.46 | AX54: =AX53+AV54-AW54 -> 18269231 | AY54: =AY53-AZ53+(Eing_Kredit_2*(B54=Eing_Kreditstartjahr_2)) -> 0 | AZ54: =IF((SUM(H$44:H54)-SUM(I$44:I54)-AV54)<=AY54,MAX((SUM(H$44:H54)-SUM(I$44:I54)-AV54),0),AY54) -> 0 | BA54: =IF(Eing_Kreditlaufzeit_2=0,0,(IF(Eing_Kreditlaufzeit_2<>0,(Eing_Kredit_2/(Eing_Kreditlaufzeit_2+Eing_Kreditstartjahr_2-Eing_StartAmortisation_Kredit2))*(Eing_Kreditlaufzeit_2>B54-Eing_Kreditstartjahr_2)*(B54>=Eing_StartAmortisation_Kredit2)))) -> 0 | BB54: =BB53+AZ54-BA54 -> 0 | BC54: =SUM(-H54,AK54,AQ54) -> 22515922 | BD54: =SUM(-H54,AK54) -> 1152787.7
B55: =B54+1 -> 2035 | C55: {=(SUMPRODUCT((E3_Verbraucher!$D$21:$XFD$21<B1_Berechnungen!B55)*E3_Verbraucher!$D$18:$XFD$18)+SUMPRODUCT((E3_Verbraucher!$D$21:$XFD$21=B1_Berechnungen!B55)*E3_Verbraucher!$D$18:$XFD$18*E3_Verbraucher!$D$20:$XFD$20))/(100-Eing_Netzverluste)*100*(1-Eing_AbnW/100)^(B1_Berechnungen!B55-Eing_Beginnjahr)} -> 17158.66 | D55: =IF(mittl_Erzeugte_Wärmemenge=0,0,C55/mittl_Erzeugte_Wärmemenge*100) -> 119.66893 | E55: {=IF(AS55=0,0, (Eing_Kosten_Bau*(MOD((AS55),Eing_Nutzungsdauer_Bau)=0) +Eing_Invest_HolzAnlage*(MOD((AS55),Eing_Nutzungsdauer_Holz)=0) +Eing_Invest_WKKAnlage*(MOD((AS55),Eing_Nutzungsdauer_WKK)=0) +Eing_Invest_WPAnlage*(MOD((AS55),Eing_Nutzungsdauer_WP)=0) +Eing_Invest_SondenGrundwasser*(MOD((AS55),Eing_Nutzungsdauer_SondenGW)=0) +Eing_Invest_Zusatz*(MOD((AS55),Eing_Nutzungsdauer_Zusatz)=0) +Eing_Invest_AWN*(MOD((AS55),Eing_Nutzungsdauer_AWN)=0) +Eing_Invest_Spitzenlast*(MOD((AS55),Eing_Nutzungsdauer_Spitzenlast)=0) +Eing_Invest_Installationen*(MOD((AS55),Eing_Nutzungsdauer_Installationen)=0) +Eing_Invest_Wärmenetz*(MOD((AS55),Eing_Nutzungsdauer_Netz)=0) +Eing_Invest_Messung*(MOD((AS55),Eing_Nutzungsdauer_Messung)=0))*(1+Eing_allg_Teuerung/100)^(AS55)) +Gesamtinvestition*SUMPRODUCT((E1_Projektdaten!$D$83:$D$87=B55)*E1_Projektdaten!$F$83:$F$87)/100} -> 0 | F55: =-SUM(Einmaliger_Förderbeitrag_1*(B55=Förderungsauszahlung_1),Einmaliger_Förderbeitrag_2*(B55=Förderungsauszahlung_2),Einmaliger_Förderbeitrag_3*(B55=Förderungsauszahlung_3)) -> 0 | G55: {=-SUMPRODUCT((E3_Verbraucher!$D$21:$XFD$21=B1_Berechnungen!B55)*E3_Verbraucher!$D$23:$XFD$23)} -> -200000 | H55: =SUM(E55:G55) -> -200000 | I55: =IF(H55<=0,0,MIN(AT54,H55)) -> 0 | J55: =AV55+AZ55 -> 0 | K55: =K54-H55+SUM(I55:J55) -> 5646200 | L55: =AL55 -> 1992270.4 | M55: =IF(ISNUMBER(IRR((BD$44:BD54,BC55))),IRR((BD$44:BD54,BC55)),"-") -> -0.01804178 | N55: {=SUM((SUMPRODUCT((E3_Verbraucher!$D$21:$XFD$21<B1_Berechnungen!B55)*E3_Verbraucher!$D$26:$XFD$26)+SUMPRODUCT((E3_Verbraucher!$D$21:$XFD$21=B1_Berechnungen!B55)*E3_Verbraucher!$D$26:$XFD$26*E3_Verbraucher!$D$20:$XFD$20))*(1+$G$30)^(B55-B$44),(SUMPRODUCT((E3_Verbraucher!$D$21:$XFD$21<B1_Berechnungen!B55)*E3_Verbraucher!$D$27:$XFD$27)+SUMPRODUCT((E3_Verbraucher!$D$21:$XFD$21=B1_Berechnungen!B55)*E3_Verbraucher!$D$27:$XFD$27*E3_Verbraucher!$D$20:$XFD$20))*((1+$G$30)*(1-E1_Projektdaten!$D$20/100))^(B55-B$44))} -> 4137260.2 | O55: =-$F$28*D55/100*((1+$G$28)^(B55-$B$44)) -> 681408.4 | P55: =-$F$29*D55/100*((1+$G$29)^(B55-$B$44)) -> 640852.02 | Q55: =SUM(Eing_jährlicher_Förderbeitrag_1*((B55-Eing_Erstauszahlung_jährlFörderung_1)<=(Eing_Förderung_wiederholend_Laufzeit_1-1))*(B55>=Eing_Erstauszahlung_jährlFörderung_1),Eing_jährlicher_Förderbeitrag_2*((B55-Eing_Erstauszahlung_jährlFörderung_2)<=(Eing_Förderung_wiederholend_Laufzeit_2-1))*(B55>=Eing_Erstauszahlung_jährlFörderung_2)) -> 0 | T55: =IF(S55,S55,SUM(N55:R55)) -> 5459520.6 | U55: =Energiekosten_Holzschnitzel*D55/100*((1+$G$16)^(B55-$B$44)) -> 631731.35 | V55: =Energiekosten_WKK*D55/100*((1+$G$17)^(B55-$B$44)) -> 789664.18 | W55: =Energiekosten_Zusatz*D55/100*((1+$G$18)^(B55-$B$44)) -> 0 | X55: =Energiekosten_AWN*D55/100*((1+$G$19)^(B55-$B$44)) -> 0 | Y55: =Energiekosten_fossil*D55/100*(1+$G$20)^(B55-$B$44) -> 270259.4 | Z55: =Stromkosten_WP*D55/100*((1+$G$21)^(B55-$B$44)) -> 0 | AA55: =Stromkosten_Hilfsenergie*D55/100*((1+$G$21)^(B55-$B$44)) -> 19143.374 | AB55: =($F$22*(1+$G$22)^(B55-B$44)+$F$23*(1+$G$23)^(B55-B$44))*(B55>=Eing_JahrBegWLief)*VLOOKUP(B55,E1_Projektdaten!$D$83:$I$87,6)/100 -> 266421.6 | AC55: =$F$24*(1+$G$24)^(B55-B$44)*(B55>=Eing_JahrBegWLief)*VLOOKUP(B55,E1_Projektdaten!$D$83:$I$87,6)/100 -> 494241.08 | AD55: =Eing_Kosten_Grundstück*(1+$G$25)^(B55-B$44)+Eing_Sonstige_Kosten*(1+$G$26)^(B55-B$44) -> 256603.72 | AG55: =SUM(AX55*Eing_Kreditzinssatz_1/100,BB55*Eing_Kreditzinssatz_2/100) -> 519230.77 | AH55: =IF(AF55,SUM(AF55:AG55),SUM(U55:AG55)) -> 3247295.5 | AI55: =SUM(AW55,BA55) -> 961538.46 | AJ55: =SUM(AH55,AI55) -> 4208833.9 | AK55: =SUM(-AJ55,T55) -> 1250686.7 | AL55: =AL54+AK55 -> 1992270.4 | AM55: =(E1_Projektdaten!$D$68*(1+Eing_allg_Teuerung/100)^(E1_Projektdaten!$I$68*ROUNDDOWN((AS55-1)/E1_Projektdaten!$I$68,0))/E1_Projektdaten!$I$68 +E1_Projektdaten!$D$69*(1+Eing_allg_Teuerung/100)^(E1_Projektdaten!$I$69*ROUNDDOWN((AS55-1)/E1_Projektdaten!$I$69,0))/E1_Projektdaten!$I$69 +E1_Projektdaten!$D$70*(1+Eing_allg_Teuerung/100)^(E1_Projektdaten!$I$70*ROUNDDOWN((AS55-1)/E1_Projektdaten!$I$69,0))/E1_Projektdaten!$I$70 +E1_Projektdaten!$D$71*(1+Eing_allg_Teuerung/100)^(E1_Projektdaten!$I$71*ROUNDDOWN((AS55-1)/E1_Projektdaten!$I$69,0))/E1_Projektdaten!$I$71 +E1_Projektdaten!$D$72*(1+Eing_allg_Teuerung/100)^(E1_Projektdaten!$I$72*ROUNDDOWN((AS55-1)/E1_Projektdaten!$I$69,0))/E1_Projektdaten!$I$72 +E1_Projektdaten!$D$74*(1+Eing_allg_Teuerung/100)^(E1_Projektdaten!$I$74*ROUNDDOWN((AS55-1)/E1_Projektdaten!$I$69,0))/E1_Projektdaten!$I$74 +E1_Projektdaten!$D$75*(1+Eing_allg_Teuerung/100)^(E1_Projektdaten!$I$75*ROUNDDOWN((AS55-1)/E1_Projektdaten!$I$75,0))/E1_Projektdaten!$I$75 +E1_Projektdaten!$D$76*(1+Eing_allg_Teuerung/100)^(E1_Projektdaten!$I$76*ROUNDDOWN((AS55-1)/E1_Projektdaten!$I$76,0))/E1_Projektdaten!$I$76 +E1_Projektdaten!$D$77*(1+Eing_allg_Teuerung/100)^(E1_Projektdaten!$I$77*ROUNDDOWN((AS55-1)/E1_Projektdaten!$I$77,0))/E1_Projektdaten!$I$77 +E1_Projektdaten!$D$78*(1+Eing_allg_Teuerung/100)^(E1_Projektdaten!$I$78*ROUNDDOWN((AS55-1)/E1_Projektdaten!$I$78,0))/E1_Projektdaten!$I$78 +E1_Projektdaten!$D$80*(1+Eing_allg_Teuerung/100)^(E1_Projektdaten!$I$80*ROUNDDOWN((AS55-1)/E1_Projektdaten!$I$69,0))/E1_Projektdaten!$I$80 )*((AS55)>0)*VLOOKUP(B55,E1_Projektdaten!$D$83:$I$87,6 )/100 -> 1160858.2 | AN55: =SUM(AH55,AM55) -> 4408153.6 | AO55: =SUM(T55,-AN55) -> 1051367 | AP55: =AP54+AO55 -> 2236854.6 | AQ55: {=IF(AS55-1<=0,0, (Eing_Kosten_Bau*(MOD((AS55-1),Eing_Nutzungsdauer_Bau)=0) +Eing_Invest_HolzAnlage*(MOD((AS55-1),Eing_Nutzungsdauer_Holz)=0) +Eing_Invest_WKKAnlage*(MOD((AS55-1),Eing_Nutzungsdauer_WKK)=0) +Eing_Invest_WPAnlage*(MOD((AS55-1),Eing_Nutzungsdauer_WP)=0) +Eing_Invest_SondenGrundwasser*(MOD((AS55-1),Eing_Nutzungsdauer_SondenGW)=0) +Eing_Invest_AWN*(MOD((AS55-1),Eing_Nutzungsdauer_AWN)=0) +Eing_Invest_Spitzenlast*(MOD((AS55-1),Eing_Nutzungsdauer_Spitzenlast)=0) +Eing_Invest_Installationen*(MOD((AS55-1),Eing_Nutzungsdauer_Installationen)=0) +Eing_Invest_Wärmenetz*(MOD((AS55-1),Eing_Nutzungsdauer_Netz)=0) +Eing_Invest_Messung*(MOD((AS55-1),Eing_Nutzungsdauer_Messung)=0))*(1+Eing_allg_Teuerung/100)^(AS55-1)) +(Gesamtinvestition-SUM(E1_Projektdaten!$D$79:$D$80))*SUMPRODUCT((E1_Projektdaten!$D$83:$D$87=B55)*E1_Projektdaten!$F$83:$F$87)/100-AM55 +AQ54} -> 20202277 | AR55: =-SUM(AX55,BB55) -> -17307692 | AS55: =MAX(B1_Berechnungen!B55-E1_Projektdaten!$D$23,0) -> 9 | AT55: =AT54-B1_Berechnungen!I55 -> 0 | AU55: =AU54-AV54+(Eing_Kredit_1*(B55=Eing_Kreditstartjahr_1)) -> 0 | AV55: =IF((SUM(H$44:H55)-SUM(I$44:I55))<=AU55,MAX((SUM(H$44:H55)-SUM(I$44:I55)),0),AU55) -> 0 | AW55: =IF(Eing_Kreditlaufzeit_1=0,0,(IF(Eing_Kreditlaufzeit_1<>0,(Eing_Kredit_1/(Eing_Kreditlaufzeit_1+Eing_Kreditstartjahr_1-Eing_StartAmortisation_Kredit1))*(Eing_Kreditlaufzeit_1>B55-Eing_Kreditstartjahr_1)*(B55>=Eing_StartAmortisation_Kredit1)))) -> 961538.46 | AX55: =AX54+AV55-AW55 -> 17307692 | AY55: =AY54-AZ54+(Eing_Kredit_2*(B55=Eing_Kreditstartjahr_2)) -> 0 | AZ55: =IF((SUM(H$44:H55)-SUM(I$44:I55)-AV55)<=AY55,MAX((SUM(H$44:H55)-SUM(I$44:I55)-AV55),0),AY55) -> 0 | BA55: =IF(Eing_Kreditlaufzeit_2=0,0,(IF(Eing_Kreditlaufzeit_2<>0,(Eing_Kredit_2/(Eing_Kreditlaufzeit_2+Eing_Kreditstartjahr_2-Eing_StartAmortisation_Kredit2))*(Eing_Kreditlaufzeit_2>B55-Eing_Kreditstartjahr_2)*(B55>=Eing_StartAmortisation_Kredit2)))) -> 0 | BB55: =BB54+AZ55-BA55 -> 0 | BC55: =SUM(-H55,AK55,AQ55) -> 21652963 | BD55: =SUM(-H55,AK55) -> 1450686.7
B56: =B55+1 -> 2036 | C56: {=(SUMPRODUCT((E3_Verbraucher!$D$21:$XFD$21<B1_Berechnungen!B56)*E3_Verbraucher!$D$18:$XFD$18)+SUMPRODUCT((E3_Verbraucher!$D$21:$XFD$21=B1_Berechnungen!B56)*E3_Verbraucher!$D$18:$XFD$18*E3_Verbraucher!$D$20:$XFD$20))/(100-Eing_Netzverluste)*100*(1-Eing_AbnW/100)^(B1_Berechnungen!B56-Eing_Beginnjahr)} -> 17238.216 | D56: =IF(mittl_Erzeugte_Wärmemenge=0,0,C56/mittl_Erzeugte_Wärmemenge*100) -> 120.22377 | E56: {=IF(AS56=0,0, (Eing_Kosten_Bau*(MOD((AS56),Eing_Nutzungsdauer_Bau)=0) +Eing_Invest_HolzAnlage*(MOD((AS56),Eing_Nutzungsdauer_Holz)=0) +Eing_Invest_WKKAnlage*(MOD((AS56),Eing_Nutzungsdauer_WKK)=0) +Eing_Invest_WPAnlage*(MOD((AS56),Eing_Nutzungsdauer_WP)=0) +Eing_Invest_SondenGrundwasser*(MOD((AS56),Eing_Nutzungsdauer_SondenGW)=0) +Eing_Invest_Zusatz*(MOD((AS56),Eing_Nutzungsdauer_Zusatz)=0) +Eing_Invest_AWN*(MOD((AS56),Eing_Nutzungsdauer_AWN)=0) +Eing_Invest_Spitzenlast*(MOD((AS56),Eing_Nutzungsdauer_Spitzenlast)=0) +Eing_Invest_Installationen*(MOD((AS56),Eing_Nutzungsdauer_Installationen)=0) +Eing_Invest_Wärmenetz*(MOD((AS56),Eing_Nutzungsdauer_Netz)=0) +Eing_Invest_Messung*(MOD((AS56),Eing_Nutzungsdauer_Messung)=0))*(1+Eing_allg_Teuerung/100)^(AS56)) +Gesamtinvestition*SUMPRODUCT((E1_Projektdaten!$D$83:$D$87=B56)*E1_Projektdaten!$F$83:$F$87)/100} -> 0 | F56: =-SUM(Einmaliger_Förderbeitrag_1*(B56=Förderungsauszahlung_1),Einmaliger_Förderbeitrag_2*(B56=Förderungsauszahlung_2),Einmaliger_Förderbeitrag_3*(B56=Förderungsauszahlung_3)) -> 0 | G56: {=-SUMPRODUCT((E3_Verbraucher!$D$21:$XFD$21=B1_Berechnungen!B56)*E3_Verbraucher!$D$23:$XFD$23)} -> 0 | H56: =SUM(E56:G56) -> 0 | I56: =IF(H56<=0,0,MIN(AT55,H56)) -> 0 | J56: =AV56+AZ56 -> 0 | K56: =K55-H56+SUM(I56:J56) -> 5646200 | L56: =AL56 -> 3341706.5 | M56: =IF(ISNUMBER(IRR((BD$44:BD55,BC56))),IRR((BD$44:BD55,BC56)),"-") -> -0.016070443 | N56: {=SUM((SUMPRODUCT((E3_Verbraucher!$D$21:$XFD$21<B1_Berechnungen!B56)*E3_Verbraucher!$D$26:$XFD$26)+SUMPRODUCT((E3_Verbraucher!$D$21:$XFD$21=B1_Berechnungen!B56)*E3_Verbraucher!$D$26:$XFD$26*E3_Verbraucher!$D$20:$XFD$20))*(1+$G$30)^(B56-B$44),(SUMPRODUCT((E3_Verbraucher!$D$21:$XFD$21<B1_Berechnungen!B56)*E3_Verbraucher!$D$27:$XFD$27)+SUMPRODUCT((E3_Verbraucher!$D$21:$XFD$21=B1_Berechnungen!B56)*E3_Verbraucher!$D$27:$XFD$27*E3_Verbraucher!$D$20:$XFD$20))*((1+$G$30)*(1-E1_Projektdaten!$D$20/100))^(B56-B$44))} -> 4223041 | O56: =-$F$28*D56/100*((1+$G$28)^(B56-$B$44)) -> 691413.41 | P56: =-$F$29*D56/100*((1+$G$29)^(B56-$B$44)) -> 650261.55 | Q56: =SUM(Eing_jährlicher_Förderbeitrag_1*((B56-Eing_Erstauszahlung_jährlFörderung_1)<=(Eing_Förderung_wiederholend_Laufzeit_1-1))*(B56>=Eing_Erstauszahlung_jährlFörderung_1),Eing_jährlicher_Förderbeitrag_2*((B56-Eing_Erstauszahlung_jährlFörderung_2)<=(Eing_Förderung_wiederholend_Laufzeit_2-1))*(B56>=Eing_Erstauszahlung_jährlFörderung_2)) -> 0 | T56: =IF(S56,S56,SUM(N56:R56)) -> 5564715.9 | U56: =Energiekosten_Holzschnitzel*D56/100*((1+$G$16)^(B56-$B$44)) -> 641006.96 | V56: =Energiekosten_WKK*D56/100*((1+$G$17)^(B56-$B$44)) -> 801258.7 | W56: =Energiekosten_Zusatz*D56/100*((1+$G$18)^(B56-$B$44)) -> 0 | X56: =Energiekosten_AWN*D56/100*((1+$G$19)^(B56-$B$44)) -> 0 | Y56: =Energiekosten_fossil*D56/100*(1+$G$20)^(B56-$B$44) -> 274227.58 | Z56: =Stromkosten_WP*D56/100*((1+$G$21)^(B56-$B$44)) -> 0 | AA56: =Stromkosten_Hilfsenergie*D56/100*((1+$G$21)^(B56-$B$44)) -> 19424.453 | AB56: =($F$22*(1+$G$22)^(B56-B$44)+$F$23*(1+$G$23)^(B56-B$44))*(B56>=Eing_JahrBegWLief)*VLOOKUP(B56,E1_Projektdaten!$D$83:$I$87,6)/100 -> 269085.82 | AC56: =$F$24*(1+$G$24)^(B56-B$44)*(B56>=Eing_JahrBegWLief)*VLOOKUP(B56,E1_Projektdaten!$D$83:$I$87,6)/100 -> 499183.49 | AD56: =Eing_Kosten_Grundstück*(1+$G$25)^(B56-B$44)+Eing_Sonstige_Kosten*(1+$G$26)^(B56-B$44) -> 259169.76 | AG56: =SUM(AX56*Eing_Kreditzinssatz_1/100,BB56*Eing_Kreditzinssatz_2/100) -> 490384.62 | AH56: =IF(AF56,SUM(AF56:AG56),SUM(U56:AG56)) -> 3253741.4 | AI56: =SUM(AW56,BA56) -> 961538.46 | AJ56: =SUM(AH56,AI56) -> 4215279.8 | AK56: =SUM(-AJ56,T56) -> 1349436.1 | AL56: =AL55+AK56 -> 3341706.5 | AM56: =(E1_Projektdaten!$D$68*(1+Eing_allg_Teuerung/100)^(E1_Projektdaten!$I$68*ROUNDDOWN((AS56-1)/E1_Projektdaten!$I$68,0))/E1_Projektdaten!$I$68 +E1_Projektdaten!$D$69*(1+Eing_allg_Teuerung/100)^(E1_Projektdaten!$I$69*ROUNDDOWN((AS56-1)/E1_Projektdaten!$I$69,0))/E1_Projektdaten!$I$69 +E1_Projektdaten!$D$70*(1+Eing_allg_Teuerung/100)^(E1_Projektdaten!$I$70*ROUNDDOWN((AS56-1)/E1_Projektdaten!$I$69,0))/E1_Projektdaten!$I$70 +E1_Projektdaten!$D$71*(1+Eing_allg_Teuerung/100)^(E1_Projektdaten!$I$71*ROUNDDOWN((AS56-1)/E1_Projektdaten!$I$69,0))/E1_Projektdaten!$I$71 +E1_Projektdaten!$D$72*(1+Eing_allg_Teuerung/100)^(E1_Projektdaten!$I$72*ROUNDDOWN((AS56-1)/E1_Projektdaten!$I$69,0))/E1_Projektdaten!$I$72 +E1_Projektdaten!$D$74*(1+Eing_allg_Teuerung/100)^(E1_Projektdaten!$I$74*ROUNDDOWN((AS56-1)/E1_Projektdaten!$I$69,0))/E1_Projektdaten!$I$74 +E1_Projektdaten!$D$75*(1+Eing_allg_Teuerung/100)^(E1_Projektdaten!$I$75*ROUNDDOWN((AS56-1)/E1_Projektdaten!$I$75,0))/E1_Projektdaten!$I$75 +E1_Projektdaten!$D$76*(1+Eing_allg_Teuerung/100)^(E1_Projektdaten!$I$76*ROUNDDOWN((AS56-1)/E1_Projektdaten!$I$76,0))/E1_Projektdaten!$I$76 +E1_Projektdaten!$D$77*(1+Eing_allg_Teuerung/100)^(E1_Projektdaten!$I$77*ROUNDDOWN((AS56-1)/E1_Projektdaten!$I$77,0))/E1_Projektdaten!$I$77 +E1_Projektdaten!$D$78*(1+Eing_allg_Teuerung/100)^(E1_Projektdaten!$I$78*ROUNDDOWN((AS56-1)/E1_Projektdaten!$I$78,0))/E1_Projektdaten!$I$78 +E1_Projektdaten!$D$80*(1+Eing_allg_Teuerung/100)^(E1_Projektdaten!$I$80*ROUNDDOWN((AS56-1)/E1_Projektdaten!$I$69,0))/E1_Projektdaten!$I$80 )*((AS56)>0)*VLOOKUP(B56,E1_Projektdaten!$D$83:$I$87,6 )/100 -> 1160858.2 | AN56: =SUM(AH56,AM56) -> 4414599.5 | AO56: =SUM(T56,-AN56) -> 1150116.4 | AP56: =AP55+AO56 -> 3386971 | AQ56: {=IF(AS56-1<=0,0, (Eing_Kosten_Bau*(MOD((AS56-1),Eing_Nutzungsdauer_Bau)=0) +Eing_Invest_HolzAnlage*(MOD((AS56-1),Eing_Nutzungsdauer_Holz)=0) +Eing_Invest_WKKAnlage*(MOD((AS56-1),Eing_Nutzungsdauer_WKK)=0) +Eing_Invest_WPAnlage*(MOD((AS56-1),Eing_Nutzungsdauer_WP)=0) +Eing_Invest_SondenGrundwasser*(MOD((AS56-1),Eing_Nutzungsdauer_SondenGW)=0) +Eing_Invest_AWN*(MOD((AS56-1),Eing_Nutzungsdauer_AWN)=0) +Eing_Invest_Spitzenlast*(MOD((AS56-1),Eing_Nutzungsdauer_Spitzenlast)=0) +Eing_Invest_Installationen*(MOD((AS56-1),Eing_Nutzungsdauer_Installationen)=0) +Eing_Invest_Wärmenetz*(MOD((AS56-1),Eing_Nutzungsdauer_Netz)=0) +Eing_Invest_Messung*(MOD((AS56-1),Eing_Nutzungsdauer_Messung)=0))*(1+Eing_allg_Teuerung/100)^(AS56-1)) +(Gesamtinvestition-SUM(E1_Projektdaten!$D$79:$D$80))*SUMPRODUCT((E1_Projektdaten!$D$83:$D$87=B56)*E1_Projektdaten!$F$83:$F$87)/100-AM56 +AQ55} -> 19041418 | AR56: =-SUM(AX56,BB56) -> -16346154 | AS56: =MAX(B1_Berechnungen!B56-E1_Projektdaten!$D$23,0) -> 10 | AT56: =AT55-B1_Berechnungen!I56 -> 0 | AU56: =AU55-AV55+(Eing_Kredit_1*(B56=Eing_Kreditstartjahr_1)) -> 0 | AV56: =IF((SUM(H$44:H56)-SUM(I$44:I56))<=AU56,MAX((SUM(H$44:H56)-SUM(I$44:I56)),0),AU56) -> 0 | AW56: =IF(Eing_Kreditlaufzeit_1=0,0,(IF(Eing_Kreditlaufzeit_1<>0,(Eing_Kredit_1/(Eing_Kreditlaufzeit_1+Eing_Kreditstartjahr_1-Eing_StartAmortisation_Kredit1))*(Eing_Kreditlaufzeit_1>B56-Eing_Kreditstartjahr_1)*(B56>=Eing_StartAmortisation_Kredit1)))) -> 961538.46 | AX56: =AX55+AV56-AW56 -> 16346154 | AY56: =AY55-AZ55+(Eing_Kredit_2*(B56=Eing_Kreditstartjahr_2)) -> 0 | AZ56: =IF((SUM(H$44:H56)-SUM(I$44:I56)-AV56)<=AY56,MAX((SUM(H$44:H56)-SUM(I$44:I56)-AV56),0),AY56) -> 0 | BA56: =IF(Eing_Kreditlaufzeit_2=0,0,(IF(Eing_Kreditlaufzeit_2<>0,(Eing_Kredit_2/(Eing_Kreditlaufzeit_2+Eing_Kreditstartjahr_2-Eing_StartAmortisation_Kredit2))*(Eing_Kreditlaufzeit_2>B56-Eing_Kreditstartjahr_2)*(B56>=Eing_StartAmortisation_Kredit2)))) -> 0 | BB56: =BB55+AZ56-BA56 -> 0 | BC56: =SUM(-H56,AK56,AQ56) -> 20390854 | BD56: =SUM(-H56,AK56) -> 1349436.1
... B67: =B66+1 -> 2047 | C67: {=(SUMPRODUCT((E3_Verbraucher!$D$21:$XFD$21<B1_Berechnungen!B67)*E3_Verbraucher!$D$18:$XFD$18)+SUMPRODUCT((E3_Verbraucher!$D$21:$XFD$21=B1_Berechnungen!B67)*E3_Verbraucher!$D$18:$XFD$18*E3_Verbraucher!$D$20:$XFD$20))/(100-Eing_Netzverluste)*100*(1-Eing_AbnW/100)^(B1_Berechnungen!B67-Eing_Beginnjahr)} -> 15434.034 | D67: =IF(mittl_Erzeugte_Wärmemenge=0,0,C67/mittl_Erzeugte_Wärmemenge*100) -> 107.64094 | E67: {=IF(AS67=0,0, (Eing_Kosten_Bau*(MOD((AS67),Eing_Nutzungsdauer_Bau)=0) +Eing_Invest_HolzAnlage*(MOD((AS67),Eing_Nutzungsdauer_Holz)=0) +Eing_Invest_WKKAnlage*(MOD((AS67),Eing_Nutzungsdauer_WKK)=0) +Eing_Invest_WPAnlage*(MOD((AS67),Eing_Nutzungsdauer_WP)=0) +Eing_Invest_SondenGrundwasser*(MOD((AS67),Eing_Nutzungsdauer_SondenGW)=0) +Eing_Invest_Zusatz*(MOD((AS67),Eing_Nutzungsdauer_Zusatz)=0) +Eing_Invest_AWN*(MOD((AS67),Eing_Nutzungsdauer_AWN)=0) +Eing_Invest_Spitzenlast*(MOD((AS67),Eing_Nutzungsdauer_Spitzenlast)=0) +Eing_Invest_Installationen*(MOD((AS67),Eing_Nutzungsdauer_Installationen)=0) +Eing_Invest_Wärmenetz*(MOD((AS67),Eing_Nutzungsdauer_Netz)=0) +Eing_Invest_Messung*(MOD((AS67),Eing_Nutzungsdauer_Messung)=0))*(1+Eing_allg_Teuerung/100)^(AS67)) +Gesamtinvestition*SUMPRODUCT((E1_Projektdaten!$D$83:$D$87=B67)*E1_Projektdaten!$F$83:$F$87)/100} -> 0 | F67: =-SUM(Einmaliger_Förderbeitrag_1*(B67=Förderungsauszahlung_1),Einmaliger_Förderbeitrag_2*(B67=Förderungsauszahlung_2),Einmaliger_Förderbeitrag_3*(B67=Förderungsauszahlung_3)) -> 0 | G67: {=-SUMPRODUCT((E3_Verbraucher!$D$21:$XFD$21=B1_Berechnungen!B67)*E3_Verbraucher!$D$23:$XFD$23)} -> 0 | H67: =SUM(E67:G67) -> 0 | I67: =IF(H67<=0,0,MIN(AT66,H67)) -> 0 | J67: =AV67+AZ67 -> 0 | K67: =K66-H67+SUM(I67:J67) -> -6104945.5 | L67: =AL67 -> 21068272 | M67: =IF(ISNUMBER(IRR((BD$44:BD66,BC67))),IRR((BD$44:BD66,BC67)),"-") -> -0.00040241317 | N67: {=SUM((SUMPRODUCT((E3_Verbraucher!$D$21:$XFD$21<B1_Berechnungen!B67)*E3_Verbraucher!$D$26:$XFD$26)+SUMPRODUCT((E3_Verbraucher!$D$21:$XFD$21=B1_Berechnungen!B67)*E3_Verbraucher!$D$26:$XFD$26*E3_Verbraucher!$D$20:$XFD$20))*(1+$G$30)^(B67-B$44),(SUMPRODUCT((E3_Verbraucher!$D$21:$XFD$21<B1_Berechnungen!B67)*E3_Verbraucher!$D$27:$XFD$27)+SUMPRODUCT((E3_Verbraucher!$D$21:$XFD$21=B1_Berechnungen!B67)*E3_Verbraucher!$D$27:$XFD$27*E3_Verbraucher!$D$20:$XFD$20))*((1+$G$30)*(1-E1_Projektdaten!$D$20/100))^(B67-B$44))} -> 4507379.6 | O67: =-$F$28*D67/100*((1+$G$28)^(B67-$B$44)) -> 690653.24 | P67: =-$F$29*D67/100*((1+$G$29)^(B67-$B$44)) -> 649546.62 | Q67: =SUM(Eing_jährlicher_Förderbeitrag_1*((B67-Eing_Erstauszahlung_jährlFörderung_1)<=(Eing_Förderung_wiederholend_Laufzeit_1-1))*(B67>=Eing_Erstauszahlung_jährlFörderung_1),Eing_jährlicher_Förderbeitrag_2*((B67-Eing_Erstauszahlung_jährlFörderung_2)<=(Eing_Förderung_wiederholend_Laufzeit_2-1))*(B67>=Eing_Erstauszahlung_jährlFörderung_2)) -> 0 | T67: =IF(S67,S67,SUM(N67:R67)) -> 5847579.4 | U67: =Energiekosten_Holzschnitzel*D67/100*((1+$G$16)^(B67-$B$44)) -> 640302.2 | V67: =Energiekosten_WKK*D67/100*((1+$G$17)^(B67-$B$44)) -> 800377.75 | W67: =Energiekosten_Zusatz*D67/100*((1+$G$18)^(B67-$B$44)) -> 0 | X67: =Energiekosten_AWN*D67/100*((1+$G$19)^(B67-$B$44)) -> 0 | Y67: =Energiekosten_fossil*D67/100*(1+$G$20)^(B67-$B$44) -> 273926.08 | Z67: =Stromkosten_WP*D67/100*((1+$G$21)^(B67-$B$44)) -> 0 | AA67: =Stromkosten_Hilfsenergie*D67/100*((1+$G$21)^(B67-$B$44)) -> 19403.097 | AB67: =($F$22*(1+$G$22)^(B67-B$44)+$F$23*(1+$G$23)^(B67-B$44))*(B67>=Eing_JahrBegWLief)*VLOOKUP(B67,E1_Projektdaten!$D$83:$I$87,6)/100 -> 300210.53 | AC67: =$F$24*(1+$G$24)^(B67-B$44)*(B67>=Eing_JahrBegWLief)*VLOOKUP(B67,E1_Projektdaten!$D$83:$I$87,6)/100 -> 556923.22 | AD67: =Eing_Kosten_Grundstück*(1+$G$25)^(B67-B$44)+Eing_Sonstige_Kosten*(1+$G$26)^(B67-B$44) -> 289147.49 | AG67: =SUM(AX67*Eing_Kreditzinssatz_1/100,BB67*Eing_Kreditzinssatz_2/100) -> 173076.92 | AH67: =IF(AF67,SUM(AF67:AG67),SUM(U67:AG67)) -> 3053367.3 | AI67: =SUM(AW67,BA67) -> 961538.46 | AJ67: =SUM(AH67,AI67) -> 4014905.8 | AK67: =SUM(-AJ67,T67) -> 1832673.7 | AL67: =AL66+AK67 -> 21068272 | AM67: =(E1_Projektdaten!$D$68*(1+Eing_allg_Teuerung/100)^(E1_Projektdaten!$I$68*ROUNDDOWN((AS67-1)/E1_Projektdaten!$I$68,0))/E1_Projektdaten!$I$68 +E1_Projektdaten!$D$69*(1+Eing_allg_Teuerung/100)^(E1_Projektdaten!$I$69*ROUNDDOWN((AS67-1)/E1_Projektdaten!$I$69,0))/E1_Projektdaten!$I$69 +E1_Projektdaten!$D$70*(1+Eing_allg_Teuerung/100)^(E1_Projektdaten!$I$70*ROUNDDOWN((AS67-1)/E1_Projektdaten!$I$69,0))/E1_Projektdaten!$I$70 +E1_Projektdaten!$D$71*(1+Eing_allg_Teuerung/100)^(E1_Projektdaten!$I$71*ROUNDDOWN((AS67-1)/E1_Projektdaten!$I$69,0))/E1_Projektdaten!$I$71 +E1_Projektdaten!$D$72*(1+Eing_allg_Teuerung/100)^(E1_Projektdaten!$I$72*ROUNDDOWN((AS67-1)/E1_Projektdaten!$I$69,0))/E1_Projektdaten!$I$72 +E1_Projektdaten!$D$74*(1+Eing_allg_Teuerung/100)^(E1_Projektdaten!$I$74*ROUNDDOWN((AS67-1)/E1_Projektdaten!$I$69,0))/E1_Projektdaten!$I$74 +E1_Projektdaten!$D$75*(1+Eing_allg_Teuerung/100)^(E1_Projektdaten!$I$75*ROUNDDOWN((AS67-1)/E1_Projektdaten!$I$75,0))/E1_Projektdaten!$I$75 +E1_Projektdaten!$D$76*(1+Eing_allg_Teuerung/100)^(E1_Projektdaten!$I$76*ROUNDDOWN((AS67-1)/E1_Projektdaten!$I$76,0))/E1_Projektdaten!$I$76 +E1_Projektdaten!$D$77*(1+Eing_allg_Teuerung/100)^(E1_Projektdaten!$I$77*ROUNDDOWN((AS67-1)/E1_Projektdaten!$I$77,0))/E1_Projektdaten!$I$77 +E1_Projektdaten!$D$78*(1+Eing_allg_Teuerung/100)^(E1_Projektdaten!$I$78*ROUNDDOWN((AS67-1)/E1_Projektdaten!$I$78,0))/E1_Projektdaten!$I$78 +E1_Projektdaten!$D$80*(1+Eing_allg_Teuerung/100)^(E1_Projektdaten!$I$80*ROUNDDOWN((AS67-1)/E1_Projektdaten!$I$69,0))/E1_Projektdaten!$I$80 )*((AS67)>0)*VLOOKUP(B67,E1_Projektdaten!$D$83:$I$87,6 )/100 -> 1338386 | AN67: =SUM(AH67,AM67) -> 4391753.3 | AO67: =SUM(T67,-AN67) -> 1455826.1 | AP67: =AP66+AO67 -> 18722030 | AQ67: {=IF(AS67-1<=0,0, (Eing_Kosten_Bau*(MOD((AS67-1),Eing_Nutzungsdauer_Bau)=0) +Eing_Invest_HolzAnlage*(MOD((AS67-1),Eing_Nutzungsdauer_Holz)=0) +Eing_Invest_WKKAnlage*(MOD((AS67-1),Eing_Nutzungsdauer_WKK)=0) +Eing_Invest_WPAnlage*(MOD((AS67-1),Eing_Nutzungsdauer_WP)=0) +Eing_Invest_SondenGrundwasser*(MOD((AS67-1),Eing_Nutzungsdauer_SondenGW)=0) +Eing_Invest_AWN*(MOD((AS67-1),Eing_Nutzungsdauer_AWN)=0) +Eing_Invest_Spitzenlast*(MOD((AS67-1),Eing_Nutzungsdauer_Spitzenlast)=0) +Eing_Invest_Installationen*(MOD((AS67-1),Eing_Nutzungsdauer_Installationen)=0) +Eing_Invest_Wärmenetz*(MOD((AS67-1),Eing_Nutzungsdauer_Netz)=0) +Eing_Invest_Messung*(MOD((AS67-1),Eing_Nutzungsdauer_Messung)=0))*(1+Eing_allg_Teuerung/100)^(AS67-1)) +(Gesamtinvestition-SUM(E1_Projektdaten!$D$79:$D$80))*SUMPRODUCT((E1_Projektdaten!$D$83:$D$87=B67)*E1_Projektdaten!$F$83:$F$87)/100-AM67 +AQ66} -> 17824134 | AR67: =-SUM(AX67,BB67) -> -5769230.8 | AS67: =MAX(B1_Berechnungen!B67-E1_Projektdaten!$D$23,0) -> 21 | AT67: =AT66-B1_Berechnungen!I67 -> 0 | AU67: =AU66-AV66+(Eing_Kredit_1*(B67=Eing_Kreditstartjahr_1)) -> 0 | AV67: =IF((SUM(H$44:H67)-SUM(I$44:I67))<=AU67,MAX((SUM(H$44:H67)-SUM(I$44:I67)),0),AU67) -> 0 | AW67: =IF(Eing_Kreditlaufzeit_1=0,0,(IF(Eing_Kreditlaufzeit_1<>0,(Eing_Kredit_1/(Eing_Kreditlaufzeit_1+Eing_Kreditstartjahr_1-Eing_StartAmortisation_Kredit1))*(Eing_Kreditlaufzeit_1>B67-Eing_Kreditstartjahr_1)*(B67>=Eing_StartAmortisation_Kredit1)))) -> 961538.46 | AX67: =AX66+AV67-AW67 -> 5769230.8 | AY67: =AY66-AZ66+(Eing_Kredit_2*(B67=Eing_Kreditstartjahr_2)) -> 0 | AZ67: =IF((SUM(H$44:H67)-SUM(I$44:I67)-AV67)<=AY67,MAX((SUM(H$44:H67)-SUM(I$44:I67)-AV67),0),AY67) -> 0 | BA67: =IF(Eing_Kreditlaufzeit_2=0,0,(IF(Eing_Kreditlaufzeit_2<>0,(Eing_Kredit_2/(Eing_Kreditlaufzeit_2+Eing_Kreditstartjahr_2-Eing_StartAmortisation_Kredit2))*(Eing_Kreditlaufzeit_2>B67-Eing_Kreditstartjahr_2)*(B67>=Eing_StartAmortisation_Kredit2)))) -> 0 | BB67: =BB66+AZ67-BA67 -> 0 | BC67: =SUM(-H67,AK67,AQ67) -> 19656807 | BD67: =SUM(-H67,AK67) -> 1832673.7
B68: =B67+1 -> 2048 | C68: {=(SUMPRODUCT((E3_Verbraucher!$D$21:$XFD$21<B1_Berechnungen!B68)*E3_Verbraucher!$D$18:$XFD$18)+SUMPRODUCT((E3_Verbraucher!$D$21:$XFD$21=B1_Berechnungen!B68)*E3_Verbraucher!$D$18:$XFD$18*E3_Verbraucher!$D$20:$XFD$20))/(100-Eing_Netzverluste)*100*(1-Eing_AbnW/100)^(B1_Berechnungen!B68-Eing_Beginnjahr)} -> 15279.694 | D68: =IF(mittl_Erzeugte_Wärmemenge=0,0,C68/mittl_Erzeugte_Wärmemenge*100) -> 106.56453 | E68: {=IF(AS68=0,0, (Eing_Kosten_Bau*(MOD((AS68),Eing_Nutzungsdauer_Bau)=0) +Eing_Invest_HolzAnlage*(MOD((AS68),Eing_Nutzungsdauer_Holz)=0) +Eing_Invest_WKKAnlage*(MOD((AS68),Eing_Nutzungsdauer_WKK)=0) +Eing_Invest_WPAnlage*(MOD((AS68),Eing_Nutzungsdauer_WP)=0) +Eing_Invest_SondenGrundwasser*(MOD((AS68),Eing_Nutzungsdauer_SondenGW)=0) +Eing_Invest_Zusatz*(MOD((AS68),Eing_Nutzungsdauer_Zusatz)=0) +Eing_Invest_AWN*(MOD((AS68),Eing_Nutzungsdauer_AWN)=0) +Eing_Invest_Spitzenlast*(MOD((AS68),Eing_Nutzungsdauer_Spitzenlast)=0) +Eing_Invest_Installationen*(MOD((AS68),Eing_Nutzungsdauer_Installationen)=0) +Eing_Invest_Wärmenetz*(MOD((AS68),Eing_Nutzungsdauer_Netz)=0) +Eing_Invest_Messung*(MOD((AS68),Eing_Nutzungsdauer_Messung)=0))*(1+Eing_allg_Teuerung/100)^(AS68)) +Gesamtinvestition*SUMPRODUCT((E1_Projektdaten!$D$83:$D$87=B68)*E1_Projektdaten!$F$83:$F$87)/100} -> 0 | F68: =-SUM(Einmaliger_Förderbeitrag_1*(B68=Förderungsauszahlung_1),Einmaliger_Förderbeitrag_2*(B68=Förderungsauszahlung_2),Einmaliger_Förderbeitrag_3*(B68=Förderungsauszahlung_3)) -> 0 | G68: {=-SUMPRODUCT((E3_Verbraucher!$D$21:$XFD$21=B1_Berechnungen!B68)*E3_Verbraucher!$D$23:$XFD$23)} -> 0 | H68: =SUM(E68:G68) -> 0 | I68: =IF(H68<=0,0,MIN(AT67,H68)) -> 0 | J68: =AV68+AZ68 -> 0 | K68: =K67-H68+SUM(I68:J68) -> -6104945.5 | L68: =AL68 -> 22945805 | M68: =IF(ISNUMBER(IRR((BD$44:BD67,BC68))),IRR((BD$44:BD67,BC68)),"-") -> 0.00059057781 | N68: =SUM((SUMPRODUCT((E3_Verbraucher!$D$21:$XFD$21<B1_Berechnungen!B68)*E3_Verbraucher!$D$26:$XFD$26)+SUMPRODUCT((E3_Verbraucher!$D$21:$XFD$21=B1_Berechnungen!B68)*E3_Verbraucher!$D$26:$XFD$26*E3_Verbraucher!$D$20:$XFD$20))*(1+$G$30)^(B68-B$44),(SUMPRODUCT((E3_Verbraucher!$D$21:$XFD$21<B1_Berechnungen!B68)*E3_Verbraucher!$D$27:$XFD$27)+SUMPRODUCT((E3_Verbraucher!$D$21:$XFD$21=B1_Berechnungen!B68)*E3_Verbraucher!$D$27:$XFD$27*E3_Verbraucher!$D$20:$XFD$20))*((1+$G$30)*(1-E1_Projektdaten!$D$20/100))^(B68-B$44)) -> 4534816 | O68: =-$F$28*D68/100*((1+$G$28)^(B68-$B$44)) -> 690584.17 | P68: =-$F$29*D68/100*((1+$G$29)^(B68-$B$44)) -> 649481.66 | Q68: =SUM(Eing_jährlicher_Förderbeitrag_1*((B68-Eing_Erstauszahlung_jährlFörderung_1)<=(Eing_Förderung_wiederholend_Laufzeit_1-1))*(B68>=Eing_Erstauszahlung_jährlFörderung_1),Eing_jährlicher_Förderbeitrag_2*((B68-Eing_Erstauszahlung_jährlFörderung_2)<=(Eing_Förderung_wiederholend_Laufzeit_2-1))*(B68>=Eing_Erstauszahlung_jährlFörderung_2)) -> 0 | T68: =IF(S68,S68,SUM(N68:R68)) -> 5874881.8 | U68: =Energiekosten_Holzschnitzel*D68/100*((1+$G$16)^(B68-$B$44)) -> 640238.17 | V68: =Energiekosten_WKK*D68/100*((1+$G$17)^(B68-$B$44)) -> 800297.72 | W68: =Energiekosten_Zusatz*D68/100*((1+$G$18)^(B68-$B$44)) -> 0 | X68: =Energiekosten_AWN*D68/100*((1+$G$19)^(B68-$B$44)) -> 0 | Y68: =Energiekosten_fossil*D68/100*(1+$G$20)^(B68-$B$44) -> 273898.68 | Z68: =Stromkosten_WP*D68/100*((1+$G$21)^(B68-$B$44)) -> 0 | AA68: =Stromkosten_Hilfsenergie*D68/100*((1+$G$21)^(B68-$B$44)) -> 19401.157 | AB68: =($F$22*(1+$G$22)^(B68-B$44)+$F$23*(1+$G$23)^(B68-B$44))*(B68>=Eing_JahrBegWLief)*VLOOKUP(B68,E1_Projektdaten!$D$83:$I$87,6)/100 -> 303212.63 | AC68: =$F$24*(1+$G$24)^(B68-B$44)*(B68>=Eing_JahrBegWLief)*VLOOKUP(B68,E1_Projektdaten!$D$83:$I$87,6)/100 -> 562492.45 | AD68: =Eing_Kosten_Grundstück*(1+$G$25)^(B68-B$44)+Eing_Sonstige_Kosten*(1+$G$26)^(B68-B$44) -> 292038.97 | AG68: =SUM(AX68*Eing_Kreditzinssatz_1/100,BB68*Eing_Kreditzinssatz_2/100) -> 144230.77 | AH68: =IF(AF68,SUM(AF68:AG68),SUM(U68:AG68)) -> 3035810.6 | AI68: =SUM(AW68,BA68) -> 961538.46 | AJ68: =SUM(AH68,AI68) -> 3997349 | AK68: =SUM(-AJ68,T68) -> 1877532.8 | AL68: =AL67+AK68 -> 22945805 | AM68: =(E1_Projektdaten!$D$68*(1+Eing_allg_Teuerung/100)^(E1_Projektdaten!$I$68*ROUNDDOWN((AS68-1)/E1_Projektdaten!$I$68,0))/E1_Projektdaten!$I$68 +E1_Projektdaten!$D$69*(1+Eing_allg_Teuerung/100)^(E1_Projektdaten!$I$69*ROUNDDOWN((AS68-1)/E1_Projektdaten!$I$69,0))/E1_Projektdaten!$I$69 +E1_Projektdaten!$D$70*(1+Eing_allg_Teuerung/100)^(E1_Projektdaten!$I$70*ROUNDDOWN((AS68-1)/E1_Projektdaten!$I$69,0))/E1_Projektdaten!$I$70 +E1_Projektdaten!$D$71*(1+Eing_allg_Teuerung/100)^(E1_Projektdaten!$I$71*ROUNDDOWN((AS68-1)/E1_Projektdaten!$I$69,0))/E1_Projektdaten!$I$71 +E1_Projektdaten!$D$72*(1+Eing_allg_Teuerung/100)^(E1_Projektdaten!$I$72*ROUNDDOWN((AS68-1)/E1_Projektdaten!$I$69,0))/E1_Projektdaten!$I$72 +E1_Projektdaten!$D$74*(1+Eing_allg_Teuerung/100)^(E1_Projektdaten!$I$74*ROUNDDOWN((AS68-1)/E1_Projektdaten!$I$69,0))/E1_Projektdaten!$I$74 +E1_Projektdaten!$D$75*(1+Eing_allg_Teuerung/100)^(E1_Projektdaten!$I$75*ROUNDDOWN((AS68-1)/E1_Projektdaten!$I$75,0))/E1_Projektdaten!$I$75 +E1_Projektdaten!$D$76*(1+Eing_allg_Teuerung/100)^(E1_Projektdaten!$I$76*ROUNDDOWN((AS68-1)/E1_Projektdaten!$I$76,0))/E1_Projektdaten!$I$76 +E1_Projektdaten!$D$77*(1+Eing_allg_Teuerung/100)^(E1_Projektdaten!$I$77*ROUNDDOWN((AS68-1)/E1_Projektdaten!$I$77,0))/E1_Projektdaten!$I$77 +E1_Projektdaten!$D$78*(1+Eing_allg_Teuerung/100)^(E1_Projektdaten!$I$78*ROUNDDOWN((AS68-1)/E1_Projektdaten!$I$78,0))/E1_Projektdaten!$I$78 +E1_Projektdaten!$D$80*(1+Eing_allg_Teuerung/100)^(E1_Projektdaten!$I$80*ROUNDDOWN((AS68-1)/E1_Projektdaten!$I$69,0))/E1_Projektdaten!$I$80 )*((AS68)>0)*VLOOKUP(B68,E1_Projektdaten!$D$83:$I$87,6 )/100 -> 1338386 | AN68: =SUM(AH68,AM68) -> 4374196.6 | AO68: =SUM(T68,-AN68) -> 1500685.2 | AP68: =AP67+AO68 -> 20222715 | AQ68: {=IF(AS68-1<=0,0, (Eing_Kosten_Bau*(MOD((AS68-1),Eing_Nutzungsdauer_Bau)=0) +Eing_Invest_HolzAnlage*(MOD((AS68-1),Eing_Nutzungsdauer_Holz)=0) +Eing_Invest_WKKAnlage*(MOD((AS68-1),Eing_Nutzungsdauer_WKK)=0) +Eing_Invest_WPAnlage*(MOD((AS68-1),Eing_Nutzungsdauer_WP)=0) +Eing_Invest_SondenGrundwasser*(MOD((AS68-1),Eing_Nutzungsdauer_SondenGW)=0) +Eing_Invest_AWN*(MOD((AS68-1),Eing_Nutzungsdauer_AWN)=0) +Eing_Invest_Spitzenlast*(MOD((AS68-1),Eing_Nutzungsdauer_Spitzenlast)=0) +Eing_Invest_Installationen*(MOD((AS68-1),Eing_Nutzungsdauer_Installationen)=0) +Eing_Invest_Wärmenetz*(MOD((AS68-1),Eing_Nutzungsdauer_Netz)=0) +Eing_Invest_Messung*(MOD((AS68-1),Eing_Nutzungsdauer_Messung)=0))*(1+Eing_allg_Teuerung/100)^(AS68-1)) +(Gesamtinvestition-SUM(E1_Projektdaten!$D$79:$D$80))*SUMPRODUCT((E1_Projektdaten!$D$83:$D$87=B68)*E1_Projektdaten!$F$83:$F$87)/100-AM68 +AQ67} -> 16485748 | AR68: =-SUM(AX68,BB68) -> -4807692.3 | AS68: =MAX(B1_Berechnungen!B68-E1_Projektdaten!$D$23,0) -> 22 | AT68: =AT67-B1_Berechnungen!I68 -> 0 | AU68: =AU67-AV67+(Eing_Kredit_1*(B68=Eing_Kreditstartjahr_1)) -> 0 | AV68: =IF((SUM(H$44:H68)-SUM(I$44:I68))<=AU68,MAX((SUM(H$44:H68)-SUM(I$44:I68)),0),AU68) -> 0 | AW68: =IF(Eing_Kreditlaufzeit_1=0,0,(IF(Eing_Kreditlaufzeit_1<>0,(Eing_Kredit_1/(Eing_Kreditlaufzeit_1+Eing_Kreditstartjahr_1-Eing_StartAmortisation_Kredit1))*(Eing_Kreditlaufzeit_1>B68-Eing_Kreditstartjahr_1)*(B68>=Eing_StartAmortisation_Kredit1)))) -> 961538.46 | AX68: =AX67+AV68-AW68 -> 4807692.3 | AY68: =AY67-AZ67+(Eing_Kredit_2*(B68=Eing_Kreditstartjahr_2)) -> 0 | AZ68: =IF((SUM(H$44:H68)-SUM(I$44:I68)-AV68)<=AY68,MAX((SUM(H$44:H68)-SUM(I$44:I68)-AV68),0),AY68) -> 0 | BA68: =IF(Eing_Kreditlaufzeit_2=0,0,(IF(Eing_Kreditlaufzeit_2<>0,(Eing_Kredit_2/(Eing_Kreditlaufzeit_2+Eing_Kreditstartjahr_2-Eing_StartAmortisation_Kredit2))*(Eing_Kreditlaufzeit_2>B68-Eing_Kreditstartjahr_2)*(B68>=Eing_StartAmortisation_Kredit2)))) -> 0 | BB68: =BB67+AZ68-BA68 -> 0 | BC68: =SUM(-H68,AK68,AQ68) -> 18363280 | BD68: =SUM(-H68,AK68) -> 1877532.8

Sheet A1_Ergebnisse
A1: 600 | B1: QM Holzheizwerke - Wirtschaftlichkeitsmodell - Ergebnisse | H1: QM Holzheizwerke - Wirtschaftlichkeitsmodell - Ergebnisse
A3: 101a | C3: Eingabefeld | H3: Energie | J3: =D34 -> 2026 | K3: =E34 -> 2035 | L3: ="bis "&B1_Berechnungen!B68 -> bis 2048 | N3: 650
A4: 101k | B4: (exkl. MWST) | I4: Netzauslastung | J4: =_xlfn.XLOOKUP(J$3,B1_Berechnungen!$B$44:$B$68,B1_Berechnungen!$D$44:$D$68)/100 -> 0.29381131 | K4: =_xlfn.XLOOKUP(K$3,B1_Berechnungen!$B$44:$B$68,B1_Berechnungen!$D$44:$D$68)/100 -> 1.1966893 | N4: 533
I5: gelieferte Wärmemenge | J5: =_xlfn.XLOOKUP(J$3,B1_Berechnungen!$B$44:$B$68,B1_Berechnungen!$C$44:$C$68)*(100-Eing_Netzverluste)/100 -> 3791.5168 | K5: =_xlfn.XLOOKUP(K$3,B1_Berechnungen!$B$44:$B$68,B1_Berechnungen!$C$44:$C$68)*(100-Eing_Netzverluste)/100 -> 15442.794 | L5: =SUM(B1_Berechnungen!C44:C68)*((100-Eing_Netzverluste))/100 -> 322614.95 | M5: MWh/a | N5: 532
A6: 106 | B6: Projekt/Variante: | C6: =IF(E1_Projektdaten!C8=0,"",E1_Projektdaten!C8) -> QMH Beispielprojekt 3
C7: =IF(E1_Projektdaten!C9=0,"",E1_Projektdaten!C9) -> Wärmeverbund Holz-WKK | H7: Entwicklung Netzauslastung | N7: 655
C8: =IF(E1_Projektdaten!C10=0,"",E1_Projektdaten!C10)
A10: 107 | B10: Erfasst von: | C10: =IF(E1_Projektdaten!C12=0,"",E1_Projektdaten!C12) -> Datum, Erfasser:in
A12: 501 | B12: Warnungen: | C12: =IF(E1_Projektdaten!C14<>"",E1_Projektdaten!Y15,"") -> Es existieren Warnungen im Register 'E1_Projektdaten'!
A14: 110 | B14: Wärmemengen, Netz, Projektstart
A15: a | C15: Gesamter Wärmebezug der Abnehmer | D15: =max_verkaufteWM -> 17503 | E15: MWh/a
A16: b | C16: Netzverluste | D16: =Eing_Netzverluste -> 10 | E16: %
A18: g | C18: Jahr des Projektbeginns | D18: =Eing_Beginnjahr -> 2024
A19: h | C19: Jahr der Inbetriebnahme / erste Wärmelieferung | D19: =E1_Projektdaten!D23 -> 2026
A21: 610 | B21: Investitionskosten | J21: =D34 -> 2026 | K21: =E34 -> 2035 | L21: =B1_Berechnungen!B68 -> 2048
A22: 145a | C22: Baukosten Gebäude Umgebung | D22: =Eing_Kosten_Bau -> 5000000 | E22: CHF | J22: [CHF] | K22: [CHF] | L22: [CHF]
A23: 612 | C23: Wärmeerzeugung und Installationen | D23: =SUM(E1_Projektdaten!D69:D76) -> 9250000 | E23: CHF | H23: Bilanz | I23: Kreditstand | J23: =_xlfn.XLOOKUP(J$21,B1_Berechnungen!$B$44:$B$68,B1_Berechnungen!$AR$44:$AR$68) -> -28000000 | K23: =_xlfn.XLOOKUP(K$21,B1_Berechnungen!$B$44:$B$68,B1_Berechnungen!$AR$44:$AR$68) -> -17307692 | L23: =_xlfn.XLOOKUP(L$21,B1_Berechnungen!$B$44:$B$68,B1_Berechnungen!$AR$44:$AR$68) -> -4807692.3 | N23: 592
A24: 145j | C24: Wärmenetz inkl. Tiefbau | D24: =E1_Projektdaten!D77 -> 16000000 | E24: CHF | I24: Restwert der Anlage | J24: =_xlfn.XLOOKUP(J$21,B1_Berechnungen!$B$44:$B$68,B1_Berechnungen!$AQ$44:$AQ$68) -> 27585000 | K24: =_xlfn.XLOOKUP(K$21,B1_Berechnungen!$B$44:$B$68,B1_Berechnungen!$AQ$44:$AQ$68) -> 20202277 | L24: =_xlfn.XLOOKUP(L$21,B1_Berechnungen!$B$44:$B$68,B1_Berechnungen!$AQ$44:$AQ$68) -> 16485748 | N24: 591
A25: 613 | C25: Hausstationen, Wärmemessung, -übergabe | D25: =SUM(E1_Projektdaten!D78:D79) -> 2400000 | E25: CHF
A26: 145m | C26: Planung und Unvorhergesehenes | D26: =Eing_Kosten_Planung_QM -> 6000000 | E26: CHF | N26: 506
A27: 145 | C27: Gesamte Investitionskosten | D27: =Gesamtinvestition -> 38650000 | E27: CHF
A28: 615 | B28: Finanzierung
A29: 155 | C29: Eigenkapital | D29: =Eing_Eigenkapital -> 5000000 | E29: CHF
A30: 160 | C30: Kredite/Darlehen | D30: =B1_Berechnungen!F37 -> 28000000 | E30: CHF
A31: 165 | C31: Gesamtsumme Förderung | D31: =B1_Berechnungen!F34 -> 3000000 | E31: CHF
A32: 543 | C32: Total Anschlusbeiträge | D32: =B1_Berechnungen!F35 -> -8296200 | E32: CHF
A34: 620 | B34: Jahreskosten | D34: =D19 -> 2026 | E34: 2035 | F34: ="bis "&B1_Berechnungen!B68 -> bis 2048
D35: [CHF/a] | E35: [CHF/a] | F35: [CHF]
A36: 621 | B36: Aufwand | C36: Energiekosten | D36: =SUM(_xlfn.XLOOKUP(D34,B1_Berechnungen!$B$44:$B$68,B1_Berechnungen!$U$44:$U$68):_xlfn.XLOOKUP(D34,B1_Berechnungen!$B$44:$B$68,B1_Berechnungen!$AA$44:$AA$68)) -> 384055.11 | E36: =SUM(_xlfn.XLOOKUP(E34,B1_Berechnungen!$B$44:$B$68,B1_Berechnungen!$U$44:$U$68):_xlfn.XLOOKUP(E34,B1_Berechnungen!$B$44:$B$68,B1_Berechnungen!$AA$44:$AA$68)) -> 1710798.3 | F36: =SUM(B1_Berechnungen!U44:AA68) -> 36692841
A37: 622 | C37: Betrieb, Unterhalt , Sonstiges | D37: =SUM(_xlfn.XLOOKUP(D34,B1_Berechnungen!$B$44:$B$68,B1_Berechnungen!$AB$44:$AB$68):_xlfn.XLOOKUP(D34,B1_Berechnungen!$B$44:$B$68,B1_Berechnungen!$AE$44:$AE$68)) -> 860576.76 | E37: =SUM(_xlfn.XLOOKUP(E34,B1_Berechnungen!$B$44:$B$68,B1_Berechnungen!$AB$44:$AB$68):_xlfn.XLOOKUP(E34,B1_Berechnungen!$B$44:$B$68,B1_Berechnungen!$AE$44:$AE$68)) -> 1017266.4 | F37: =SUM(B1_Berechnungen!AB44:AE68) -> 24312181
A38: 623 | C38: Zinsen | D38: =_xlfn.XLOOKUP(D34,B1_Berechnungen!$B$44:$B$68,B1_Berechnungen!$AG$44:$AG$68) -> 900000 | E38: =_xlfn.XLOOKUP(E34,B1_Berechnungen!$B$44:$B$68,B1_Berechnungen!$AG$44:$AG$68) -> 519230.77 | F38: =SUM(B1_Berechnungen!AG44:AG68) -> 11555088
A39: 624 | C39: Total Aufwand | D39: =SUM(D36:D38) -> 2144631.9 | E39: =SUM(E36:E38) -> 3247295.5 | F39: =SUM(F36:F38) -> 72560110
A40: 625 | B40: Ertrag | C40: Wärme- und Energieverkauf | D40: =SUM(_xlfn.XLOOKUP(D$34,B1_Berechnungen!$B$44:$B$68,B1_Berechnungen!$N$44:$N$68):_xlfn.XLOOKUP(D$34,B1_Berechnungen!$B$44:$B$68,B1_Berechnungen!$P$44:$P$68)) -> 1178325.8 | E40: =SUM(_xlfn.XLOOKUP(E$34,B1_Berechnungen!$B$44:$B$68,B1_Berechnungen!$N$44:$N$68):_xlfn.XLOOKUP(E$34,B1_Berechnungen!$B$44:$B$68,B1_Berechnungen!$P$44:$P$68)) -> 5459520.6 | F40: =SUM(B1_Berechnungen!N44:P68) -> 1.1869822e+08
A41: 626 | C41: jährl. Fördergelder, Sonstiges | D41: =SUM(_xlfn.XLOOKUP(D$34,B1_Berechnungen!$B$44:$B$68,B1_Berechnungen!$Q$44:$Q$68):_xlfn.XLOOKUP(D$34,B1_Berechnungen!$B$44:$B$68,B1_Berechnungen!$S$44:$S$68)) -> 0 | E41: =SUM(_xlfn.XLOOKUP(E$34,B1_Berechnungen!$B$44:$B$68,B1_Berechnungen!$Q$44:$Q$68):_xlfn.XLOOKUP(E$34,B1_Berechnungen!$B$44:$B$68,B1_Berechnungen!$S$44:$S$68)) -> 0 | F41: =SUM(B1_Berechnungen!Q44:S68) -> 0
A42: 627 | C42: Total Ertrag | D42: =SUM(D40:D41) -> 1178325.8 | E42: =SUM(E40:E41) -> 5459520.6 | F42: =SUM(F40:F41) -> 1.1869822e+08 | H42: Bemerkungen | N42: 690
A44: 505

Sheet A2_Planerfolgsrechnung
A1: 700 | B1: QM Holzheizwerke - Wirtschaftlichkeitsmodell - Planerfolgsrechnung
A3: 101a | C3: Eingabefeld
A4: 101b | C4: Standardwert oder Berechnung (kann geändert werden)
A5: 101k | B5: (exkl. MWST)
A7: 106 | B7: Projekt/Variante: | C7: =IF(E1_Projektdaten!C8=0,"",E1_Projektdaten!C8) -> QMH Beispielprojekt 3
C8: =IF(E1_Projektdaten!C9=0,"",E1_Projektdaten!C9) -> Wärmeverbund Holz-WKK
C9: =IF(E1_Projektdaten!C10=0,"",E1_Projektdaten!C10)
A11: 107 | B11: Erfasst von: | C11: =IF(E1_Projektdaten!C12=0,"",E1_Projektdaten!C12) -> Datum, Erfasser:in
A13: 501 | B13: Warnungen: | C13: =IF(E1_Projektdaten!C14<>"",E1_Projektdaten!Y15,"") -> Es existieren Warnungen im Register 'E1_Projektdaten'!
A15: 531 | B15: Ertrag | E15: {=TRANSPOSE(B1_Berechnungen!B$44:B$68)} -> 2024 | F15: 2025 | G15: 2026 | H15: 2027 | I15: 2028 | J15: 2029 | K15: 2030 | L15: 2031 | M15: 2032 | N15: 2033 | O15: 2034 | P15: 2035 | Q15: 2036 | R15: 2037 | S15: 2038 | T15: 2039 | U15: 2040 | V15: 2041 | W15: 2042 | X15: 2043 | Y15: 2044 | Z15: 2045 | AA15: 2046 | AB15: 2047 | AC15: 2048
A16: 561 | C16: Wärmeverkauf (inkl. jährl. Grundpreis) | D16: [CHF] | E16: {=TRANSPOSE(B1_Berechnungen!N$44:N$68)} -> 0 | F16: 0 | G16: 881493.08 | H16: 2170633.9 | I16: 3008668.8 | J16: 3484958.4 | K16: 3735274.5 | L16: 3956896.6 | M16: 3992902.6 | N16: 4029284 | O16: 4052429.4 | P16: 4137260.2 | Q16: 4223041 | R16: 4247614.6 | S16: 4272435.6 | T16: 4297506.7 | U16: 4322830.2 | V16: 4348408.8 | W16: 4374244.9 | X16: 4400341.1 | Y16: 4426700 | Z16: 4453324.3 | AA16: 4480216.6 | AB16: 4507379.6 | AC16: 4534816
A17: 562 | C17: Stromeinspeisung | D17: [CHF] | E17: {=TRANSPOSE(B1_Berechnungen!O$44:O$68)} -> 0 | F17: 0 | G17: 152968.58 | H17: 374722.69 | I17: 516435.02 | J17: 594257.93 | K17: 633033.07 | L17: 666860.16 | M17: 669164.58 | N17: 671468.53 | O17: 671401.38 | P17: 681408.4 | Q17: 691413.41 | R17: 691344.27 | S17: 691275.14 | T17: 691206.01 | U17: 691136.89 | V17: 691067.78 | W17: 690998.67 | X17: 690929.57 | Y17: 690860.48 | Z17: 690791.39 | AA17: 690722.31 | AB17: 690653.24 | AC17: 690584.17
A18: 563 | C18: Pflanzenkohle | D18: [CHF] | E18: {=TRANSPOSE(B1_Berechnungen!P$44:P$68)} -> 0 | F18: 0 | G18: 143864.12 | H18: 352419.77 | I18: 485697.6 | J18: 558888.61 | K18: 595355.91 | L18: 627169.67 | M18: 629336.93 | N18: 631503.75 | O18: 631440.6 | P18: 640852.02 | Q18: 650261.55 | R18: 650196.52 | S18: 650131.5 | T18: 650066.49 | U18: 650001.48 | V18: 649936.48 | W18: 649871.49 | X18: 649806.5 | Y18: 649741.52 | Z18: 649676.55 | AA18: 649611.58 | AB18: 649546.62 | AC18: 649481.66
A19: 564 | C19: Förderung jährlich | D19: [CHF] | E19: {=TRANSPOSE(B1_Berechnungen!Q$44:Q$68)} -> 0 | F19: 0 | G19: 0 | H19: 0 | I19: 0 | J19: 0 | K19: 0 | L19: 0 | M19: 0 | N19: 0 | O19: 0 | P19: 0 | Q19: 0 | R19: 0 | S19: 0 | T19: 0 | U19: 0 | V19: 0 | W19: 0 | X19: 0 | Y19: 0 | Z19: 0 | AA19: 0 | AB19: 0 | AC19: 0
A20: 566 | C20: Zusätzlicher Ertrag | D20: [CHF] | E20: {=TRANSPOSE(B1_Berechnungen!R$44:R$68)} -> 0 | F20: 0 | G20: 0 | H20: 0 | I20: 0 | J20: 0 | K20: 0 | L20: 0 | M20: 0 | N20: 0 | O20: 0 | P20: 0 | Q20: 0 | R20: 0 | S20: 0 | T20: 0 | U20: 0 | V20: 0 | W20: 0 | X20: 0 | Y20: 0 | Z20: 0 | AA20: 0 | AB20: 0 | AC20: 0
A21: 569 | B21: Gesamtertrag | D21: [CHF] | E21: =SUM(E16:E20) -> 0 | F21: =SUM(F16:F20) -> 0 | G21: =SUM(G16:G20) -> 1178325.8 | H21: =SUM(H16:H20) -> 2897776.4 | I21: =SUM(I16:I20) -> 4010801.4 | J21: =SUM(J16:J20) -> 4638104.9 | K21: =SUM(K16:K20) -> 4963663.5 | L21: =SUM(L16:L20) -> 5250926.4 | ... AC21: =SUM(AC16:AC20) -> 5874881.8
B23: Aufwand | E23: {=TRANSPOSE(B1_Berechnungen!B$44:B$68)} -> 2024 | F23: 2025 | G23: 2026 | H23: 2027 | I23: 2028 | J23: 2029 | K23: 2030 | L23: 2031 | M23: 2032 | N23: 2033 | O23: 2034 | P23: 2035 | Q23: 2036 | R23: 2037 | S23: 2038 | T23: 2039 | U23: 2040 | V23: 2041 | W23: 2042 | X23: 2043 | Y23: 2044 | Z23: 2045 | AA23: 2046 | AB23: 2047 | AC23: 2048
A24: 571a | B24: Energie | C24: Holzschnitzel | D24: [CHF] | E24: {=TRANSPOSE(B1_Berechnungen!U$44:U$68)} -> 0 | F24: 0 | G24: 141816.63 | H24: 347404.09 | I24: 478785.1 | J24: 550934.45 | K24: 586882.75 | L24: 618243.72 | M24: 620380.14 | N24: 622516.12 | O24: 622453.87 | P24: 631731.35 | Q24: 641006.96 | R24: 640942.86 | S24: 640878.76 | T24: 640814.68 | U24: 640750.59 | V24: 640686.52 | W24: 640622.45 | X24: 640558.39 | Y24: 640494.33 | Z24: 640430.28 | AA24: 640366.24 | AB24: 640302.2 | AC24: 640238.17
A25: 571b | C25: WKK | D25: [CHF] | E25: {=TRANSPOSE(B1_Berechnungen!V$44:V$68)} -> 0 | F25: 0 | G25: 177270.79 | H25: 434255.11 | I25: 598481.38 | J25: 688668.06 | K25: 733603.43 | L25: 772804.65 | M25: 775475.17 | N25: 778145.15 | O25: 778067.34 | P25: 789664.18 | Q25: 801258.7 | R25: 801178.57 | S25: 801098.45 | T25: 801018.34 | U25: 800938.24 | V25: 800858.15 | W25: 800778.06 | X25: 800697.98 | Y25: 800617.91 | Z25: 800537.85 | AA25: 800457.8 | AB25: 800377.75 | AC25: 800297.72
A26: 571c | C26: Zusatzwärmeerzeuger | D26: [CHF] | E26: {=TRANSPOSE(B1_Berechnungen!W$44:W$68)} -> 0 | F26: 0 | G26: 0 | H26: 0 | I26: 0 | J26: 0 | K26: 0 | L26: 0 | M26: 0 | N26: 0 | O26: 0 | P26: 0 | Q26: 0 | R26: 0 | S26: 0 | T26: 0 | U26: 0 | V26: 0 | W26: 0 | X26: 0 | Y26: 0 | Z26: 0 | AA26: 0 | AB26: 0 | AC26: 0
A27: 571d | C27: Abwärmenutzung | D27: [CHF] | E27: {=TRANSPOSE(B1_Berechnungen!X$44:X$68)} -> 0 | F27: 0 | G27: 0 | H27: 0 | I27: 0 | J27: 0 | K27: 0 | L27: 0 | M27: 0 | N27: 0 | O27: 0 | P27: 0 | Q27: 0 | R27: 0 | S27: 0 | T27: 0 | U27: 0 | V27: 0 | W27: 0 | X27: 0 | Y27: 0 | Z27: 0 | AA27: 0 | AB27: 0 | AC27: 0
A28: 571e | C28: Brennstoff fossil | D28: [CHF] | E28: {=TRANSPOSE(B1_Berechnungen!Y$44:Y$68)} -> 0 | F28: 0 | G28: 60670.217 | H28: 148622.07 | I28: 204827.85 | J28: 235693.88 | K28: 251072.83 | L28: 264489.29 | M28: 265403.27 | N28: 266317.06 | O28: 266290.43 | P28: 270259.4 | Q28: 274227.58 | R28: 274200.15 | S28: 274172.73 | T28: 274145.32 | U28: 274117.9 | V28: 274090.49 | W28: 274063.08 | X28: 274035.67 | Y28: 274008.27 | Z28: 273980.87 | AA28: 273953.47 | AB28: 273926.08 | AC28: 273898.68
